Workbook
Name 令和4年度補正デジタル田園都市国家構想交付金_デジタル実装タイプTYPE1_01000: '【発出時非表示】プルダウンリスト（交付対象事業の名称）'!$B$2:$C$2
Name 令和4年度補正デジタル田園都市国家構想交付金_デジタル実装タイプTYPE1_01203: '【発出時非表示】プルダウンリスト（交付対象事業の名称）'!$B$3:$D$3
Name 令和4年度補正デジタル田園都市国家構想交付金_デジタル実装タイプTYPE1_01204: '【発出時非表示】プルダウンリスト（交付対象事業の名称）'!$B$4:$B$4
Name 令和4年度補正デジタル田園都市国家構想交付金_デジタル実装タイプTYPE1_01206: '【発出時非表示】プルダウンリスト（交付対象事業の名称）'!$B$5:$C$5
Name 令和4年度補正デジタル田園都市国家構想交付金_デジタル実装タイプTYPE1_01208: '【発出時非表示】プルダウンリスト（交付対象事業の名称）'!$B$6:$B$6
Name 令和4年度補正デジタル田園都市国家構想交付金_デジタル実装タイプTYPE1_01210: '【発出時非表示】プルダウンリスト（交付対象事業の名称）'!$B$7:$B$7
Name 令和4年度補正デジタル田園都市国家構想交付金_デジタル実装タイプTYPE1_01211: '【発出時非表示】プルダウンリスト（交付対象事業の名称）'!$B$8:$D$8
Name 令和4年度補正デジタル田園都市国家構想交付金_デジタル実装タイプTYPE1_01215: '【発出時非表示】プルダウンリスト（交付対象事業の名称）'!$B$9:$C$9
Name 令和4年度補正デジタル田園都市国家構想交付金_デジタル実装タイプTYPE1_01219: '【発出時非表示】プルダウンリスト（交付対象事業の名称）'!$B$10:$B$10
Name 令和4年度補正デジタル田園都市国家構想交付金_デジタル実装タイプTYPE1_01220: '【発出時非表示】プルダウンリスト（交付対象事業の名称）'!$B$11:$B$11
Name 令和4年度補正デジタル田園都市国家構想交付金_デジタル実装タイプTYPE1_01221: '【発出時非表示】プルダウンリスト（交付対象事業の名称）'!$B$12:$E$12
Name 令和4年度補正デジタル田園都市国家構想交付金_デジタル実装タイプTYPE1_01224: '【発出時非表示】プルダウンリスト（交付対象事業の名称）'!$B$13:$E$13
Name 令和4年度補正デジタル田園都市国家構想交付金_デジタル実装タイプTYPE1_01225: '【発出時非表示】プルダウンリスト（交付対象事業の名称）'!$B$14:$B$14
Name 令和4年度補正デジタル田園都市国家構想交付金_デジタル実装タイプTYPE1_01226: '【発出時非表示】プルダウンリスト（交付対象事業の名称）'!$B$15:$C$15
Name 令和4年度補正デジタル田園都市国家構想交付金_デジタル実装タイプTYPE1_01228: '【発出時非表示】プルダウンリスト（交付対象事業の名称）'!$B$16:$C$16
Name 令和4年度補正デジタル田園都市国家構想交付金_デジタル実装タイプTYPE1_01229: '【発出時非表示】プルダウンリスト（交付対象事業の名称）'!$B$17:$B$17
Name 令和4年度補正デジタル田園都市国家構想交付金_デジタル実装タイプTYPE1_01230: '【発出時非表示】プルダウンリスト（交付対象事業の名称）'!$B$18:$B$18
Name 令和4年度補正デジタル田園都市国家構想交付金_デジタル実装タイプTYPE1_01231: '【発出時非表示】プルダウンリスト（交付対象事業の名称）'!$B$19:$D$19
Name 令和4年度補正デジタル田園都市国家構想交付金_デジタル実装タイプTYPE1_01233: '【発出時非表示】プルダウンリスト（交付対象事業の名称）'!$B$20:$B$20
Name 令和4年度補正デジタル田園都市国家構想交付金_デジタル実装タイプTYPE1_01234: '【発出時非表示】プルダウンリスト（交付対象事業の名称）'!$B$21:$B$21
Name 令和4年度補正デジタル田園都市国家構想交付金_デジタル実装タイプTYPE1_01235: '【発出時非表示】プルダウンリスト（交付対象事業の名称）'!$B$22:$C$22
Name 令和4年度補正デジタル田園都市国家構想交付金_デジタル実装タイプTYPE1_01236: '【発出時非表示】プルダウンリスト（交付対象事業の名称）'!$B$23:$B$23
Name 令和4年度補正デジタル田園都市国家構想交付金_デジタル実装タイプTYPE1_01303: '【発出時非表示】プルダウンリスト（交付対象事業の名称）'!$B$24:$E$24
Name 令和4年度補正デジタル田園都市国家構想交付金_デジタル実装タイプTYPE1_01337: '【発出時非表示】プルダウンリスト（交付対象事業の名称）'!$B$25:$B$25
Name 令和4年度補正デジタル田園都市国家構想交付金_デジタル実装タイプTYPE1_01343: '【発出時非表示】プルダウンリスト（交付対象事業の名称）'!$B$26:$B$26
Name 令和4年度補正デジタル田園都市国家構想交付金_デジタル実装タイプTYPE1_01345: '【発出時非表示】プルダウンリスト（交付対象事業の名称）'!$B$27:$C$27
Name 令和4年度補正デジタル田園都市国家構想交付金_デジタル実装タイプTYPE1_01393: '【発出時非表示】プルダウンリスト（交付対象事業の名称）'!$B$28:$C$28
Name 令和4年度補正デジタル田園都市国家構想交付金_デジタル実装タイプTYPE1_01397: '【発出時非表示】プルダウンリスト（交付対象事業の名称）'!$B$29:$D$29
Name 令和4年度補正デジタル田園都市国家構想交付金_デジタル実装タイプTYPE1_01398: '【発出時非表示】プルダウンリスト（交付対象事業の名称）'!$B$30:$B$30
Name 令和4年度補正デジタル田園都市国家構想交付金_デジタル実装タイプTYPE1_01400: '【発出時非表示】プルダウンリスト（交付対象事業の名称）'!$B$31:$B$31
Name 令和4年度補正デジタル田園都市国家構想交付金_デジタル実装タイプTYPE1_01401: '【発出時非表示】プルダウンリスト（交付対象事業の名称）'!$B$32:$B$32
Name 令和4年度補正デジタル田園都市国家構想交付金_デジタル実装タイプTYPE1_01402: '【発出時非表示】プルダウンリスト（交付対象事業の名称）'!$B$33:$E$33
Name 令和4年度補正デジタル田園都市国家構想交付金_デジタル実装タイプTYPE1_01408: '【発出時非表示】プルダウンリスト（交付対象事業の名称）'!$B$34:$C$34
Name 令和4年度補正デジタル田園都市国家構想交付金_デジタル実装タイプTYPE1_01423: '【発出時非表示】プルダウンリスト（交付対象事業の名称）'!$B$35:$B$35
Name 令和4年度補正デジタル田園都市国家構想交付金_デジタル実装タイプTYPE1_01425: '【発出時非表示】プルダウンリスト（交付対象事業の名称）'!$B$36:$B$36
Name 令和4年度補正デジタル田園都市国家構想交付金_デジタル実装タイプTYPE1_01429: '【発出時非表示】プルダウンリスト（交付対象事業の名称）'!$B$37:$B$37
Name 令和4年度補正デジタル田園都市国家構想交付金_デジタル実装タイプTYPE1_01430: '【発出時非表示】プルダウンリスト（交付対象事業の名称）'!$B$38:$B$38
Name 令和4年度補正デジタル田園都市国家構想交付金_デジタル実装タイプTYPE1_01438: '【発出時非表示】プルダウンリスト（交付対象事業の名称）'!$B$39:$B$39
Name 令和4年度補正デジタル田園都市国家構想交付金_デジタル実装タイプTYPE1_01453: '【発出時非表示】プルダウンリスト（交付対象事業の名称）'!$B$40:$D$40
Name 令和4年度補正デジタル田園都市国家構想交付金_デジタル実装タイプTYPE1_01461: '【発出時非表示】プルダウンリスト（交付対象事業の名称）'!$B$41:$D$41
Name 令和4年度補正デジタル田園都市国家構想交付金_デジタル実装タイプTYPE1_01483: '【発出時非表示】プルダウンリスト（交付対象事業の名称）'!$B$42:$B$42
Name 令和4年度補正デジタル田園都市国家構想交付金_デジタル実装タイプTYPE1_01487: '【発出時非表示】プルダウンリスト（交付対象事業の名称）'!$B$43:$B$43
Name 令和4年度補正デジタル田園都市国家構想交付金_デジタル実装タイプTYPE1_01545: '【発出時非表示】プルダウンリスト（交付対象事業の名称）'!$B$44:$D$44
Name 令和4年度補正デジタル田園都市国家構想交付金_デジタル実装タイプTYPE1_01581: '【発出時非表示】プルダウンリスト（交付対象事業の名称）'!$B$45:$B$45
Name 令和4年度補正デジタル田園都市国家構想交付金_デジタル実装タイプTYPE1_01585: '【発出時非表示】プルダウンリスト（交付対象事業の名称）'!$B$46:$B$46
Name 令和4年度補正デジタル田園都市国家構想交付金_デジタル実装タイプTYPE1_01607: '【発出時非表示】プルダウンリスト（交付対象事業の名称）'!$B$47:$B$47
Name 令和4年度補正デジタル田園都市国家構想交付金_デジタル実装タイプTYPE1_01610: '【発出時非表示】プルダウンリスト（交付対象事業の名称）'!$B$48:$B$48
Name 令和4年度補正デジタル田園都市国家構想交付金_デジタル実装タイプTYPE1_01631: '【発出時非表示】プルダウンリスト（交付対象事業の名称）'!$B$49:$E$49
Name 令和4年度補正デジタル田園都市国家構想交付金_デジタル実装タイプTYPE1_01633: '【発出時非表示】プルダウンリスト（交付対象事業の名称）'!$B$50:$B$50
Name 令和4年度補正デジタル田園都市国家構想交付金_デジタル実装タイプTYPE1_01635: '【発出時非表示】プルダウンリスト（交付対象事業の名称）'!$B$51:$B$51
Name 令和4年度補正デジタル田園都市国家構想交付金_デジタル実装タイプTYPE1_01637: '【発出時非表示】プルダウンリスト（交付対象事業の名称）'!$B$52:$D$52
Name 令和4年度補正デジタル田園都市国家構想交付金_デジタル実装タイプTYPE1_01638: '【発出時非表示】プルダウンリスト（交付対象事業の名称）'!$B$53:$B$53
Name 令和4年度補正デジタル田園都市国家構想交付金_デジタル実装タイプTYPE1_01639: '【発出時非表示】プルダウンリスト（交付対象事業の名称）'!$B$54:$B$54
Name 令和4年度補正デジタル田園都市国家構想交付金_デジタル実装タイプTYPE1_01644: '【発出時非表示】プルダウンリスト（交付対象事業の名称）'!$B$55:$D$55
Name 令和4年度補正デジタル田園都市国家構想交付金_デジタル実装タイプTYPE1_01692: '【発出時非表示】プルダウンリスト（交付対象事業の名称）'!$B$56:$B$56
Name 令和4年度補正デジタル田園都市国家構想交付金_デジタル実装タイプTYPE1_01694: '【発出時非表示】プルダウンリスト（交付対象事業の名称）'!$B$57:$B$57
Name 令和4年度補正デジタル田園都市国家構想交付金_デジタル実装タイプTYPE1_02000: '【発出時非表示】プルダウンリスト（交付対象事業の名称）'!$B$58:$C$58
Name 令和4年度補正デジタル田園都市国家構想交付金_デジタル実装タイプTYPE1_02201: '【発出時非表示】プルダウンリスト（交付対象事業の名称）'!$B$59:$C$59
Name 令和4年度補正デジタル田園都市国家構想交付金_デジタル実装タイプTYPE1_02202: '【発出時非表示】プルダウンリスト（交付対象事業の名称）'!$B$60:$D$60
Name 令和4年度補正デジタル田園都市国家構想交付金_デジタル実装タイプTYPE1_02203: '【発出時非表示】プルダウンリスト（交付対象事業の名称）'!$B$61:$C$61

Sheet 【初めにお読みください】目次
C2: ご案内 | N2: ※発出時、列非表示
C4: 「0.基礎情報」のシートで「交付金予算年度」をご選択いただくと、ご入力いただく必要のある設問が、下記の目次に表示されます。
C5: 本シート以降の各シート内で記載されている説明文（セル入力時コメント含む）を確認の上、各設問についてご回答ください。
C6: なお、一部の設問には字数制限がございますので、セル選択時に表示されるメッセージに従い、規定字数以上でのご回答をお願いいたします。
C7: 「回答不要」となっている設問を除き、全ての設問への回答が終わりましたら、提出前チェック項目を確認し、全てにチェックを付けたうえで提出をお願いいたします。
C9: 凡例 | D9: ご対応事項
C10: 回答済み | D10: 適切にご回答いただいているため、対応不要です。
C11: 字数不足 | D11: 字数が不足しているため、追記をお願いいたします。
C12: 入力不備 | D12: 「いずれも該当しない」とそれ以外の選択肢が同時に選択されるなど、回答内容に不備があるため、ご確認をお願いいたします。
C13: 未回答 | D13: 回答漏れがあるため、回答をお願いいたします。
C14: 回答不要 | D14: 貴団体では、回答不要な設問となりますので、ご対応は不要です。
C15: ― | D15: 「0.基礎情報」のシートで「交付金予算年度」と「各KPIの名称」をご入力いただくと、上記のいずれかのステータスとなります。 ※設定していないKPI（例：KPIの設定個数が4個であればKPI⑤以降）については、「―」のステータスのままで問題ございません。
C18: 目次 | H18: 提出前チェック項目
C20: シート | D20: 項目 | E20: 設問 | F20: ステータス | I20: 目次に掲載されている設問について、全てのステータスが「回答済み」、「回答不要」、「―」のいずれかとなっている。
C21: 0. 基礎情報 | D21: （基礎情報） | F21: =IF(OR('0.基礎情報'!$P$6="",'0.基礎情報'!$H$8="",'0.基礎情報'!$H$9="",'0.基礎情報'!$T$9="",'0.基礎情報'!$AF$9="",'0.基礎情報'!$H$10="",'0.基礎情報'!$T$10="",'0.基礎情報'!$AS$10="",'0.基礎情報'!$H$12="",'0.基礎情報'!$H$13=""),"未回答","回答済み") -> 回答済み
D22: 1. 推進体制 | E22: 予定 | F22: =IF(OR('0.基礎情報'!$C$21="",'0.基礎情報'!$K$21="",'0.基礎情報'!$R$21=""),"未回答",IF(AND(OR('0.基礎情報'!$C$22="",'0.基礎情報'!$K$22="",'0.基礎情報'!$R$22=""),NOT(AND('0.基礎情報'!$C$22="",'0.基礎情報'!$K$22="",'0.基礎情報'!$R$22=""))),"未回答",IF(AND(OR('0.基礎情報'!$C$23="",'0.基礎情報'!$K$23="",'0.基礎情報'!$R$23=""),NOT(AND('0.基礎情報'!$C$23="",'0.基礎情報'!$K$23="",'0.基礎情報'!$R$23=""))),"未回答",IF(AND(OR('0.基礎情報'!$C$24="",'0.基礎情報'!$K$24="",'0.基礎情報'!$R$24=""),NOT(AND('0.基礎情報'!$C$24="",'0.基礎情報'!$K$24="",'0.基礎情報'!$R$24=""))),"未回答",IF(AND(OR('0.基礎情報'!$C$25="",'0.基礎情報'!$K$25="",'0.基礎情報'!$R$25=""),NOT(AND('0.基礎情報'!$C$25="",'0.基礎情報'!$K$25="",'0.基礎情報'!$R$25=""))),"未回答",IF(AND(OR('0.基礎情報'!$C$26="",'0.基礎情報'!$K$26="",'0.基礎情報'!$R$26=""),NOT(AND('0.基礎情報'!$C$26="",'0.基礎情報'!$K$26="",'0.基礎情報'!$R$26=""))),"未回答",IF(AND(OR('0.基礎情報'!$C$27="",'0.基礎情報'!$K$27="",'0.基礎情報'!$R$27=""),NOT(AND('0.基礎情報'!$C$27="",'0.基礎情報'!$K$27="",'0.基礎情報'!$R$27=""))),"未回答",IF(AND(OR('0.基礎情報'!$C$28="",'0.基礎情報'!$K$28="",'0.基礎情報'!$R$28=""),NOT(AND('0.基礎情報'!$C$28="",'0.基礎情報'!$K$28="",'0.基礎情報'!$R$28=""))),"未回答",IF(AND(OR('0.基礎情報'!$C$29="",'0.基礎情報'!$K$29="",'0.基礎情報'!$R$29=""),NOT(AND('0.基礎情報'!$C$29="",'0.基礎情報'!$K$29="",'0.基礎情報'!$R$29=""))),"未回答",IF(AND(OR('0.基礎情報'!$C$30="",'0.基礎情報'!$K$30="",'0.基礎情報'!$R$30=""),NOT(AND('0.基礎情報'!$C$30="",'0.基礎情報'!$K$30="",'0.基礎情報'!$R$30=""))),"未回答",IF(AND(OR('0.基礎情報'!$C$31="",'0.基礎情報'!$K$31="",'0.基礎情報'!$R$31=""),NOT(AND('0.基礎情報'!$C$31="",'0.基礎情報'!$K$31="",'0.基礎情報'!$R$31=""))),"未回答",IF(AND(OR('0.基礎情報'!$C$32="",'0.基礎情報'!$K$32="",'0.基礎情報'!$R$32=""),NOT(AND('0.基礎情報'!$C$32="",'0.基礎情報'!$K$32="",'0.基礎情報'!$R$32=""))),"未回答",IF(AND(OR('0.基礎情報'!$C$33="",'0.基礎情報'!$K$33="",'0.基礎情報'!$R$33=""),NOT(AND('0.基礎情報'!$C$33="",'0.基礎情報'!$K$33="",'0.基礎情報'!$R$33=""))),"未回答",IF(AND(OR('0.基礎情報'!$C$34="",'0.基礎情報'!$K$34="",'0.基礎情報'!$R$34=""),NOT(AND('0.基礎情報'!$C$34="",'0.基礎情報'!$K$34="",'0.基礎情報'!$R$34=""))),"未回答",IF(AND(OR('0.基礎情報'!$C$35="",'0.基礎情報'!$K$35="",'0.基礎情報'!$R$35=""),NOT(AND('0.基礎情報'!$C$35="",'0.基礎情報'!$K$35="",'0.基礎情報'!$R$35=""))),"未回答",IF(AND(OR('0.基礎情報'!$C$36="",'0.基礎情報'!$K$36="",'0.基礎情報'!$R$36=""),NOT(AND('0.基礎情報'!$C$36="",'0.基礎情報'!$K$36="",'0.基礎情報'!$R$36=""))),"未回答",IF(AND(OR('0.基礎情報'!$C$37="",'0.基礎情報'!$K$37="",'0.基礎情報'!$R$37=""),NOT(AND('0.基礎情報'!$C$37="",'0.基礎情報'!$K$37="",'0.基礎情報'!$R$37=""))),"未回答",IF(AND(OR('0.基礎情報'!$C$38="",'0.基礎情報'!$K$38="",'0.基礎情報'!$R$38=""),NOT(AND('0.基礎情報'!$C$38="",'0.基礎情報'!$K$38="",'0.基礎情報'!$R$38=""))),"未回答",IF(AND(OR('0.基礎情報'!$C$39="",'0.基礎情報'!$K$39="",'0.基礎情報'!$R$39=""),NOT(AND('0.基礎情報'!$C$39="",'0.基礎情報'!$K$39="",'0.基礎情報'!$R$39=""))),"未回答",IF(AND(OR('0.基礎情報'!$C$40="",'0.基礎情報'!$K$40="",'0.基礎情報'!$R$40=""),NOT(AND('0.基礎情報'!$C$40="",'0.基礎情報'!$K$40="",'0.基礎情報'!$R$40=""))),"未回答","回答済み")))))))))))))))))))) -> 回答済み | N22: TRUE
E23: 実績 | F23: =IF(OR('0.基礎情報'!$AB$21="",'0.基礎情報'!$AJ$21="",'0.基礎情報'!$AQ$21=""),"未回答",IF(AND(OR('0.基礎情報'!$AB$22="",'0.基礎情報'!$AJ$22="",'0.基礎情報'!$AQ$22=""),NOT(AND('0.基礎情報'!$AB$22="",'0.基礎情報'!$AJ$22="",'0.基礎情報'!$AQ$22=""))),"未回答",IF(AND(OR('0.基礎情報'!$AB$23="",'0.基礎情報'!$AJ$23="",'0.基礎情報'!$AQ$23=""),NOT(AND('0.基礎情報'!$AB$23="",'0.基礎情報'!$AJ$23="",'0.基礎情報'!$AQ$23=""))),"未回答",IF(AND(OR('0.基礎情報'!$AB$24="",'0.基礎情報'!$AJ$24="",'0.基礎情報'!$AQ$24=""),NOT(AND('0.基礎情報'!$AB$24="",'0.基礎情報'!$AJ$24="",'0.基礎情報'!$AQ$24=""))),"未回答",IF(AND(OR('0.基礎情報'!$AB$25="",'0.基礎情報'!$AJ$25="",'0.基礎情報'!$AQ$25=""),NOT(AND('0.基礎情報'!$AB$25="",'0.基礎情報'!$AJ$25="",'0.基礎情報'!$AQ$25=""))),"未回答",IF(AND(OR('0.基礎情報'!$AB$26="",'0.基礎情報'!$AJ$26="",'0.基礎情報'!$AQ$26=""),NOT(AND('0.基礎情報'!$AB$26="",'0.基礎情報'!$AJ$26="",'0.基礎情報'!$AQ$26=""))),"未回答",IF(AND(OR('0.基礎情報'!$AB$27="",'0.基礎情報'!$AJ$27="",'0.基礎情報'!$AQ$27=""),NOT(AND('0.基礎情報'!$AB$27="",'0.基礎情報'!$AJ$27="",'0.基礎情報'!$AQ$27=""))),"未回答",IF(AND(OR('0.基礎情報'!$AB$28="",'0.基礎情報'!$AJ$28="",'0.基礎情報'!$AQ$28=""),NOT(AND('0.基礎情報'!$AB$28="",'0.基礎情報'!$AJ$28="",'0.基礎情報'!$AQ$28=""))),"未回答",IF(AND(OR('0.基礎情報'!$AB$29="",'0.基礎情報'!$AJ$29="",'0.基礎情報'!$AQ$29=""),NOT(AND('0.基礎情報'!$AB$29="",'0.基礎情報'!$AJ$29="",'0.基礎情報'!$AQ$29=""))),"未回答",IF(AND(OR('0.基礎情報'!$AB$30="",'0.基礎情報'!$AJ$30="",'0.基礎情報'!$AQ$30=""),NOT(AND('0.基礎情報'!$AB$30="",'0.基礎情報'!$AJ$30="",'0.基礎情報'!$AQ$30=""))),"未回答",IF(AND(OR('0.基礎情報'!$AB$31="",'0.基礎情報'!$AJ$31="",'0.基礎情報'!$AQ$31=""),NOT(AND('0.基礎情報'!$AB$31="",'0.基礎情報'!$AJ$31="",'0.基礎情報'!$AQ$31=""))),"未回答",IF(AND(OR('0.基礎情報'!$AB$32="",'0.基礎情報'!$AJ$32="",'0.基礎情報'!$AQ$32=""),NOT(AND('0.基礎情報'!$AB$32="",'0.基礎情報'!$AJ$32="",'0.基礎情報'!$AQ$32=""))),"未回答",IF(AND(OR('0.基礎情報'!$AB$33="",'0.基礎情報'!$AJ$33="",'0.基礎情報'!$AQ$33=""),NOT(AND('0.基礎情報'!$AB$33="",'0.基礎情報'!$AJ$33="",'0.基礎情報'!$AQ$33=""))),"未回答",IF(AND(OR('0.基礎情報'!$AB$34="",'0.基礎情報'!$AJ$34="",'0.基礎情報'!$AQ$34=""),NOT(AND('0.基礎情報'!$AB$34="",'0.基礎情報'!$AJ$34="",'0.基礎情報'!$AQ$34=""))),"未回答",IF(AND(OR('0.基礎情報'!$AB$35="",'0.基礎情報'!$AJ$35="",'0.基礎情報'!$AQ$35=""),NOT(AND('0.基礎情報'!$AB$35="",'0.基礎情報'!$AJ$35="",'0.基礎情報'!$AQ$35=""))),"未回答",IF(AND(OR('0.基礎情報'!$AB$36="",'0.基礎情報'!$AJ$36="",'0.基礎情報'!$AQ$36=""),NOT(AND('0.基礎情報'!$AB$36="",'0.基礎情報'!$AJ$36="",'0.基礎情報'!$AQ$36=""))),"未回答",IF(AND(OR('0.基礎情報'!$AB$37="",'0.基礎情報'!$AJ$37="",'0.基礎情報'!$AQ$37=""),NOT(AND('0.基礎情報'!$AB$37="",'0.基礎情報'!$AJ$37="",'0.基礎情報'!$AQ$37=""))),"未回答",IF(AND(OR('0.基礎情報'!$AB$38="",'0.基礎情報'!$AJ$38="",'0.基礎情報'!$AQ$38=""),NOT(AND('0.基礎情報'!$AB$38="",'0.基礎情報'!$AJ$38="",'0.基礎情報'!$AQ$38=""))),"未回答",IF(AND(OR('0.基礎情報'!$AB$39="",'0.基礎情報'!$AJ$39="",'0.基礎情報'!$AQ$39=""),NOT(AND('0.基礎情報'!$AB$39="",'0.基礎情報'!$AJ$39="",'0.基礎情報'!$AQ$39=""))),"未回答",IF(AND(OR('0.基礎情報'!$AB$40="",'0.基礎情報'!$AJ$40="",'0.基礎情報'!$AQ$40=""),NOT(AND('0.基礎情報'!$AB$40="",'0.基礎情報'!$AJ$40="",'0.基礎情報'!$AQ$40=""))),"未回答","回答済み")))))))))))))))))))) -> 回答済み
D24: 2. 事業の収支 | E24: 予定 | F24: =IF('0.基礎情報'!$H$12='【発出時非表示】プルダウンリスト'!$B$6,IF(OR('0.基礎情報'!$C$50="",'0.基礎情報'!$R$50=""),"未回答",IF(AND(OR('0.基礎情報'!$C$51="",'0.基礎情報'!$R$51=""),NOT(AND('0.基礎情報'!$C$51="",'0.基礎情報'!$R$51=""))),"未回答",IF(AND(OR('0.基礎情報'!$C$52="",'0.基礎情報'!$R$52=""),NOT(AND('0.基礎情報'!$C$52="",'0.基礎情報'!$R$52=""))),"未回答",IF(AND(OR('0.基礎情報'!$C$53="",'0.基礎情報'!$R$53=""),NOT(AND('0.基礎情報'!$C$53="",'0.基礎情報'!$R$53=""))),"未回答",IF(AND(OR('0.基礎情報'!$C$54="",'0.基礎情報'!$R$54=""),NOT(AND('0.基礎情報'!$C$54="",'0.基礎情報'!$R$54=""))),"未回答",IF(AND(OR('0.基礎情報'!$C$55="",'0.基礎情報'!$R$55=""),NOT(AND('0.基礎情報'!$C$55="",'0.基礎情報'!$R$55=""))),"未回答",IF(AND(OR('0.基礎情報'!$C$56="",'0.基礎情報'!$R$56=""),NOT(AND('0.基礎情報'!$C$56="",'0.基礎情報'!$R$56=""))),"未回答",IF(AND(OR('0.基礎情報'!$C$57="",'0.基礎情報'!$R$57=""),NOT(AND('0.基礎情報'!$C$57="",'0.基礎情報'!$R$57=""))),"未回答",IF(AND(OR('0.基礎情報'!$C$58="",'0.基礎情報'!$R$58=""),NOT(AND('0.基礎情報'!$C$58="",'0.基礎情報'!$R$58=""))),"未回答",IF(AND(OR('0.基礎情報'!$C$59="",'0.基礎情報'!$R$59=""),NOT(AND('0.基礎情報'!$C$59="",'0.基礎情報'!$R$59=""))),"未回答",IF(AND(OR('0.基礎情報'!$C$60="",'0.基礎情報'!$R$60=""),NOT(AND('0.基礎情報'!$C$60="",'0.基礎情報'!$R$60=""))),"未回答",IF(AND(OR('0.基礎情報'!$C$61="",'0.基礎情報'!$R$61=""),NOT(AND('0.基礎情報'!$C$61="",'0.基礎情報'!$R$61=""))),"未回答",IF(AND(OR('0.基礎情報'!$C$62="",'0.基礎情報'!$R$62=""),NOT(AND('0.基礎情報'!$C$62="",'0.基礎情報'!$R$62=""))),"未回答",IF(AND(OR('0.基礎情報'!$C$63="",'0.基礎情報'!$R$63=""),NOT(AND('0.基礎情報'!$C$63="",'0.基礎情報'!$R$63=""))),"未回答",IF(AND(OR('0.基礎情報'!$C$64="",'0.基礎情報'!$R$64=""),NOT(AND('0.基礎情報'!$C$64="",'0.基礎情報'!$R$64=""))),"未回答",IF(AND(OR('0.基礎情報'!$C$65="",'0.基礎情報'!$R$65=""),NOT(AND('0.基礎情報'!$C$65="",'0.基礎情報'!$R$65=""))),"未回答",IF(AND(OR('0.基礎情報'!$C$66="",'0.基礎情報'!$R$66=""),NOT(AND('0.基礎情報'!$C$66="",'0.基礎情報'!$R$66=""))),"未回答",IF(AND(OR('0.基礎情報'!$C$67="",'0.基礎情報'!$R$67=""),NOT(AND('0.基礎情報'!$C$67="",'0.基礎情報'!$R$67=""))),"未回答",IF(AND(OR('0.基礎情報'!$C$68="",'0.基礎情報'!$R$68=""),NOT(AND('0.基礎情報'!$C$68="",'0.基礎情報'!$R$68=""))),"未回答",IF(AND(OR('0.基礎情報'!$C$69="",'0.基礎情報'!$R$69=""),NOT(AND('0.基礎情報'!$C$69="",'0.基礎情報'!$R$69=""))),"未回答","回答済み")))))))))))))))))))),IF(OR('0.基礎情報'!$C$50="",'0.基礎情報'!$R$50="",'0.基礎情報'!$C$72="",'0.基礎情報'!$R$72=""),"未回答",IF(AND(OR('0.基礎情報'!$C$51="",'0.基礎情報'!$R$51=""),NOT(AND('0.基礎情報'!$C$51="",'0.基礎情報'!$R$51=""))),"未回答",IF(AND(OR('0.基礎情報'!$C$52="",'0.基礎情報'!$R$52=""),NOT(AND('0.基礎情報'!$C$52="",'0.基礎情報'!$R$52=""))),"未回答",IF(AND(OR('0.基礎情報'!$C$53="",'0.基礎情報'!$R$53=""),NOT(AND('0.基礎情報'!$C$53="",'0.基礎情報'!$R$53=""))),"未回答",IF(AND(OR('0.基礎情報'!$C$54="",'0.基礎情報'!$R$54=""),NOT(AND('0.基礎情報'!$C$54="",'0.基礎情報'!$R$54=""))),"未回答",IF(AND(OR('0.基礎情報'!$C$55="",'0.基礎情報'!$R$55=""),NOT(AND('0.基礎情報'!$C$55="",'0.基礎情報'!$R$55=""))),"未回答",IF(AND(OR('0.基礎情報'!$C$56="",'0.基礎情報'!$R$56=""),NOT(AND('0.基礎情報'!$C$56="",'0.基礎情報'!$R$56=""))),"未回答",IF(AND(OR('0.基礎情報'!$C$57="",'0.基礎情報'!$R$57=""),NOT(AND('0.基礎情報'!$C$57="",'0.基礎情報'!$R$57=""))),"未回答",IF(AND(OR('0.基礎情報'!$C$58="",'0.基礎情報'!$R$58=""),NOT(AND('0.基礎情報'!$C$58="",'0.基礎情報'!$R$58=""))),"未回答",IF(AND(OR('0.基礎情報'!$C$59="",'0.基礎情報'!$R$59=""),NOT(AND('0.基礎情報'!$C$59="",'0.基礎情報'!$R$59=""))),"未回答",IF(AND(OR('0.基礎情報'!$C$60="",'0.基礎情報'!$R$60=""),NOT(AND('0.基礎情報'!$C$60="",'0.基礎情報'!$R$60=""))),"未回答",IF(AND(OR('0.基礎情報'!$C$61="",'0.基礎情報'!$R$61=""),NOT(AND('0.基礎情報'!$C$61="",'0.基礎情報'!$R$61=""))),"未回答",IF(AND(OR('0.基礎情報'!$C$62="",'0.基礎情報'!$R$62=""),NOT(AND('0.基礎情報'!$C$62="",'0.基礎情報'!$R$62=""))),"未回答",IF(AND(OR('0.基礎情報'!$C$63="",'0.基礎情報'!$R$63=""),NOT(AND('0.基礎情報'!$C$63="",'0.基礎情報'!$R$63=""))),"未回答",IF(AND(OR('0.基礎情報'!$C$64="",'0.基礎情報'!$R$64=""),NOT(AND('0.基礎情報'!$C$64="",'0.基礎情報'!$R$64=""))),"未回答",IF(AND(OR('0.基礎情報'!$C$65="",'0.基礎情報'!$R$65=""),NOT(AND('0.基礎情報'!$C$65="",'0.基礎情報'!$R$65=""))),"未回答",IF(AND(OR('0.基礎情報'!$C$66="",'0.基礎情報'!$R$66=""),NOT(AND('0.基礎情報'!$C$66="",'0.基礎情報'!$R$66=""))),"未回答",IF(AND(OR('0.基礎情報'!$C$67="",'0.基礎情報'!$R$67=""),NOT(AND('0.基礎情報'!$C$67="",'0.基礎情報'!$R$67=""))),"未回答",IF(AND(OR('0.基礎情報'!$C$68="",'0.基礎情報'!$R$68=""),NOT(AND('0.基礎情報'!$C$68="",'0.基礎情報'!$R$68=""))),"未回答",IF(AND(OR('0.基礎情報'!$C$69="",'0.基礎情報'!$R$69=""),NOT(AND('0.基礎情報'!$C$69="",'0.基礎情報'!$R$69=""))),"未回答",IF(AND(OR('0.基礎情報'!$C$73="",'0.基礎情報'!$R$73=""),NOT(AND('0.基礎情報'!$C$73="",'0.基礎情報'!$R$73=""))),"未回答",IF(AND(OR('0.基礎情報'!$C$74="",'0.基礎情報'!$R$74=""),NOT(AND('0.基礎情報'!$C$74="",'0.基礎情報'!$R$74=""))),"未回答",IF(AND(OR('0.基礎情報'!$C$75="",'0.基礎情報'!$R$75=""),NOT(AND('0.基礎情報'!$C$75="",'0.基礎情報'!$R$75=""))),"未回答",IF(AND(OR('0.基礎情報'!$C$76="",'0.基礎情報'!$R$76=""),NOT(AND('0.基礎情報'!$C$76="",'0.基礎情報'!$R$76=""))),"未回答",IF(AND(OR('0.基礎情報'!$C$77="",'0.基礎情報'!$R$77=""),NOT(AND('0.基礎情報'!$C$77="",'0.基礎情報'!$R$77=""))),"未回答",IF(AND(OR('0.基礎情報'!$C$78="",'0.基礎情報'!$R$78=""),NOT(AND('0.基礎情報'!$C$78="",'0.基礎情報'!$R$78=""))),"未回答",IF(AND(OR('0.基礎情報'!$C$79="",'0.基礎情報'!$R$79=""),NOT(AND('0.基礎情報'!$C$79="",'0.基礎情報'!$R$79=""))),"未回答",IF(AND(OR('0.基礎情報'!$C$80="",'0.基礎情報'!$R$80=""),NOT(AND('0.基礎情報'!$C$80="",'0.基礎情報'!$R$80=""))),"未回答",IF(AND(OR('0.基礎情報'!$C$81="",'0.基礎情報'!$R$81=""),NOT(AND('0.基礎情報'!$C$81="",'0.基礎情報'!$R$81=""))),"未回答",IF(AND(OR('0.基礎情報'!$C$82="",'0.基礎情報'!$R$82=""),NOT(AND('0.基礎情報'!$C$82="",'0.基礎情報'!$R$82=""))),"未回答",IF(AND(OR('0.基礎情報'!$C$83="",'0.基礎情報'!$R$83=""),NOT(AND('0.基礎情報'!$C$83="",'0.基礎情報'!$R$83=""))),"未回答",IF(AND(OR('0.基礎情報'!$C$84="",'0.基礎情報'!$R$84=""),NOT(AND('0.基礎情報'!$C$84="",'0.基礎情報'!$R$84=""))),"未回答",IF(AND(OR('0.基礎情報'!$C$85="",'0.基礎情報'!$R$85=""),NOT(AND('0.基礎情報'!$C$85="",'0.基礎情報'!$R$85=""))),"未回答",IF(AND(OR('0.基礎情報'!$C$86="",'0.基礎情報'!$R$86=""),NOT(AND('0.基礎情報'!$C$86="",'0.基礎情報'!$R$86=""))),"未回答",IF(AND(OR('0.基礎情報'!$C$87="",'0.基礎情報'!$R$87=""),NOT(AND('0.基礎情報'!$C$87="",'0.基礎情報'!$R$87=""))),"未回答",IF(AND(OR('0.基礎情報'!$C$88="",'0.基礎情報'!$R$88=""),NOT(AND('0.基礎情報'!$C$88="",'0.基礎情報'!$R$88=""))),"未回答",IF(AND(OR('0.基礎情報'!$C$89="",'0.基礎情報'!$R$89=""),NOT(AND('0.基礎情報'!$C$89="",'0.基礎情報'!$R$89=""))),"未回答",IF(AND(OR('0.基礎情報'!$C$90="",'0.基礎情報'!$R$90=""),NOT(AND('0.基礎情報'!$C$90="",'0.基礎情報'!$R$90=""))),"未回答",IF(AND(OR('0.基礎情報'!$C$91="",'0.基礎情報'!$R$91=""),NOT(AND('0.基礎情報'!$C$91="",'0.基礎情報'!$R$91=""))),"未回答","回答済み")))))))))))))))))))))))))))))))))))))))) -> 回答済み
E25: 実績 | F25: =IF(OR('0.基礎情報'!$AB$50="",'0.基礎情報'!$AQ$50="",'0.基礎情報'!$AB$72="",'0.基礎情報'!$AQ$72=""),"未回答",IF(AND(OR('0.基礎情報'!$AB$51="",'0.基礎情報'!$AQ$51=""),NOT(AND('0.基礎情報'!$AB$51="",'0.基礎情報'!$AQ$51=""))),"未回答",IF(AND(OR('0.基礎情報'!$AB$52="",'0.基礎情報'!$AQ$52=""),NOT(AND('0.基礎情報'!$AB$52="",'0.基礎情報'!$AQ$52=""))),"未回答",IF(AND(OR('0.基礎情報'!$AB$53="",'0.基礎情報'!$AQ$53=""),NOT(AND('0.基礎情報'!$AB$53="",'0.基礎情報'!$AQ$53=""))),"未回答",IF(AND(OR('0.基礎情報'!$AB$54="",'0.基礎情報'!$AQ$54=""),NOT(AND('0.基礎情報'!$AB$54="",'0.基礎情報'!$AQ$54=""))),"未回答",IF(AND(OR('0.基礎情報'!$AB$55="",'0.基礎情報'!$AQ$55=""),NOT(AND('0.基礎情報'!$AB$55="",'0.基礎情報'!$AQ$55=""))),"未回答",IF(AND(OR('0.基礎情報'!$AB$56="",'0.基礎情報'!$AQ$56=""),NOT(AND('0.基礎情報'!$AB$56="",'0.基礎情報'!$AQ$56=""))),"未回答",IF(AND(OR('0.基礎情報'!$AB$57="",'0.基礎情報'!$AQ$57=""),NOT(AND('0.基礎情報'!$AB$57="",'0.基礎情報'!$AQ$57=""))),"未回答",IF(AND(OR('0.基礎情報'!$AB$58="",'0.基礎情報'!$AQ$58=""),NOT(AND('0.基礎情報'!$AB$58="",'0.基礎情報'!$AQ$58=""))),"未回答",IF(AND(OR('0.基礎情報'!$AB$59="",'0.基礎情報'!$AQ$59=""),NOT(AND('0.基礎情報'!$AB$59="",'0.基礎情報'!$AQ$59=""))),"未回答",IF(AND(OR('0.基礎情報'!$AB$60="",'0.基礎情報'!$AQ$60=""),NOT(AND('0.基礎情報'!$AB$60="",'0.基礎情報'!$AQ$60=""))),"未回答",IF(AND(OR('0.基礎情報'!$AB$61="",'0.基礎情報'!$AQ$61=""),NOT(AND('0.基礎情報'!$AB$61="",'0.基礎情報'!$AQ$61=""))),"未回答",IF(AND(OR('0.基礎情報'!$AB$62="",'0.基礎情報'!$AQ$62=""),NOT(AND('0.基礎情報'!$AB$62="",'0.基礎情報'!$AQ$62=""))),"未回答",IF(AND(OR('0.基礎情報'!$AB$63="",'0.基礎情報'!$AQ$63=""),NOT(AND('0.基礎情報'!$AB$63="",'0.基礎情報'!$AQ$63=""))),"未回答",IF(AND(OR('0.基礎情報'!$AB$64="",'0.基礎情報'!$AQ$64=""),NOT(AND('0.基礎情報'!$AB$64="",'0.基礎情報'!$AQ$64=""))),"未回答",IF(AND(OR('0.基礎情報'!$AB$65="",'0.基礎情報'!$AQ$65=""),NOT(AND('0.基礎情報'!$AB$65="",'0.基礎情報'!$AQ$65=""))),"未回答",IF(AND(OR('0.基礎情報'!$AB$66="",'0.基礎情報'!$AQ$66=""),NOT(AND('0.基礎情報'!$AB$66="",'0.基礎情報'!$AQ$66=""))),"未回答",IF(AND(OR('0.基礎情報'!$AB$67="",'0.基礎情報'!$AQ$67=""),NOT(AND('0.基礎情報'!$AB$67="",'0.基礎情報'!$AQ$67=""))),"未回答",IF(AND(OR('0.基礎情報'!$AB$68="",'0.基礎情報'!$AQ$68=""),NOT(AND('0.基礎情報'!$AB$68="",'0.基礎情報'!$AQ$68=""))),"未回答",IF(AND(OR('0.基礎情報'!$AB$69="",'0.基礎情報'!$AQ$69=""),NOT(AND('0.基礎情報'!$AB$69="",'0.基礎情報'!$AQ$69=""))),"未回答",IF(AND(OR('0.基礎情報'!$AB$73="",'0.基礎情報'!$AQ$73=""),NOT(AND('0.基礎情報'!$AB$73="",'0.基礎情報'!$AQ$73=""))),"未回答",IF(AND(OR('0.基礎情報'!$AB$74="",'0.基礎情報'!$AQ$74=""),NOT(AND('0.基礎情報'!$AB$74="",'0.基礎情報'!$AQ$74=""))),"未回答",IF(AND(OR('0.基礎情報'!$AB$75="",'0.基礎情報'!$AQ$75=""),NOT(AND('0.基礎情報'!$AB$75="",'0.基礎情報'!$AQ$75=""))),"未回答",IF(AND(OR('0.基礎情報'!$AB$76="",'0.基礎情報'!$AQ$76=""),NOT(AND('0.基礎情報'!$AB$76="",'0.基礎情報'!$AQ$76=""))),"未回答",IF(AND(OR('0.基礎情報'!$AB$77="",'0.基礎情報'!$AQ$77=""),NOT(AND('0.基礎情報'!$AB$77="",'0.基礎情報'!$AQ$77=""))),"未回答",IF(AND(OR('0.基礎情報'!$AB$78="",'0.基礎情報'!$AQ$78=""),NOT(AND('0.基礎情報'!$AB$78="",'0.基礎情報'!$AQ$78=""))),"未回答",IF(AND(OR('0.基礎情報'!$AB$79="",'0.基礎情報'!$AQ$79=""),NOT(AND('0.基礎情報'!$AB$79="",'0.基礎情報'!$AQ$79=""))),"未回答",IF(AND(OR('0.基礎情報'!$AB$80="",'0.基礎情報'!$AQ$80=""),NOT(AND('0.基礎情報'!$AB$80="",'0.基礎情報'!$AQ$80=""))),"未回答",IF(AND(OR('0.基礎情報'!$AB$81="",'0.基礎情報'!$AQ$81=""),NOT(AND('0.基礎情報'!$AB$81="",'0.基礎情報'!$AQ$81=""))),"未回答",IF(AND(OR('0.基礎情報'!$AB$82="",'0.基礎情報'!$AQ$82=""),NOT(AND('0.基礎情報'!$AB$82="",'0.基礎情報'!$AQ$82=""))),"未回答",IF(AND(OR('0.基礎情報'!$AB$83="",'0.基礎情報'!$AQ$83=""),NOT(AND('0.基礎情報'!$AB$83="",'0.基礎情報'!$AQ$83=""))),"未回答",IF(AND(OR('0.基礎情報'!$AB$84="",'0.基礎情報'!$AQ$84=""),NOT(AND('0.基礎情報'!$AB$84="",'0.基礎情報'!$AQ$84=""))),"未回答",IF(AND(OR('0.基礎情報'!$AB$85="",'0.基礎情報'!$AQ$85=""),NOT(AND('0.基礎情報'!$AB$85="",'0.基礎情報'!$AQ$85=""))),"未回答",IF(AND(OR('0.基礎情報'!$AB$86="",'0.基礎情報'!$AQ$86=""),NOT(AND('0.基礎情報'!$AB$86="",'0.基礎情報'!$AQ$86=""))),"未回答",IF(AND(OR('0.基礎情報'!$AB$87="",'0.基礎情報'!$AQ$87=""),NOT(AND('0.基礎情報'!$AB$87="",'0.基礎情報'!$AQ$87=""))),"未回答",IF(AND(OR('0.基礎情報'!$AB$88="",'0.基礎情報'!$AQ$88=""),NOT(AND('0.基礎情報'!$AB$88="",'0.基礎情報'!$AQ$88=""))),"未回答",IF(AND(OR('0.基礎情報'!$AB$89="",'0.基礎情報'!$AQ$89=""),NOT(AND('0.基礎情報'!$AB$89="",'0.基礎情報'!$AQ$89=""))),"未回答",IF(AND(OR('0.基礎情報'!$AB$90="",'0.基礎情報'!$AQ$90=""),NOT(AND('0.基礎情報'!$AB$90="",'0.基礎情報'!$AQ$90=""))),"未回答",IF(AND(OR('0.基礎情報'!$AB$91="",'0.基礎情報'!$AQ$91=""),NOT(AND('0.基礎情報'!$AB$91="",'0.基礎情報'!$AQ$91=""))),"未回答","回答済み"))))))))))))))))))))))))))))))))))))))) -> 回答済み | I25: 「0. 基礎情報」シートの「3. 事業のKPI」にて、KPI達成/未達成/未計測の理由や今後の取組について、記入例や記載方法を十分に読んだうえで、問われていることに対して、適切に回答した。
D26: 3. 事業のKPI | E26: KPI① | F26: ='0.基礎情報'!$BI$169 -> 回答済み
E27: KPI② | F27: ='0.基礎情報'!$BI$217 -> 回答済み | N27: TRUE
E28: KPI③ | F28: ='0.基礎情報'!$BI$265 -> 回答済み
E29: KPI④ | F29: ='0.基礎情報'!$BI$313 -> 回答済み
E30: KPI⑤ | F30: ='0.基礎情報'!$BI$361 -> 回答済み
E31: KPI⑥ | F31: ='0.基礎情報'!$BI$409 -> ― | I31: 上記を含む、全ての回答内容について、責任者が確認を行い、事業実施団体からの回答として、適切な内容になっていることを確認した。
E32: KPI⑦ | F32: ='0.基礎情報'!$BI$457 -> ―
E33: KPI⑧ | F33: ='0.基礎情報'!$BI$505 -> ― | N33: TRUE
E34: KPI⑨ | F34: ='0.基礎情報'!$BI$553 -> ―
E35: KPI⑩ | F35: ='0.基礎情報'!$BI$601 -> ―
E36: KPI⑪ | F36: ='0.基礎情報'!$BI$649 -> ―
E37: KPI⑫ | F37: ='0.基礎情報'!$BI$697 -> ―
E38: KPI⑬ | F38: ='0.基礎情報'!$BI$745 -> ―
E39: KPI⑭ | F39: ='0.基礎情報'!$BI$793 -> ―
E40: KPI⑮ | F40: ='0.基礎情報'!$BI$841 -> ―
C41: 1.推進体制 | D41: ①継続運営可能な庁内推進体制 | E41: 1 | F41: =IF('1.推進体制'!$AE$8="未回答","未回答","回答済み") -> 回答済み
E42: 2 | F42: =IF('1.推進体制'!$AE$15="未回答","未回答","回答済み") -> 回答済み
E43: 3 | F43: =IF(OR('1.推進体制'!$AE$23="未回答",'1.推進体制'!$AE$26="未回答"),"未回答","回答済み") -> 回答済み
E44: 4 | F44: =IF('1.推進体制'!$AE$30="未回答","未回答",IF('1.推進体制'!$AE$30="入力不備","入力不備","回答済み")) -> 回答済み
E45: 5 | F45: =IF('1.推進体制'!$AE$35="未回答","未回答","回答済み") -> 回答済み
E46: 6 | F46: =IF('1.推進体制'!$AE$39="未回答","未回答","回答済み") -> 回答済み
D47: ②継続運営可能な庁外推進体制 | E47: 7 | F47: =IF('1.推進体制'!$AE$47="未回答","未回答",IF('1.推進体制'!$AE$47="入力不備","入力不備","回答済み")) -> 回答済み
E48: 8 | F48: =IF('1.推進体制'!$AE$52="未回答","未回答","回答済み") -> 回答済み
E49: 9 | F49: =IF('1.推進体制'!$AE$56="未回答","未回答","回答済み") -> 回答済み
D50: ③推進体制の工夫や改善点 | E50: 10 | F50: =IF('1.推進体制'!$AE$70="未回答","未回答",IF(COUNTIF('1.推進体制'!$AE$70,"*不足*"),"字数不足","回答済み")) -> 回答済み
E51: 11 | F51: =IF(OR('1.推進体制'!$AE$78="未回答",'1.推進体制'!$AE$86="未回答"),"未回答",IF('1.推進体制'!$AE$78="入力不備","入力不備","回答済み")) -> 回答済み
E52: 12 | F52: =IF('1.推進体制'!$AE$97="未回答","未回答",IF(COUNTIF('1.推進体制'!$AE$97,"*不足*"),"字数不足","回答済み")) -> 回答済み
C53: 2-1.サービス実装 | D53: ①ニーズの把握 | E53: 1 | F53: =IF('0.基礎情報'!$H$12="","―",IF('0.基礎情報'!$H$12<>'【発出時非表示】プルダウンリスト'!$B$6,"回答不要",IF('2-1.サービス実装'!$AE$6="未回答","未回答","回答済み"))) -> 回答済み
E54: 2 | F54: =IF('0.基礎情報'!$H$12="","―",IF('0.基礎情報'!$H$12<>'【発出時非表示】プルダウンリスト'!$B$6,"回答不要",IF('2-1.サービス実装'!$AE$13="未回答","未回答","回答済み"))) -> 回答済み
D55: ②サービスの調達 | E55: 3 | F55: =IF('0.基礎情報'!$H$12="","―",IF('0.基礎情報'!$H$12<>'【発出時非表示】プルダウンリスト'!$B$6,"回答不要",IF('2-1.サービス実装'!$AE$22="未回答","未回答","回答済み"))) -> 回答済み
E56: 4 | F56: =IF('0.基礎情報'!$H$12="","―",IF('0.基礎情報'!$H$12<>'【発出時非表示】プルダウンリスト'!$B$6,"回答不要",IF('2-1.サービス実装'!$AE$26="未回答","未回答",IF('2-1.サービス実装'!$AE$26="―","回答不要","回答済み")))) -> 回答済み
E57: 5-1 | F57: =IF('0.基礎情報'!$H$12="","―",IF('0.基礎情報'!$H$12<>'【発出時非表示】プルダウンリスト'!$B$6,"回答不要",IF('2-1.サービス実装'!$AE$34="未回答","未回答",IF('2-1.サービス実装'!$AE$34="―","回答不要","回答済み")))) -> 回答済み
E58: 5-2 | F58: =IF('0.基礎情報'!$H$12="","―",IF('0.基礎情報'!$H$12<>'【発出時非表示】プルダウンリスト'!$B$6,"回答不要",IF(OR('2-1.サービス実装'!$AE$40="未回答",'2-1.サービス実装'!$AE$46="未回答"),"未回答",IF('2-1.サービス実装'!$AE$40="―","回答不要","回答済み")))) -> 回答済み
E59: 6-1 | F59: =IF('0.基礎情報'!$H$12="","―",IF('0.基礎情報'!$H$12<>'【発出時非表示】プルダウンリスト'!$B$6,"回答不要",IF(OR('2-1.サービス実装'!$AE$52="未回答",'2-1.サービス実装'!$AE$54="未回答"),"未回答",IF('2-1.サービス実装'!$AE$52="―","回答不要","回答済み")))) -> 回答済み
E60: 6-2 | F60: =IF('0.基礎情報'!$H$12="","―",IF('0.基礎情報'!$H$12<>'【発出時非表示】プルダウンリスト'!$B$6,"回答不要",IF('2-1.サービス実装'!$AE$60="未回答","未回答",IF('2-1.サービス実装'!$AE$60="―","回答不要","回答済み")))) -> 回答不要
E61: 6-3 | F61: =IF('0.基礎情報'!$H$12="","―",IF('0.基礎情報'!$H$12<>'【発出時非表示】プルダウンリスト'!$B$6,"回答不要",IF('2-1.サービス実装'!$AE$66="未回答","未回答",IF('2-1.サービス実装'!$AE$66="―","回答不要","回答済み")))) -> 回答不要
E62: 6-4 | F62: =IF('0.基礎情報'!$H$12="","―",IF('0.基礎情報'!$H$12<>'【発出時非表示】プルダウンリスト'!$B$6,"回答不要",IF('2-1.サービス実装'!$AE$76="未回答","未回答",IF('2-1.サービス実装'!$AE$76="―","回答不要","回答済み")))) -> 回答済み
E63: 6-5 | F63: =IF('0.基礎情報'!$H$12="","―",IF('0.基礎情報'!$H$12<>'【発出時非表示】プルダウンリスト'!$B$6,"回答不要",IF('2-1.サービス実装'!$AE$81="未回答","未回答",IF('2-1.サービス実装'!$AE$81="―","回答不要","回答済み")))) -> 回答済み
D64: ③サービスの導入 | E64: 7-1 | F64: =IF('0.基礎情報'!$H$12="","―",IF('0.基礎情報'!$H$12<>'【発出時非表示】プルダウンリスト'!$B$6,"回答不要",IF('2-1.サービス実装'!$AE$85="未回答","未回答","回答済み"))) -> 回答済み
E65: 8-1 | F65: =IF('0.基礎情報'!$H$12="","―",IF('0.基礎情報'!$H$12<>'【発出時非表示】プルダウンリスト'!$B$6,"回答不要",IF('2-1.サービス実装'!$AE$92="未回答","未回答","回答済み"))) -> 回答済み
E66: 8-2 | F66: =IF('0.基礎情報'!$H$12="","―",IF('0.基礎情報'!$H$12<>'【発出時非表示】プルダウンリスト'!$B$6,"回答不要",IF(OR('2-1.サービス実装'!$AE$98="未回答",'2-1.サービス実装'!$AE$107="未回答"),"未回答","回答済み"))) -> 回答済み
E67: 8-3 | F67: =IF('0.基礎情報'!$H$12="","―",IF('0.基礎情報'!$H$12<>'【発出時非表示】プルダウンリスト'!$B$6,"回答不要",IF(OR('2-1.サービス実装'!$AE$111="未回答",'2-1.サービス実装'!$AE$112="未回答"),"未回答","回答済み"))) -> 回答済み
D68: ④導入サービス構築の工夫や改善点 | E68: 9 | F68: =IF('0.基礎情報'!$H$12="","―",IF('0.基礎情報'!$H$12<>'【発出時非表示】プルダウンリスト'!$B$6,"回答不要",IF('2-1.サービス実装'!$AE$122="未回答","未回答",IF(COUNTIF('2-1.サービス実装'!$AE$122,"*不足*"),"字数不足","回答済み")))) -> 回答済み
E69: 10 | F69: =IF('0.基礎情報'!$H$12="","―",IF('0.基礎情報'!$H$12<>'【発出時非表示】プルダウンリスト'!$B$6,"回答不要",IF(OR('2-1.サービス実装'!$AE$130="未回答",'2-1.サービス実装'!$AE$137="未回答"),"未回答",IF('2-1.サービス実装'!$AE$130="入力不備","入力不備","回答済み")))) -> 回答済み
E70: 11 | F70: =IF('0.基礎情報'!$H$12="","―",IF('0.基礎情報'!$H$12<>'【発出時非表示】プルダウンリスト'!$B$6,"回答不要",IF('2-1.サービス実装'!$AE$149="未回答","未回答",IF(COUNTIF('2-1.サービス実装'!$AE$149,"*不足*"),"字数不足","回答済み")))) -> 回答済み
C71: 2-2.サービス運用 | D71: ①利用者等からの意見収集 | E71: 1 | F71: =IF('2-2.サービス運用'!$AE$6="未回答","未回答","回答済み") -> 回答済み
E72: 2 | F72: =IF('2-2.サービス運用'!$AE$14="未回答","未回答","回答済み") -> 回答済み
E73: 3 | F73: =IF('2-2.サービス運用'!$AE$22="未回答","未回答","回答済み") -> 回答済み
D74: ②サービス運用の工夫や改善点 | E74: 4 | F74: =IF('2-2.サービス運用'!$AE$31="未回答","未回答","回答済み") -> 回答済み
E75: 5 | F75: =IF('2-2.サービス運用'!$AE$44="未回答","未回答",IF(COUNTIF('2-2.サービス運用'!$AE$44,"*不足*"),"字数不足","回答済み")) -> 回答済み
E76: 6 | F76: =IF(OR('2-2.サービス運用'!$AE$52="未回答",'2-2.サービス運用'!$AE$59="未回答"),"未回答",IF('2-2.サービス運用'!$AE$52="入力不備","入力不備","回答済み")) -> 回答済み
E77: 7 | F77: =IF('2-2.サービス運用'!$AE$70="未回答","未回答",IF(COUNTIF('2-2.サービス運用'!$AE$70,"*不足*"),"字数不足","回答済み")) -> 回答済み
C78: 3.周知・広報 | D78: ①情報発信の方法 | E78: 1 | F78: =IF('3.周知・広報'!$AE$7="未回答","未回答","回答済み") -> 回答済み
E79: 2 | F79: =IF(OR('3.周知・広報'!$AE$15="未回答",'3.周知・広報'!$AE$18="未回答"),"未回答",IF('3.周知・広報'!$AE$15="入力不備","入力不備","回答済み")) -> 回答済み
E80: 3-1 | F80: =IF(OR('3.周知・広報'!$AE$23="未回答",'3.周知・広報'!$AE$30="未回答"),"未回答",IF('3.周知・広報'!$AE$23="入力不備","入力不備","回答済み")) -> 回答済み
E81: 3-2 | F81: =IF('3.周知・広報'!$AE$34="未回答","未回答","回答済み") -> 回答済み
D82: ②周知・広報活動の工夫や改善点 | E82: 4 | F82: =IF('3.周知・広報'!$AE$51="未回答","未回答",IF(COUNTIF('3.周知・広報'!$AE$51,"*不足*"),"字数不足","回答済み")) -> 回答済み
E83: 5 | F83: =IF(OR('3.周知・広報'!$AE$59="未回答",'3.周知・広報'!$AE$65="未回答"),"未回答",IF('3.周知・広報'!$AE$59="入力不備","入力不備","回答済み")) -> 回答済み
E84: 6 | F84: =IF('3.周知・広報'!$AE$78="未回答","未回答",IF(COUNTIF('3.周知・広報'!$AE$78,"*不足*"),"字数不足","回答済み")) -> 回答済み
C85: 4.評価・改善 | D85: ①事業の評価 | E85: 1 | F85: =IF(OR('4.評価・改善'!$AE$7="未回答",'4.評価・改善'!$AE$11="未回答"),"未回答",IF('4.評価・改善'!$AE$7="入力不備","入力不備","回答済み")) -> 回答済み
E86: 2-a | F86: =IF('4.評価・改善'!$AE$19="未回答","未回答","回答済み") -> 回答済み
E87: 2-b | F87: =IF('4.評価・改善'!$AE$20="未回答","未回答","回答済み") -> 回答済み
E88: 2-c | F88: =IF('4.評価・改善'!$AE$21="未回答","未回答","回答済み") -> 回答済み
E89: 2-d | F89: =IF('4.評価・改善'!$AE$22="未回答","未回答","回答済み") -> 回答済み
E90: 2-e | F90: =IF('4.評価・改善'!$AE$23="未回答","未回答","回答済み") -> 回答済み
D91: ②事業の改善 | E91: 3 | F91: =IF('4.評価・改善'!$AE$27="未回答","未回答","回答済み") -> 回答済み
E92: 4-a | F92: =IF('0.基礎情報'!$H$12="","―",IF('4.評価・改善'!$AE$37="―","回答不要",IF('4.評価・改善'!$AE$37="未回答","未回答","回答済み"))) -> 回答済み
E93: 4-b | F93: =IF('0.基礎情報'!$H$12="","―",IF('4.評価・改善'!$AE$38="―","回答不要",IF('4.評価・改善'!$AE$38="未回答","未回答","回答済み"))) -> 回答済み
E94: 4-c | F94: =IF('0.基礎情報'!$H$12="","―",IF('4.評価・改善'!$AE$39="―","回答不要",IF('4.評価・改善'!$AE$39="未回答","未回答","回答済み"))) -> 回答済み
D95: ③評価・改善活動の工夫や改善点 | E95: 5 | F95: =IF('4.評価・改善'!$AE$48="未回答","未回答",IF(COUNTIF('4.評価・改善'!$AE$48,"*不足*"),"字数不足","回答済み")) -> 回答済み
E96: 6 | F96: =IF(OR('4.評価・改善'!$AE$56="未回答",'4.評価・改善'!$AE$63="未回答"),"未回答",IF('4.評価・改善'!$AE$56="入力不備","入力不備","回答済み")) -> 回答済み
E97: 7 | F97: =IF('4.評価・改善'!$AE$76="未回答","未回答",IF(COUNTIF('4.評価・改善'!$AE$76,"*不足*"),"字数不足","回答済み")) -> 回答済み
C98: 5.最終年度の振り返り | D98: ①＜事業評価＞ | E98: 1KPI① | F98: =IF('0.基礎情報'!$H$12="","―",IF('0.基礎情報'!$H$12<>'【発出時非表示】プルダウンリスト'!$B$4,"回答不要",IF(OR('5.最終年度の振り返り'!$U$16="未回答",'5.最終年度の振り返り'!$U$17="未回答"),"未回答",IF('5.最終年度の振り返り'!$U$16="―","回答不要","回答済み")))) -> 回答不要
E99: 1KPI② | F99: =IF('0.基礎情報'!$H$12="","―",IF('0.基礎情報'!$H$12<>'【発出時非表示】プルダウンリスト'!$B$4,"回答不要",IF(OR('5.最終年度の振り返り'!$U$18="未回答",'5.最終年度の振り返り'!$U$19="未回答"),"未回答",IF('5.最終年度の振り返り'!$U$18="―","回答不要","回答済み")))) -> 回答不要
E100: 1KPI③ | F100: =IF('0.基礎情報'!$H$12="","―",IF('0.基礎情報'!$H$12<>'【発出時非表示】プルダウンリスト'!$B$4,"回答不要",IF(OR('5.最終年度の振り返り'!$U$20="未回答",'5.最終年度の振り返り'!$U$21="未回答"),"未回答",IF('5.最終年度の振り返り'!$U$20="―","回答不要","回答済み")))) -> 回答不要
E101: 1KPI④ | F101: =IF('0.基礎情報'!$H$12="","―",IF('0.基礎情報'!$H$12<>'【発出時非表示】プルダウンリスト'!$B$4,"回答不要",IF(OR('5.最終年度の振り返り'!$U$22="未回答",'5.最終年度の振り返り'!$U$23="未回答"),"未回答",IF('5.最終年度の振り返り'!$U$22="―","回答不要","回答済み")))) -> 回答不要
E102: 1KPI⑤ | F102: =IF('0.基礎情報'!$H$12="","―",IF('0.基礎情報'!$H$12<>'【発出時非表示】プルダウンリスト'!$B$4,"回答不要",IF(OR('5.最終年度の振り返り'!$U$24="未回答",'5.最終年度の振り返り'!$U$25="未回答"),"未回答",IF('5.最終年度の振り返り'!$U$24="―","回答不要","回答済み")))) -> 回答不要
E103: 1KPI⑥ | F103: =IF('0.基礎情報'!$H$12="","―",IF('0.基礎情報'!$H$12<>'【発出時非表示】プルダウンリスト'!$B$4,"回答不要",IF(OR('5.最終年度の振り返り'!$U$26="未回答",'5.最終年度の振り返り'!$U$27="未回答"),"未回答",IF('5.最終年度の振り返り'!$U$26="―","回答不要","回答済み")))) -> 回答不要
E104: 1KPI⑦ | F104: =IF('0.基礎情報'!$H$12="","―",IF('0.基礎情報'!$H$12<>'【発出時非表示】プルダウンリスト'!$B$4,"回答不要",IF(OR('5.最終年度の振り返り'!$U$28="未回答",'5.最終年度の振り返り'!$U$29="未回答"),"未回答",IF('5.最終年度の振り返り'!$U$28="―","回答不要","回答済み")))) -> 回答不要
E105: 1KPI⑧ | F105: =IF('0.基礎情報'!$H$12="","―",IF('0.基礎情報'!$H$12<>'【発出時非表示】プルダウンリスト'!$B$4,"回答不要",IF(OR('5.最終年度の振り返り'!$U$30="未回答",'5.最終年度の振り返り'!$U$31="未回答"),"未回答",IF('5.最終年度の振り返り'!$U$30="―","回答不要","回答済み")))) -> 回答不要
E106: 1KPI⑨ | F106: =IF('0.基礎情報'!$H$12="","―",IF('0.基礎情報'!$H$12<>'【発出時非表示】プルダウンリスト'!$B$4,"回答不要",IF(OR('5.最終年度の振り返り'!$U$32="未回答",'5.最終年度の振り返り'!$U$33="未回答"),"未回答",IF('5.最終年度の振り返り'!$U$32="―","回答不要","回答済み")))) -> 回答不要
...

Sheet 0.基礎情報
BE2: ※発出時、BE～BI列非表示
C3: デジタル実装タイプ・デジタル実装型TYPE1事業実施報告
C5: ※申請事業1事業につき事業実施報告書1部を提出するようお願いいたします。（別ファイルで作成・提出）
C6: 地方公共団体コード | H6: 01400 | K6: 都道府県名 | P6: =IFERROR(VLOOKUP($H$6,'【発出時非表示】地方公共団体'!$A:$C,2,0),"") -> 北海道 | W6: 市区町村等名 | AB6: =IFERROR(IF(VLOOKUP($H$6,'【発出時非表示】地方公共団体'!$A:$C,3,0)="","",(VLOOKUP($H$6,'【発出時非表示】地方公共団体'!$A:$C,3,0))),"") -> 倶知安町 | AN6: 評価対象年度 | AS6: ='【発出時非表示】評価対象年度入力'!B2 -> 2025
C8: 担当部局名 | H8: 社会教育課
C9: 責任者名 | H9: 川埜 真裕 | O9: 責任者役職 | T9: 課長 | AA9: 担当者名 | AF9: 芳田 国弘
C10: 電話番号 | H10: 0136-22-2288 | O10: メールアドレス | T10: taiikukan@town.kutchan.lg.jp | AN10: 記入日 | AS10: 46169
C12: 交付金予算年度 | H12: 令和6年度補正新しい地方経済・生活環境創生交付金(デジタル実装型TYPE1)
C13: 交付対象事業名称 | H13: 社会教育施設デジタル化によるサービス向上事業 | AN13: 単独・地域間連携 | AS13: =IFERROR(VLOOKUP($BE$14,'【発出時非表示】分野分類等の参照先'!$A:$D,2,0),"") -> 単独 | BE13: =SUBSTITUTE(SUBSTITUTE($H$12,"(","_"),")","")&"_"&$H$6 -> 令和6年度補正新しい地方経済・生活環境創生交付金_デジタル実装型TYPE1_01400
C14: サービス分野 | H14: =IFERROR(VLOOKUP($BE$14,'【発出時非表示】分野分類等の参照先'!$A:$D,3,0),"") -> 住民サービス | O14: サービス分類 | T14: =IFERROR(VLOOKUP($BE$14,'【発出時非表示】分野分類等の参照先'!$A:$D,4,0),"") -> 公共施設等予約システム | BE14: =$H$12&$H$6&$H$13 -> 令和6年度補正新しい地方経済・生活環境創生交付金(デジタル実装型TYPE1)01400社会教育施設デジタル化によるサービス向上事業
C16: １．推進体制
C17: ※行が足りない場合には、追加様式をご使用ください。追加様式が必要な場合、問合せ先（EYストラテジー・アンド・コンサルティング株式会社）へメール（digital.jisso.ey@jp.ey.com）にて問合せください。
C19: 予定していた事業推進体制・構成員 | AB19: 実際の事業推進体制・構成員
C20: 名称（団体・事業者名） | K20: 団体・事業者概要 | R20: 事業における役割 | AB20: 名称（団体・事業者名） | AJ20: 団体・事業者概要 | AQ20: 事業における役割
C21: 倶知安町 | K21: 事業実施主体 | R21: 事業計画の立案 報告書作成をはじめとする事業全般の管理・統括業務 補助事業執行 | AB21: 倶知安町 | AJ21: 事業実施主体 | AQ21: 事業計画の立案 報告書作成をはじめとする事業全般の管理・統括業務 補助事業執行
C22: サービス提供事業者 | K22: 業務委託先 | R22: 事業の提供 | AB22: サービス提供事業者 | AJ22: 業務委託先 | AQ22: 事業の提供
C23: 予約管理システム提供会社 | K23: 委託事業者のシステム調達先 | R23: システムの提供 | AB23: 予約管理システム提供会社 | AJ23: 委託事業者のシステム調達先 | AQ23: システムの提供
C24: スマートロックシステム提供会社 | K24: 委託事業者のシステム調達先 | R24: システムの提供 施設への機器設置 | AB24: スマートロックシステム提供会社 | AJ24: 委託事業者のシステム調達先 | AQ24: システムの提供 施設への機器設置
C25: 施設利用団体 | K25: 地域住民 | R25: 事業yに対する利便性等の評価 | AB25: 施設利用団体 | AJ25: 地域住民 | AQ25: 事業yに対する利便性等の評価
Z30: ▶
C42: ２．事業の収支
C43: 経費項目は、事業の継続的な実施に要する費用（システムのランニングコストや運営に係る人件費、プロモーション費用等）を網羅的に記載ください。
C44: 収入項目は、サービスの利用料収入、事業者からの負担金や寄付金、申請団体自身による補助金、県の補助金、国の補助金など網羅的に記載ください。
C45: ="※「予定していた"&'【発出時非表示】評価対象年度入力'!B2&"年度の事業収支」欄については、経費項目・収入項目ともに実施計画書より転記ください。また、経費や収入が発生していない場合には、各欄一行目の項目欄に「なし」、金額欄に「0」をご入力ください。" -> ※「予定していた2025年度の事業収支」欄については、経費項目・収入項目ともに実施計画書より転記ください。また、経費や収入が発生していない場合には、各欄一行目の項目欄に「なし」、金額欄に「0」をご入力ください。
C46: ※行が足りない場合には、追加様式をご使用ください。追加様式が必要な場合、問合せ先（EYストラテジー・アンド・コンサルティング株式会社）へメール（digital.jisso.ey@jp.ey.com）にて問合せください。
C48: ="予定していた"&'【発出時非表示】評価対象年度入力'!B2&"年度の事業収支（実施計画書より転記）" -> 予定していた2025年度の事業収支（実施計画書より転記） | AB48: ="実際の"&'【発出時非表示】評価対象年度入力'!B2&"年度の事業収支" -> 実際の2025年度の事業収支
C49: 経費項目 | R49: 金額（単位：千円） | AB49: 経費項目 | AQ49: 金額（単位：千円）
C50: 予約管理システム利用料 | R50: 2233 | AB50: 予約管理システム利用料 | AQ50: 2002
C51: スマートロック利用料 | R51: 670 | AB51: スマートロック利用料 | AQ51: 601
C52: 予約管理システム クラウドサービス設定 | R52: 660 | AB52: 予約管理システム クラウドサービス設定 | AQ52: 660
C53: 予約管理システム 基礎データ登録 | R53: 660 | AB53: 予約管理システム 基礎データ登録 | AQ53: 660
C54: 予約管理システム 操作研修 | R54: 275 | AB54: 予約管理システム 操作研修 | AQ54: 275
C55: 予約管理システム 導入コンサルティング | R55: 880 | AB55: 予約管理システム 導入コンサルティング | AQ55: 880
C56: スマートロック機器（本体） | R56: 924 | AB56: スマートロック機器（本体） | AQ56: 924
C57: スマートロック機器（ゲートウェイ） | R57: 231 | AB57: スマートロック機器（ゲートウェイ） | AQ57: 231
C58: スマートロック機器（本施錠） | R58: 57 | AB58: スマートロック機器（本施錠） | AQ58: 58
C59: スマートロック機器（外部キーBOX） | R59: 770 | AB59: スマートロック機器（外部キーBOX） | AQ59: 770
C60: スマートロック機器（中継器・ゲートウェイ用BOX） | R60: 178 | AB60: スマートロック機器（中継器・ゲートウェイ用BOX） | AQ60: 177
C61: スマートロック機器取付費 | R61: 1425 | AB61: スマートロック機器取付費 | AQ61: 1040
... C66: 現場管理作業費 | R66: 404 | AB66: 現場管理作業費 | AQ66: 404
C70: 経費合計 | R70: =SUM(R50:X69) -> 12193 | AB70: 経費合計 | AQ70: =SUM(AQ50:AW69) -> 11030
C71: 収入項目 | R71: 金額（単位：千円） | Z71: ▶ | AB71: 収入項目 | AQ71: 金額（単位：千円）
AB72: 一般会計 | AQ72: 5515
AB73: 新しい地方経済・生活環境創生交付金（デジタル実装型TYPE1） | AQ73: 5515
C92: 収入合計 | R92: =SUM(R72:X91) -> 0 | AB92: 収入合計 | AQ92: =SUM(AQ72:AW91) -> 11030
C93: 収入合計-経費合計 | R93: =R92-R70 -> -12193 | AB93: 収入合計-経費合計 | AQ93: =AQ92-AQ70 -> 0
C95: ３. 事業のKPI
C96: 下記の指示に従い、KPIに関する情報や実績値、達成状況に応じた今後の取組などを記入してください。
C97: なお、太枠内の情報は、実施計画書より転記してください。
C99: ■性質について
D100: ・性質には、増加させること（もしくはマイナスの値を減らすこと）を目指すKPIの場合には「増加KPI」を、減少させること（もしくはマイナスの値を増やすこと）を目指すKPIの場合には「減少KPI」を選択してください。
D101: （いずれにも当てはまらないと考える場合には、個別に事務局までご連絡ください。）
C103: ■基準値・基準年度について
D104: ・基準値には、KPI設定にあたって、基準とした数値を記載してください（数値のみ、記号（▲）を用いて設定している場合は「－（マイナス）」に置き換えて記載）。
D105: ・示せる数字がないのであれば、基準値・基準年度ともに「なし」と入力いただき、「基準値なしの理由」欄に理由をご記載してください。
D106: ・基準値は、下記の例を参考に、ご記載ください。
E107: 例1）デジタル実装前の2025年3月時点における数値が1000人、2025、2026及び2027年度末目標を1200人、1400人、1600人として設定した場合 ⇒基準値は「1000」、基準年度は「2024」
E108: 例2）新規アプリを導入するサービスにおいて、アプリインストール数をKPIとして設定した場合 ⇒基準値は「なし」、基準年度は「なし」
C110: ■目標値について
D111: ・KPI目標値（3か年分）について、実施計画書より転記してください（いずれも数値のみ、記号（▲）を用いて設定している場合は「－（マイナス）」に置き換えて記載）。
D112: ・初年度（1年目）のKPIが未設定の場合には、【1年目 目標値】欄に「未設定」と記入してください（この場合、【1年目 実績値】欄には「未計測」と入力ください）。
C114: ■実績値について
D115: ・KPI実績値について、昨年度計測分まで全て、記入してください（いずれも数値のみ、記号（▲）を用いて設定している場合は「－（マイナス）」に置き換えて記載）。
D116: ・KPIが未計測の年度がある場合には、該当年度の【実績値】欄に「未計測」と記入してください。
C118: ■達成状況について
D119: ・達成状況については、ご記入いただいた性質、目標値をもとに自動で表示されます。達成状況の判定結果が貴団体の想定と異なる場合には、提出前に事務局にメールでご連絡をお願いいたします。
D120: ・表示された達成状況（最新年度のもの）に従って、下記の対応をお願いいたします（回答不要な欄がグレーアウトされます）。
E121: 1. KPI達成の場合
F122: 昨年度のKPIを達成した場合は、【「KPI達成」の場合】の欄において、KPIを達成できた理由が分かるように達成に大きく貢献した取組などを記述してください。
F123: また、今後の取組について、継続してKPIや事業目的を達成するために、新たに実施することを予定してる取組や、より重点を置くことを予定している取組を具体的に記述してください。
E124: 2. KPI未達成の場合
F125: 昨年度のKPIが未達成の場合は、【「KPI未達成」の場合】の欄において、KPIを達成できなかった理由を選択肢の中から全て選び、その詳細理由を下記の〈補足〉を参考に具体的に記述してください。
F126: また、今後の取組について、貴団体が認識している課題に対して、どのように改善を図っていく予定か分かるように、具体的な計画をご記載ください。
G127: 〈補足〉
G128: ①について、その具体的な理由（サービス実装の遅れや突発的なシステム障害など）と根本原因（人員の不足や連携の不足など）を詳しくご記載ください。
G129: ②を選択した場合には、事前に想定していたニーズを満たせていない理由を明らかにする形で、その具体的な理由を詳しくご記載ください。
G130: ③を選択した場合には、外部要因の詳細な内容と、それによるサービス利用への影響を明らかにする形で、具体的な理由を詳しくご記載ください。
G131: ④を選択した場合には、貴団体の認識している課題が分かる形で、具体的な理由を詳しくご記載ください。
E132: 3. KPI未計測の場合
F133: 昨年度のKPIが未計測の場合は、【「KPI未計測」の場合】の欄において、KPIを計測できなかった理由を選択肢から全て選び、その詳細理由を具体的に記述してください。
F134: また、今後について、計測の見込みが立っているか否かを選択したうえで、見込みが立っている場合には計測見込み時期を選択し、今後の計測に向けた取組内容を具体的に記述してください。
F135: 計測の見込みが立っていない場合にはその理由を記述したうえで、計測見込みを立てるための具体的な対応方針を記述してください。
E136: 4. KPI未設定の場合
F137: 次年度以降のKPI達成に向けて、新たに実施することを予定してる取組や、より重点を置くことを予定している取組を具体的に記述してください。
C139: ■記入例
C141: (1) 基準値なしの理由 | M141: 導入を予定している新規アプリの会員登録者数をKPIとして設定しており、基準となる数値がないため。
AX143: =LEN(M141)&"字" -> 48字
C144: (2) 「KPI達成」の場合：達成のための取組内容や工夫 | M144: アプリ利用者から収集したサービス改善への要望や利用者への定期アンケート（半期に１回）の回答状況をもとに、高齢者世代でも容易に理解しやすいデザイン（配置、使用色、絵柄や文字サイズなど）への改善を実施したことで、高齢者を中心に利用者をさらに増加できたことがKPI達成に寄与したと考えている。
AX146: =LEN(M144)&"字" -> 143字
C147: (3) 「KPI達成」の場合：今後に向けた取組 | M147: サービスを利用していない高齢者からも意見を収集し、親しみやすいサービスに改善を図ることで利用者数の更なる増加につなげたいと考えており、アンケートだけではなく、高齢者の方が集まるイベントの場に赴いて直接ヒアリングすることを予定している。
AX149: =LEN(M147)&"字" -> 117字
C150: (4) 「KPI未達成」の場合：達成できなかった理由の詳細と、複数選択肢の例 | M150: ='【発出時非表示】評価対象年度入力'!$B$2&"年10月末に実装を予定していたが、事業者とのサービス機能部分の調整の難航により、"&'【発出時非表示】評価対象年度入力'!$B$2+1&"年2月末の実装となった。サービスをプロモーションするための人員・時間の両方を確保できず、"&'【発出時非表示】評価対象年度入力'!$B$2&"年度はサービスを実装するだけに止まってしまったため。" -> 2025年10月末に実装を予定していたが、事業者とのサービス機能部分の調整の難航により、2026年2月末の実装となった。サービスをプロモーションするための人員・時間の両方を確保できず、2025年度はサービスを実装するだけに止まってしまったため。
AX152: =LEN(M150)&"字" -> 122字
C153: (5) 「KPI未達成」の場合：今後に向けた取組 | M153: ='【発出時非表示】評価対象年度入力'!$B$2+1&"年度のKPI達成に向けて、住民にサービスを実際に使用してもらうことが重要だと考えており、成功体験の場として、各公民館やショッピングモールでのサービス体験会を2か月に1回の頻度で開催する予定である。" -> 2026年度のKPI達成に向けて、住民にサービスを実際に使用してもらうことが重要だと考えており、成功体験の場として、各公民館やショッピングモールでのサービス体験会を2か月に1回の頻度で開催する予定である。
AX155: =LEN(M153)&"字" -> 102字
C156: (6) 「KPI未計測」の場合：計測できなかった理由の詳細 | M156: 当初は導入したシステムの機能を用いて、KPIを測定する予定であったが、委託事業者との間で認識の齟齬があり、KPIに設定された特定の年代のサービスの利用状況のみを把握する機能を実装できていなかったため。
AX158: =LEN(M156)&"字" -> 100字
C159: (7) 「KPI未計測」かつ「計測見込みが立っていない」場合：見込みが立っていない理由 | M159: 委託事業者との間で機能の追加に関して協議を行っているものの、利用者の要望に対するシステムの改善を優先して対応している状況であり、KPI計測のための機能の開発にさくリソースが不足しているとのことで、機能追加の見込みが立っていないため。
AX161: =LEN(M159)&"字" -> 116字
C162: (8) 「KPI未計測」の場合：今後に向けた取組 | M162: システムの機能に頼ることなく、KPIを継続的に安定して計測できるようにするため、利用者に対するアンケートを設計し、それを基にKPI実績値を推計する方針を立てている。今後は、対象者や配布方法について広報担当課を交えて協議を重ねたうえで、試験的に開始する予定である。
...

Sheet 1.推進体制
C2: 1. 推進体制 | AI2: ※発出時、列非表示
C4: ①継続運営可能な庁内推進体制
C5: 1 | D5: 事業担当課※1内および関連部課※2間での情報共有がなされていたか
D6: ※1：事業担当課は、事業の取りまとめ課を想定
D7: ※2：関連部課は、実装サービスを管理・利用する部課を想定
E8: 1： | F8: 事業担当課および関連部課で密にコミュニケーションをとり、定期的に相談できる情報交換の場を設けていた | AE8: =IF(AI8>0,AI8,"未回答") -> 3 | AI8: 3
E9: 2： | F9: 事業担当課および関連部課でコミュニケーションをとり、適宜相談できる関係性を維持していた
E10: 3： | F10: 事業担当課内では密にコミュニケーションをとっており、関連部課へは定期的に情報共有を行った
E11: 4： | F11: 事業担当課内ではコミュニケーションをとっているが、関連部課へは不定期の情報共有にとどまっていた
E12: 5： | F12: 事業担当課内と関連部課のいずれにおいても十分に情報共有できていなかった
C14: 2 | D14: 事業を継続的に運営するために必要な庁内の人員は確保されていたか
E15: 1： | F15: 事業実施責任者及び専任の実務担当者を確保できていた | AE15: =IF(AI15>0,AI15,"未回答") -> 3 | AI15: 3
E16: 2： | F16: 事業の専任の実務担当者を確保できていた
E17: 3： | F17: 他の事業と兼任の実務担当者を複数名確保できていた
E18: 4： | F18: 他の事業と兼任の実務担当者を1名確保できていた
E19: 5： | F19: 十分な人員を確保できていなかった
C21: 3 | D21: 庁内の推進体制に参画していた部署やワーキンググループ等をすべて選択してください（複数回答）
D22: [f:その他]を選択した場合は、下段の[その他の部課等]欄に記入してください | AG22: =IF(AI22=TRUE,IF(OR(AI23:AI27)=TRUE,"a,","a"),"") -> a, | AI22: TRUE
E23: a：取りまとめ課（企画課・デジタル関係課等） | P23: b：事業を担う原課 | X23: c：広報関連部署 | AE23: =IF(OR(AI22:AI27)=TRUE,CONCATENATE(AG22,AG23,AG24,AG25,AG26,AG27),"未回答") -> a,b,d | AG23: =IF(AI23=TRUE,IF(OR(AI24:AI27)=TRUE,"b,","b"),"") -> b, | AI23: TRUE
E24: d：事業実施責任者（部課長等） | P24: e：各種ワーキンググループ（自治体のデジタル化推進グループ等） | AG24: =IF(AI24=TRUE,IF(OR(AI25:AI27)=TRUE,"c,","c"),"") | AI24: FALSE
E25: f：その他（参画した部課等を下段に記入） | AG25: =IF(AI25=TRUE,IF(OR(AI26:AI27)=TRUE,"d,","d"),"") -> d | AI25: TRUE
D26: その他の部課等（例：福祉課、観光課） | AE26: =IF(AI27=FALSE,"―",IF(D27="","未回答","回答済")) -> ― | AG26: =IF(AI26=TRUE,IF(AI27=TRUE,"e,","e"),"") | AI26: FALSE
AG27: =IF(AI27=TRUE,"f","") | AI27: FALSE
AI28: =D27 -> 0
C29: 4 | D29: サービス実装・運用に際して庁内の推進体制ではどのようなことを実施していたか、当てはまる項目をすべて選択してください（複数回答） | AG29: =IF(AI29=TRUE,IF(OR(AI30:AI34)=TRUE,"a,","a"),"") -> a, | AI29: TRUE
E30: a：各担当者の役割を明確にしていた | Q30: b：各担当者が十分な時間を確保して事業に関与していた | AE30: =IF(AND(AI34=TRUE,OR(AI29:AI33)=TRUE),"入力不備",IF(OR(AI29:AI34)=TRUE,CONCATENATE(AG29,AG30,AG31,AG32,AG33,AG34),"未回答")) -> a,c | AG30: =IF(AI30=TRUE,IF(OR(AI31:AI34)=TRUE,"b,","b"),"") | AI30: FALSE
E31: c：各担当者と密に情報を共有していた | Q31: d：各担当者がスケジュールどおりに作業を進めていた | AG31: =IF(AI31=TRUE,IF(OR(AI32:AI34)=TRUE,"c,","c"),"") -> c | AI31: TRUE
E32: e：事業推進において庁内の推進体制全体で適切な意思決定を行っていた | V32: f：いずれも該当しない | AG32: =IF(AI32=TRUE,IF(OR(AI33:AI34)=TRUE,"d,","d"),"") | AI32: FALSE
AG33: =IF(AI33=TRUE,IF(AI34=TRUE,"e,","e"),"") | AI33: FALSE
C34: 5 | D34: 庁内関係部署全体での定例会議をどの程度の頻度で実施したか | AG34: =IF(AI34=TRUE,"f","") | AI34: FALSE
E35: 1：週次程度 | N35: 2：隔週程度 | W35: 3：月に1回程度 | AE35: =IF(AI35>0,AI35,"未回答") -> 3 | AI35: 3
E36: 4：隔月程度 | N36: 5：隔月よりも少ない頻度
C38: 6 | D38: 事業実施責任者は、どの程度事業の遂行に対してコミットしていたか
E39: 事業実施責任者が事業の推進を強く求めており、関係部課への協力依頼や人材確保について全面的な後押しがあった | AE39: =IF(AI39>0,AI39,"未回答") -> 4 | AI39: 4
E40: 事業実施責任者が事業の推進を強く求めており、具体的な支援はなかったものの、事業推進に対して主体的に関与していた
E41: 事業実施責任者が事業の推進にある程度関与しており、庁内での会議等に定期的に参加し進捗を確認していた
E42: 事業実施責任者が事業の推進にある程度関与しており、事業の進捗について定期的に報告を行う機会があった
E43: 事業実施責任者の事業への関与はあまり大きくなかった（事業進捗の把握が半年に1回未満であった）
C45: ②継続運営可能な庁外推進体制（地域のステークホルダー・委託事業者を含む）
C46: 7 | D46: サービス実装・運用に際して庁外の推進体制ではどのようなことを実施していたか、当てはまる項目をすべて選択してください（複数回答） | AG46: =IF(AI46=TRUE,IF(OR(AI47:AI51)=TRUE,"a,","a"),"") -> a, | AI46: TRUE
E47: a：各庁外推進メンバーの役割を明確にしていた | P47: b：各庁外推進メンバーが十分な時間を確保して事業に関与していた | AE47: =IF(AND(AI51=TRUE,OR(AI46:AI50)=TRUE),"入力不備",IF(OR(AI46:AI51)=TRUE,CONCATENATE(AG46,AG47,AG48,AG49,AG50,AG51),"未回答")) -> a,c,d,e | AG47: =IF(AI47=TRUE,IF(OR(AI48:AI51)=TRUE,"b,","b"),"") | AI47: FALSE
E48: c：各庁外推進メンバーと密に情報を共有していた | P48: d：各庁外推進メンバーがスケジュールどおりに作業を進めていた | AG48: =IF(AI48=TRUE,IF(OR(AI49:AI51)=TRUE,"c,","c"),"") -> c, | AI48: TRUE
E49: e：事業推進において庁外の推進体制全体で適切な意思決定を行っていた | V49: f：いずれも該当しない | AG49: =IF(AI49=TRUE,IF(OR(AI50:AI51)=TRUE,"d,","d"),"") -> d, | AI49: TRUE
AG50: =IF(AI50=TRUE,IF(AI51=TRUE,"e,","e"),"") -> e | AI50: TRUE
C51: 8 | D51: 地域ステークホルダー（商工会、社会福祉協議会等）への情報共有はどの程度行われていたか | AG51: =IF(AI51=TRUE,"f","") | AI51: FALSE
E52: 1： | F52: 月に1回以上 | N52: 2： | O52: 隔月程度 | W52: 3： | X52: 隔月よりも少ない頻度 | AE52: =IF(AI52>0,AI52,"未回答") -> 4 | AI52: 4
E53: 4： | F53: 必要な場合のみ逐次 | N53: 5： | O53: 情報を共有していなかった
C55: 9 | D55: 委託事業者への情報共有はどの程度行われていたか
E56: 1： | F56: 月に1回以上 | N56: 2： | O56: 隔月程度 | W56: 3： | X56: 隔月よりも少ない頻度 | AE56: =IF(AI56>0,AI56,"未回答") -> 1 | AI56: 1
E57: 4： | F57: 必要な場合のみ逐次 | N57: 5： | O57: 情報を共有していなかった
E58: 6： | F58: サービスの性質上、委託事業者が存在しない事業である（例：地域のスマート農業化支援に係る間接補助事業）
C60: ③推進体制の工夫や改善点
C61: 10 | D61: 推進体制について、貴団体が実際に取り組んだ内容や工夫を具体的に記入してください
D62: 特に、事業2年目以降の場合には、過年度の取組内容を踏まえて、追加で実施したものがあれば具体的にその経緯も含めて記入してください
D63: 例： | E63: =IF('0.基礎情報'!$H$12="",'【発出時非表示】交付金予算年度別の文章'!$B$3,IF('0.基礎情報'!$H$12='【発出時非表示】プルダウンリスト'!$B$4,'【発出時非表示】交付金予算年度別の文章'!$B$4,IF('0.基礎情報'!$H$12='【発出時非表示】プルダウンリスト'!$B$5,'【発出時非表示】交付金予算年度別の文章'!$B$5,'【発出時非表示】交付金予算年度別の文章'!$B$6))) -> 既に同じサービスを実装している複数の自治体に事前にヒアリングを行い、体制構築におけるポイントや必要稼働等を把握した。その上で、首長より関連する部課の責任者に対して、本サービスの実装を「重点プロジェクト」として全庁横断的に実施するよう呼びかけた。また、「サービス推進ワーキング」を設置し、月一回の定例会にて情報共有を行うことにより、財務調整やＰＲ時の広報担当課との調整を円滑に行うことができた。また、地域のステークホルダーに関しても、商工会や観光協会等も参画する推進体制を早期に構築していたことで、サービス体験会も共同で開催するなど地域へのサービスの理解浸透に寄与することができた。
D70: 庁内グループウェア内に本事業に関連するメンバー全員を含めたグループを作成し、情報共有やスケジュール管理、各種協議事項について、全体で共有しながら進めることとした。協議結果や事業者とのやり取りも文書で見える形で情報共有することにより、情報伝達の不確実性をなくし、当初は仕様書の作成等において遅れも生じたが、変更後はスケジュール通り業務を進めていくことが出来た。 また、関係部署以外の部署にも本事業への取組状況を周知することにより、システムへの理解を浸透させ、施設の管理運営に関する改善策の検討に繋げることができた。 | AE70: =IF(D70="","未回答",IF(LEN(D70)<200,LEN(D70)&"字 (字数 不足)",LEN(D70)&"字")) -> 256字 | AI70: =D70 -> 庁内グループウェア内に本事業に関連するメンバー全員を含めたグループを作成し、情報共有やスケジュール管理、各種協議事項について、全体で共有しながら進めることとした。協議結果や事業者とのやり取りも文書で見える形で情報共有することにより、情報伝達の不確実性をなくし、当初は仕様書の作成等において遅れも生じたが、変更後はスケジュール通り業務を進めていくことが出来た。 また、関係部署以外の部署にも本事業への取組状況を周知することにより、システムへの理解を浸透させ、施設の管理運営に関する改善策の検討に繋げることができた。
C77: 11 | D77: 評価・改善を行う上で、課題に感じたことをすべて選択してください（複数回答）
E78: a：担当課内での情報共有、人員確保 | AE78: =IF(AND(AI85=TRUE,OR(AI78:AI84)=TRUE),"入力不備",IF(OR(AI78:AI85)=TRUE,CONCATENATE(AG78,AG79,AG80,AG81,AG82,AG83,AG84,AG85),"未回答")) -> d | AG78: =IF(AI78=TRUE,IF(OR(AI79:AI85)=TRUE,"a,","a"),"") | AI78: FALSE
E79: b：関連部課間での情報共有、人員確保 | AG79: =IF(AI79=TRUE,IF(OR(AI80:AI85)=TRUE,"b,","b"),"") | AI79: FALSE
E80: c：地域のステークホルダーとの連携体制の構築（役割分担） | AG80: =IF(AI80=TRUE,IF(OR(AI81:AI85)=TRUE,"c,","c"),"") | AI80: FALSE
E81: d：地域のステークホルダーとの情報共有 | AG81: =IF(AI81=TRUE,IF(OR(AI82:AI85)=TRUE,"d,","d"),"") -> d | AI81: TRUE
E82: e：サービスを運用する事業者とのサービス改善に向けた調整・協議 | AG82: =IF(AI82=TRUE,IF(OR(AI83:AI85)=TRUE,"e,","e"),"") | AI82: FALSE
E83: f：サービスを運用する事業者との情報共有 | AG83: =IF(AI83=TRUE,IF(OR(AI84:AI85)=TRUE,"f,","f"),"") | AI83: FALSE
E84: g：その他 | AG84: =IF(AI84=TRUE,IF(AI85=TRUE,"g,","g"),"") | AI84: FALSE
E85: h：特になし | AG85: =IF(AI85=TRUE,"h","") | AI85: FALSE
D86: その他の内容 | AE86: =IF(AI84=FALSE,"―",IF(D87="","未回答","回答済")) -> ― | AI86: =D87 -> 0
C89: 12 | D89: 本シートに記載いただいた過年度の取組・課題を踏まえ、「推進体制」に関して、どのように今後取り組むか具体的に記入してください
D90: 設問11でチェックをつけた内容については、必ず記載を求めます
D91: 特に、今後庁内関係者や庁外関係者、外部のステークホルダーを巻き込むためにどのようなアクションを起こすのか5W1Hを意識し、記入してください
D92: 例： | E92: =IF('0.基礎情報'!$H$12="",'【発出時非表示】交付金予算年度別の文章'!$C$3,IF('0.基礎情報'!$H$12='【発出時非表示】プルダウンリスト'!$B$4,'【発出時非表示】交付金予算年度別の文章'!$C$4,IF('0.基礎情報'!$H$12='【発出時非表示】プルダウンリスト'!$B$5,'【発出時非表示】交付金予算年度別の文章'!$C$5,'【発出時非表示】交付金予算年度別の文章'!$C$6))) -> 庁内の体制においては、担当原課のリーダーの稼働不足を補うために、2026年度内に専任担当者を一名増員するとともに、2026年の6月までに事業担当課が中心となって、あいまいになっていた各担当原課及び事業者、地域のステークホルダーとの役割分担を再定義して合意することで、プロジェクトのリカバリーをしっかりと行う体制づくりを行っていく。庁内に止まらず、関連するメンバーが集まる全体会議にて、サービスの推進及び改善等を議論する場を四半期に1回以上設けることで、進捗共有やプロジェクトの更なる推進を強化していく。
D97: 庁内グループウェア内での情報共有は、有効であると考えているため今後も引き続き活用することを予定している。 本事業のステークホルダーである施設利用団体との情報共有においては、これまで電話や文書などアナログなかたちで行っていたため導入当初は対応に苦慮したが、本事業の導入を契機に連絡手段の電子化が進んだことから、引き続きシステムの利活用を促進することで、情報共有の効率化を図る。 なお、本システムは社会教育施設の一部に導入されたもので、今後評価を行う中で庁内他課への情報提供も行い効率的な活用方法の協議を行うなどしていきたい。 | AE97: =IF(D97="","未回答",IF(LEN(D97)<200,LEN(D97)&"字 (字数 不足)",LEN(D97)&"字")) -> 261字 | AI97: =D97 -> 庁内グループウェア内での情報共有は、有効であると考えているため今後も引き続き活用することを予定している。 本事業のステークホルダーである施設利用団体との情報共有においては、これまで電話や文書などアナログなかたちで行っていたため導入当初は対応に苦慮したが、本事業の導入を契機に連絡手段の電子化が進んだことから、引き続きシステムの利活用を促進することで、情報共有の効率化を図る。 なお、本システムは社会教育施設の一部に導入されたもので、今後評価を行う中で庁内他課への情報提供も行い効率的な活用方法の協議を行うなどしていきたい。

Sheet 2-1.サービス実装
C2: 2-1. サービス実装 | AI2: ※発出時、列非表示
C4: ①ニーズの把握
C5: 1 | D5: サービスの導入を見据え、どのように住民のニーズに合った機能を検討・精査したか
E6: 1：対象となる住民に対して直接ヒアリングを行い、必要な機能等を確認した | AE6: =IF(AI6>0,AI6,"未回答") -> 3 | AI6: 3
E7: 2：対象となる住民に対して直接アンケート調査を行い、必要な機能等を確認した
E8: 3：推進メンバー（庁内関係部署や庁外関係団体含む）で協議を行い、住民のニーズがあるという仮説を立てた
E9: 4：担当部署内で検討し、住民ニーズがあるという仮説を立てた
E10: 5：具体的な住民のニーズの調査・検討はしなかったが、庁内関係者等からサービスの導入要望があった
C12: 2 | D12: サービスの導入を見据え、どのような見込みを立てたか
E13: 1：利用者数等の見込みを立て、収支を試算し、費用対効果の見込みを立てた | AE13: =IF(AI13>0,AI13,"未回答") -> 2 | AI13: 2
E14: 2：利用者数等の見込みを立てた
E15: 3：利用者数等の見込みを立てなかったが、推進メンバー(庁内関係部署や庁外関係者含む)で一定のニーズがあると仮説を立てた
E16: 4：利用者数等の見込みを立てなかったが、担当部署内で一定のニーズがあると仮説を立てた
E17: 5：利用者数等の見込みもニーズの仮説も立てなかった
C19: ②サービスの調達
C20: 3 | D20: サービス実装にあたり、調達行為が発生する事業であるか
D21: ※本設問で「2：そもそも調達行為が発生しない事業である」を選択した場合は、②4～6の設問の回答は不要であるため、③7に進むこと
E22: 1：調達行為が発生する事業である | AE22: =IF(AI22>0,AI22,"未回答") -> 1 | AI22: 1
E23: 2：調達行為が発生しない事業である（例：地域のスマート農業化支援に係る間接補助事業）
C25: 4 | D25: 仕様書にて明確な要求水準を示すために、どのような取組を実施したか
E26: 1：同様のサービスを実装済の他自治体等から情報提供を受けた | AE26: =IF(AI22=2,"―",IF(AI26>0,AI26,"未回答")) -> 3 | AI26: 3
E27: 2：申請計画時に調整した委託事業者を含む複数の事業者から情報提供を受けた
E28: 3：申請計画時に調整した委託事業者から情報提供を受けた
E29: 4：庁内の関係部署や外部専門人材（デジタル専門人材等）から情報提供を受けた
E30: 5：担当部署が独力で仕様書を作成した
C32: 5-1 | D32: 委託事業者※の調達（公募・入札・契約手続）は予定どおりに進んだか
D33: ※補足：複数の委託事業者と契約した場合は、サービスの導入を中心的に担った事業者を想定して回答してください
E34: 1：想定していたスケジュールどおりに（又はスケジュールよりも早く）進んだ | AE34: =IF(AI22=2,"―",IF(AI34>0,AI34,"未回答")) -> 2 | AI34: 2
E35: 2：想定していたスケジュールよりも遅れた
C37: 5-2 | D37: （設問5-1で［2：想定していたスケジュールよりも遅れた］を選択した場合）
D38: 調達（公募・入札・契約手続）が想定していたスケジュールよりも遅れた理由をすべて選択してください（複数回答）
D39: [f:その他]を選択した場合は、下段の[その他の遅延理由]欄に記入してください
E40: a：担当部署の人員不足（他の業務でひっ迫していた等） | AE40: =IF(AI22=2,"―",IF(AI34=1,"―",IF(OR(AI40:AI45)=TRUE,CONCATENATE(AG40,AG41,AG42,AG43,AG44,AG45),"未回答"))) -> a,d | AG40: =IF(AI40=TRUE,IF(OR(AI41:AI45)=TRUE,"a,","a"),"") -> a, | AI40: TRUE
E41: b：担当者の知見不足（人事異動等） | AG41: =IF(AI41=TRUE,IF(OR(AI42:AI45)=TRUE,"b,","b"),"") | AI41: FALSE
E42: c：庁内調整の難航（庁内にて合意形成が取れなかった等） | AG42: =IF(AI42=TRUE,IF(OR(AI43:AI45)=TRUE,"c,","c"),"") | AI42: FALSE
E43: d：調達手続の難航（仕様が固まらなかった等） | AG43: =IF(AI43=TRUE,IF(OR(AI44:AI45)=TRUE,"d,","d"),"") -> d | AI43: TRUE
E44: e：見積書取得の難航（複数の委託事業者から見積書が集まらなかった等） | AG44: =IF(AI44=TRUE,IF(AI45=TRUE,"e,","e"),"") | AI44: FALSE
E45: f：その他（遅延した理由を下段に記入） | AG45: =IF(AI45=TRUE,"f","") | AI45: FALSE
D46: その他の遅延理由 | AE46: =IF(AI45=FALSE,"―",IF(D47="","未回答","回答済")) -> ―
AI47: =D47 -> 0
C49: 6-1 | D49: 委託事業者※の調達（公募・入札・契約手続）はどのような形態であったか
D50: [4:その他]を選択した場合は、下段の[その他の契約形態]欄に記入してください
D51: ※補足：複数の委託事業者と契約した場合は、サービスの導入を中心的に担った事業者を想定して回答してください
E52: 1：一般競争入札、指名競争入札 | O52: 2：企画競争入札（プロポーザル） | Y52: 3：随意契約 | AE52: =IF(AI22=2,"―",IF(AI52>0,AI52,"未回答")) -> 3 | AI52: 3
E53: 4：その他（具体的な形態を下段に記入）
D54: その他の契約形態 | AE54: =IF(AI52<>4,"―",IF(D55="","未回答","回答済")) -> ―
AI55: =D55 -> 0
C57: 6-2 | D57: （設問6-1で［1：一般競争入札、指名競争入札］または［2：企画競争入札（プロポーザル）］を選択した場合）
D58: 入札において競争原理を高める上でどのような工夫を行ったか、具体的に記入してください
D59: （例：より多くの事業者に対する公募案内、電子入札の導入など）
AE60: =IF(AI22=2,"―",IF(AI52=3,"―",IF(AI52=4,"―",IF(D60="","未回答","回答済")))) -> ― | AI60: =D60 -> 0
C63: 6-3 | D63: （設問6-1で［1：一般競争入札、指名競争入札］または［2：企画競争入札（プロポーザル）］を選択した場合）
D64: 入札の結果、想定していた委託事業の質や価格を満たす事業者を選定できたか
D65: 選定できなかった場合には、その結果生じた課題と、それを防ぐための反省点について、ご記入ください。
E66: 1：想定していた委託事業の質や価格を満たす事業者を選定できた | R66: 2：想定していた委託事業の質や価格を満たす事業者を選定できなかった | AE66: =IF(AI22=2,"―",IF(AI52=3,"―",IF(AI52=4,"―",IF(AI66=1,1,IF(AND(AI66=2,D68<>"",D71<>""),2,"未回答"))))) -> ― | AI66: 0
D67: 選定できなかったことにより生じた課題
AI68: =D68 -> 0
D70: 反省点
AI71: =D71 -> 0
C74: 6-4 | D74: （設問6-1で［3：随意契約］または［4：その他］を選択した場合）
D75: 競争入札以外の方法により調達を行った理由を記入してください
D76: 本事業は、スマートロックの設置にあたり、各小中学校のＧＩＧＡスクール用ネットワークの活用を前提としており、本町の入札参加者名簿に登載されている業者の中で当該ネットワークへのアクセス権限等を保持する事業者が限定されたため。 | AE76: =IF(AI22=2,"―",IF(AI52=1,"―",IF(AI52=2,"―",IF(D76="","未回答","回答済")))) -> 回答済 | AI76: =D76 -> 本事業は、スマートロックの設置にあたり、各小中学校のＧＩＧＡスクール用ネットワークの活用を前提としており、本町の入札参加者名簿に登載されている業者の中で当該ネットワークへのアクセス権限等を保持する事業者が限定されたため。
C79: 6-5 | D79: 委託事業者※の調達にあたって、いくつの事業者から見積もりを取得したか
D80: ※補足：複数の委託事業者と契約した場合は、サービスの導入を中心的に担った事業者を想定して回答してください
D81: 1 | F81: 社 | AE81: =IF(AI22=2,"―",IF(D81="","未回答","回答済")) -> 回答済 | AI81: =D81 -> 1
C83: ③サービスの導入
C84: 7 | D84: 実施計画策定時に想定していたサービスを導入できたか
E85: 1：想定していた機能を全て具備しており、期待以上の水準のサービスを導入できた | AE85: =IF(AI85>0,AI85,"未回答") -> 2 | AI85: 2
E86: 2：想定していた機能を全て具備しており、期待どおりの水準のサービスを導入できた
E87: 3：想定していた機能が一部変更になったが、期待どおりの水準のサービスを導入できた
E88: 4：想定していた機能が一部変更になり、期待していたサービス水準に一部届かなかった
E89: 5：想定していた機能を一部具備できておらず、期待していたサービス水準を下回った
C91: 8-1 | D91: サービスの導入は予定どおりに進んだか
E92: 1：想定していたスケジュールどおりに（又はスケジュールよりも早く）進んだ | AE92: =IF(AI92>0,AI92,"未回答") -> 2 | AI92: 2
E93: 2：想定していたスケジュールよりも遅れた
C95: 8-2 | D95: （設問8-1で［2：想定していたスケジュールよりも遅れた］を選択した場合）
D96: サービスの導入が想定していたスケジュールよりも遅れた理由をすべて選択してください（複数回答）
D97: [h:その他]を選択した場合は、下段の[その他の遅延理由]欄に記入してください
E98: a：システム製作に必要な資材の不足（機器製作に必要な半導体が調達できなかった等） | AE98: =IF(AI92=1,"―",IF(OR(AI98:AI106)=TRUE,CONCATENATE(AG98,AG99,AG100,AG101,AG102,AG103,AG104,AG105,AG106),"未回答")) -> c | AG98: =IF(AI98=TRUE,IF(OR(AI99:AI106)=TRUE,"a,","a"),"") | AI98: FALSE
E99: b：システム設計・構築の難航（課題の抽出に時間を要してしまった等） | AG99: =IF(AI99=TRUE,IF(OR(AI100:AI106)=TRUE,"b,","b"),"") | AI99: FALSE
E100: c：担当部署の人員・知見不足（別の業務に追われていた、サービスの管理方法を習得できていなかった等） | AG100: =IF(AI100=TRUE,IF(OR(AI101:AL106)=TRUE,"c,","c"),"") -> c | AI100: TRUE
E101: d：関係者との調整（関係者間にて合意が取れなかった等） | AG101: =IF(AI101=TRUE,IF(OR(AI102:AI106)=TRUE,"d,","d"),"") | AI101: FALSE
E102: e：調達手続の難航 | AG102: =IF(AI102=TRUE,IF(OR(AI103:AI106)=TRUE,"e,","e"),"") | AI102: FALSE
E103: f：委託事業者との調整（委託事業者との合意が取れなかった等） | AG103: =IF(AI103=TRUE,IF(OR(AI104:AI106)=TRUE,"f,","f"),"") | AI103: FALSE
E104: g：運用開始に向けた準備の難航（広報の準備が追い付いていなかった等） | AG104: =IF(AI104=TRUE,IF(OR(AI105:AI106)=TRUE,"g,","g"),"") | AI104: FALSE
E105: h：災害などの帰責性のない事由 | AG105: =IF(AI105=TRUE,IF(AI106=TRUE,"h,","h"),"") | AI105: FALSE
E106: i：その他（遅延した理由を下段に記入） | AG106: =IF(AI106=TRUE,"i","") | AI106: FALSE
D107: その他の遅延理由 | AE107: =IF(AI106=FALSE,"―",IF(D108="","未回答","回答済")) -> ― | AI107: =D108 -> 0
C110: 8-3 | D110: 「実施計画策定時に想定していたサービス実装年月」と「実際のサービス実装年月」を記載してください。
D111: 実施計画策定時に想定していたサービス実装年月： | Q111: 2026 | S111: 年 | T111: 2 | V111: 月 | AE111: =IF(Q111>0,IF(T111>0,"回答済","未回答"),"未回答") -> 回答済 | AI111: =Q111 -> 2026
D112: 実際のサービス実装年月： | Q112: 2026 | S112: 年 | T112: 3 | V112: 月 | AE112: =IF(Q112>0,IF(T112>0,"回答済","未回答"),"未回答") -> 回答済 | AI112: =T111 -> 2
AI113: =Q112 -> 2026
C114: ④導入サービス構築の工夫や改善点 | AI114: =T112 -> 3
C115: 9 | D115: 前問までの回答内容を踏まえ、サービス実装の過程（ニーズの把握からサービスの調達、サービスの導入に至るまで）で、
D116: 貴団体が実際に取り組んだ内容や工夫を具体的に記入してください
D117: 例： | E117: 事業者選定前の段階で、複数社よりサービスの実際の使用感を含め詳細な説明を受け、どの事業者のサービスが最も住民のニーズを満たすか確認の上、プロポーザルにて事業者を選定した。また、サービス実装前に住民モニターを募集し、試作段階のサービスを利用してもらうことで事前に改善点を洗い出すとともに、質問が多かった点に関しては「利用マニュアル動画」を作成し、本市のホームページに掲載することで問合せ数を削減できるよう努めた。こうした利用者満足度を高める取り組みを行ったことにより、KPIを達成することができた。
D122: 本町は道内でも比較的多くの降雪があり、かつ氷点下15度以下となる気象条件であり、スマートロックの屋外設置にあたっては、その条件下でも正常に動作することが必須であったため、事前に実証実験を行うなど動作検証を行ったほか、運用にあたり職員の操作研修を行い、試験運用期間を設けることで、改善点を抽出し委託先を通じシステム提供会社と協議を行うなど、システムを実情に合った仕様に修正することで、本格運用後の利用率や登録者数等のKPIを達成することができた。 | AE122: =IF(D122="","未回答",IF(LEN(D122)<200,LEN(D122)&"字 (字数 不足)",LEN(D122)&"字")) -> 222字 | AI122: =D122 -> 本町は道内でも比較的多くの降雪があり、かつ氷点下15度以下となる気象条件であり、スマートロックの屋外設置にあたっては、その条件下でも正常に動作することが必須であったため、事前に実証実験を行うなど動作検証を行ったほか、運用にあたり職員の操作研修を行い、試験運用期間を設けることで、改善点を抽出し委託先を通じシステム提供会社と協議を行うなど、システムを実情に合った仕様に修正することで、本格運用後の利用率や登録者数等のKPIを達成することができた。
C129: 10 | D129: サービスを実装・運用する上で、課題に感じたことをすべて選択してください（複数回答）
E130: a：サービスのニーズ把握（利用者層・利用人数の想定） | AE130: =IF(AND(AI136=TRUE,OR(AI130:AI135)=TRUE),"入力不備",IF(OR(AI130:AI136)=TRUE,CONCATENATE(AG130,AG131,AG132,AG133,AG134,AG135,AG136),"未回答")) -> d | AG130: =IF(AI130=TRUE,IF(OR(AI131:AI136)=TRUE,"a,","a"),"") | AI130: FALSE
E131: b：サービス導入までの計画の策定 | AG131: =IF(AI131=TRUE,IF(OR(AI132:AI136)=TRUE,"b,","b"),"") | AI131: FALSE
...

Sheet 2-2.サービス運用
C2: 2-2. サービス運用 | AI2: ※発出時、列非表示
C4: ①利用者等からの意見収集
C5: 1 | D5: サービス利用者に対する意見収集（使いづらくないか等）をどの程度実施していたか
E6: 1： | F6: サービス利用者である住民に対して直接ヒアリングを行い、サービス改善の必要性について確認していた | AE6: =IF(AI6>0,AI6,"未回答") -> 3 | AI6: 3
E7: 2： | F7: サービス利用者である住民に対して直接アンケート調査を行い、サービス改善の必要性について確認していた
E8: 3： | F8: 推進メンバー（庁内関係部署や庁外関係団体含む）で協議を行い、住民のニーズについて仮説を立てていた
E9: 4： | F9: 事業担当課内で検討し、住民ニーズについて仮説を立てていた
E10: 5： | F10: 具体的な住民のニーズの調査・検討はしていないが、庁内関係者等からサービスニーズに関する情報共有があった
C12: 2 | D12: サービス運用担当者※に対する意見収集（運用しづらくないか等）をどの程度実施していたか
D13: ※サービス運用担当者は、実装サービスを管理・利用する庁内の担当者を想定
E14: 1： | F14: サービス運用担当者に対して直接ヒアリングを行い、サービス改善の必要性について確認していた | AE14: =IF(AI14>0,AI14,"未回答") -> 3 | AI14: 3
E15: 2： | F15: サービス運用担当者に対して直接アンケート調査を行い、サービス改善の必要性について確認していた
E16: 3： | F16: 庁内関係者（事業担当課や関連部課）で協議を行い、サービス改善の必要性があると仮説立てていた
E17: 4： | F17: 事業担当課内で検討し、サービス改善の必要性があると仮説立てていた
E18: 5： | F18: 具体的な担当者へのニーズの調査・検討はしていなかった
C20: 3 | D20: 委託事業者※目線で得られた意見収集（要望が来ていないか等）をどの程度実施していたか
D21: ※委託事業者は、実装サービスを提供している企業等を想定
E22: 1： | F22: 庁内関係者と委託事業者間で定期的な意見交換の場を設けていた | AE22: =IF(AI22>0,AI22,"未回答") -> 2 | AI22: 2
E23: 2： | F23: 庁内関係者と委託事業者間で必要に応じて意見交換の場を設けていた
E24: 3： | F24: 事業担当課にて報告様式を作成し、定期的に提出するよう促していた
E25: 4： | F25: 事業担当課にて報告様式を作成し、必要に応じて提出するよう促していた
E26: 5： | F26: 委託事業者に対する意見収集は行っていなかった
E27: 6： | F27: サービスの性質上、委託事業者が存在しない事業である（例：地域のスマート農業化支援に係る間接補助事業）
C29: ②サービス運用の工夫や改善点
C30: 4 | D30: サービス向上のために、どの程度サービス改善を実施したか
E31: 1：改善の取組を実施して、把握した課題（利用者等からの意見）を解消した | AE31: =IF(AI31>0,AI31,"未回答") -> 2 | AI31: 2
E32: 2：改善に向けて取組を実施している
E33: 3：改善に向けた取組の計画を策定した
E34: 4：課題（利用者等からの意見）は把握したが、改善の方策が定まっていない
E35: 5：課題（利用者等からの意見）の把握には至っていない、または事業評価を実施していない
C37: 5 | D37: サービス運用について、貴団体が実際に取り組んだ内容や工夫（サービス改善や機能の追加等）を具体的に記入してください
D38: 特に、以前の取組内容を踏まえて、追加で実施したものがあれば具体的にその経緯も含めて記入してください
D39: また、一般財源（予算）や事業収入（外部資金）を用いてサービス改善を行った場合、具体的にどのような財源を用いて、
D40: どのような取組を行ったのか、記入してください
D41: 例： | E41: サービス実装後に、住民に対して使用感等についてヒアリングを行い、改善点を洗い出した。また、今年度は予算を活用して、質問が多かった点に関して「利用マニュアル動画」を作成し、本市のホームページに掲載することで問合せ数を削減できるよう努め、サービスの提供環境を改善させた。こうした利用者満足度を高める取り組みを行ったことにより、KPIを達成することができた。
D44: サービス実装後は利用団体からのヒヤリングを行ったが期間が短く、多くの意見収集とはならなかった。 また、運用に際しては、試験運用期間を用いて、システム運用担当者から意見を収集し、本町における施設予約の現状と導入したシステムとのすりあわせを一定程度行ったため、予算を用いるようなサービス改善や機能の追加等は予定していないものの、引き続き、利用者を含めシステム運用担当者からも意見を収集し、利便性向上を図る。 | AE44: =IF(D44="","未回答",IF(LEN(D44)<200,LEN(D44)&"字 (字数 不足)",LEN(D44)&"字")) -> 201字 | AI44: =D44 -> サービス実装後は利用団体からのヒヤリングを行ったが期間が短く、多くの意見収集とはならなかった。 また、運用に際しては、試験運用期間を用いて、システム運用担当者から意見を収集し、本町における施設予約の現状と導入したシステムとのすりあわせを一定程度行ったため、予算を用いるようなサービス改善や機能の追加等は予定していないものの、引き続き、利用者を含めシステム運用担当者からも意見を収集し、利便性向上を図る。
C51: 6 | D51: サービスを実装・運用する上で、課題に感じたことをすべて選択してください（複数回答）
E52: a：サービス利用者のニーズ把握（使い勝手、改善要望の把握） | AE52: =IF(AND(AI58=TRUE,OR(AI52:AI57)=TRUE),"入力不備",IF(OR(AI52:AI58)=TRUE,CONCATENATE(AG52,AG53,AG54,AG55,AG56,AG57,AG58),"未回答")) -> a,d | AG52: =IF(AI52=TRUE,IF(OR(AI53:AI58)=TRUE,"a,","a"),"") -> a, | AI52: TRUE
E53: b：サービス運用・拡大に向けた関係者との連携強化 | AG53: =IF(AI53=TRUE,IF(OR(AI54:AI58)=TRUE,"b,","b"),"") | AI53: FALSE
E54: c：想定していた仕様とのかい離への対応（仕様書で想定していた通りのサービス実装ができなかった場合） | AG54: =IF(AI54=TRUE,IF(OR(AI55:AI58)=TRUE,"c,","c"),"") | AI54: FALSE
E55: d：評価・改善に向けた仕組みの構築（情報収集や改善のための計画策定） | AG55: =IF(AI55=TRUE,IF(OR(AI56:AI58)=TRUE,"d,","d"),"") -> d | AI55: TRUE
E56: e：委託事業者との改善に向けた協議・調整 | AG56: =IF(AI56=TRUE,IF(OR(AI57:AI58)=TRUE,"e,","e"),"") | AI56: FALSE
E57: f：その他 | AG57: =IF(AI57=TRUE,IF(AI58=TRUE,"f,","f"),"") | AI57: FALSE
E58: g：特になし | AG58: =IF(AI58=TRUE,"g","") | AI58: FALSE
D59: その他の内容 | AE59: =IF(AI57=FALSE,"―",IF(D60="","未回答","回答済")) -> ―
AI60: =D60 -> 0
C62: 7 | D62: 本シートに記載いただいた過年度の取組・課題を踏まえ、「サービス実装・運用」に関して、どのように今後取り組むか具体的に記入してください
D63: 設問6でチェックをつけた内容については、必ず記載を求めます
D64: 特に、意見収集の方法やサービスにおける機能追加についてどのように見直しを行い、アクションを起こすのか5W1Hを意識し、記入してください
D65: 例： | E65: ="今年度は利用者向けにアンケートを実施したものの、回答のしやすさを重視したため、簡易的な情報収集に留まった。改めて、利用者数の増加及び利用者満足度の向上を図るため、事業担当課で"&'【発出時非表示】評価対象年度入力'!$B$2+1&"年8月頃までに50名程度の利用者に対し、使用感等に関するヒアリングを行い機能改善箇所を明らかにする。そのうえで、事業担当課と事業者の定期的な打合せの頻度を上げることで、事業者との連携をより強化し、機能追加や利用者の操作画面の改善に係る方向性を9月までに固め、スケジュール感や予算感を事業者等と確認しながら、具体化する。" -> 今年度は利用者向けにアンケートを実施したものの、回答のしやすさを重視したため、簡易的な情報収集に留まった。改めて、利用者数の増加及び利用者満足度の向上を図るため、事業担当課で2026年8月頃までに50名程度の利用者に対し、使用感等に関するヒアリングを行い機能改善箇所を明らかにする。そのうえで、事業担当課と事業者の定期的な打合せの頻度を上げることで、事業者との連携をより強化し、機能追加や利用者の操作画面の改善に係る方向性を9月までに固め、スケジュール感や予算感を事業者等と確認しながら、具体化する。
D70: 今年度は利用団体に向けてヒヤリング等を実施したものの、実装からの期間も短く、利用者のニーズ把握とその対応策について具体的な方向性を示すまでには至らなかったことから、2026年度中に定期利用団体の利用実績報告用の電子フォームを活用するなど、多くの意見を集められるよう工夫し、より具体的な評価や要望を得ることで、改善に向けた方向性を検討し、必要に応じ予算措置を進めるなど、引き続き利用者の満足度を高められるよう努める。 | AE70: =IF(D70="","未回答",IF(LEN(D70)<200,LEN(D70)&"字 (字数 不足)",LEN(D70)&"字")) -> 207字 | AI70: =D70 -> 今年度は利用団体に向けてヒヤリング等を実施したものの、実装からの期間も短く、利用者のニーズ把握とその対応策について具体的な方向性を示すまでには至らなかったことから、2026年度中に定期利用団体の利用実績報告用の電子フォームを活用するなど、多くの意見を集められるよう工夫し、より具体的な評価や要望を得ることで、改善に向けた方向性を検討し、必要に応じ予算措置を進めるなど、引き続き利用者の満足度を高められるよう努める。

Sheet 3.周知・広報
C2: 3. 周知・広報 | AI2: ※発出時、列非表示
C4: ①情報発信の方法
C5: 1 | D5: サービス実装後に、利用拡大に向けて、どのように情報発信方法を見直していたか | AG5: =IF(AI5=TRUE,IF(OR(#REF!)=TRUE,"a,","a"),"")
D6: （何らかの理由でサービスの実装が遅れており、情報発信をできていない場合には、5を選択してください）
E7: 1： | F7: 現在の利用者層を把握したうえで、改めて訴求すべき利用者層を明確化して情報発信方法を適切に見直した | AE7: =IF(AI7>0,AI7,"未回答") -> 1 | AI7: 1
E8: 2： | F8: 現在の利用者層を把握したうえで、改めて訴求すべき利用者層を明確化しているが、情報発信方法は見直さなかった
E9: 3： | F9: 利用拡大に向けて訴求すべき利用者層は明確化していないものの、情報発信方法は適宜見直した
E10: 4： | F10: 現在の利用者層を把握できていないものの、情報発信方法は適宜見直した
E11: 5： | F11: 現在の利用者層を把握できておらず、情報発信方法も見直さなかった
C13: 2 | D13: 周知・広報活動に関与した関係者をすべて選択してください（複数回答） | AG13: =IF(AI13=TRUE,IF(OR(AI14:AI19)=TRUE,"a,","a"),"") -> a, | AI13: TRUE
D14: [f:その他]を選択した場合は、下段の[その他の関係者]欄に記入してください | AG14: =IF(AI14=TRUE,IF(OR(AI15:AI19)=TRUE,"b,","b"),"") | AI14: FALSE
E15: a：事業担当課 | K15: b：広報担当課 | V15: c：地域のステークホルダー | AE15: =IF(AND(AI19=TRUE,OR(AI13:AI18)=TRUE),"入力不備",IF(OR(AI13:AI19)=TRUE,CONCATENATE(AG13,AG14,AG15,AG16,AG17,AG18,AG19),"未回答")) -> a,c | AG15: =IF(AI15=TRUE,IF(OR(AI16:AI19)=TRUE,"c,","c"),"") -> c | AI15: TRUE
E16: d：委託事業者 | K16: e：プロモーション会社（広告を外注した場合） | V16: f：その他（関係者を下段に記入） | AG16: =IF(AI16=TRUE,IF(OR(AI17:AI19)=TRUE,"d,","d"),"") | AI16: FALSE
E17: g：周知・広報しなかった | AG17: =IF(AI17=TRUE,IF(OR(AI18:AI19)=TRUE,"e,","e"),"") | AI17: FALSE
D18: その他の関係者 | AE18: =IF(AI18=FALSE,"―",IF(D19="","未回答","回答済")) -> ― | AG18: =IF(AI18=TRUE,IF(AI19=TRUE,"f,","f"),"") | AI18: FALSE
AG19: =IF(AI19=TRUE,"g","") | AI19: FALSE
AI20: =D19 -> 0
C21: 3-1 | D21: 周知・広報活動に用いた情報発信方法を選択してください
D22: [f:その他]を選択した場合は、下段の[その他の情報発信方法]欄に記入してください
E23: a：サービス体験を含む説明会 | AE23: =IF(AND(AI29=TRUE,OR(AI23:AI28)=TRUE),"入力不備",IF(OR(AI23:AI29)=TRUE,CONCATENATE(AG23,AG24,AG25,AG26,AG27,AG28,AG29),"未回答")) -> b,f | AG23: =IF(AI23=TRUE,IF(OR(AI24:AI29)=TRUE,"a,","a"),"") | AI23: FALSE
E24: b：チラシ・ポスターの設置または配布 | AG24: =IF(AI24=TRUE,IF(OR(AI25:AI29)=TRUE,"b,","b"),"") -> b, | AI24: TRUE
E25: c：地方公共団体HP | AG25: =IF(AI25=TRUE,IF(OR(AI26:AI29)=TRUE,"c,","c"),"") | AI25: FALSE
E26: d：LINEやFacebook等の公式SNS | AG26: =IF(AI26=TRUE,IF(OR(AI27:AI29)=TRUE,"d,","d"),"") | AI26: FALSE
E27: e：広報誌 | AG27: =IF(AI27=TRUE,IF(OR(AI28:AI29)=TRUE,"e,","e"),"") | AI27: FALSE
E28: f：その他（具体的な情報発信媒体を下段に記入） | AG28: =IF(AI28=TRUE,IF(AI29=TRUE,"f,","f"),"") -> f | AI28: TRUE
E29: g：発信しなかった | AG29: =IF(AI29=TRUE,"g","") | AI29: FALSE
D30: その他の情報発信媒体 | AE30: =IF(AI28=FALSE,"―",IF(D31="","未回答","回答済")) -> 回答済
D31: 定期定期に施設の利用実績のある団体等に対し説明・周知を文書等にて行った | AI31: =D31 -> 定期定期に施設の利用実績のある団体等に対し説明・周知を文書等にて行った
C33: 3-2 | D33: 設問3-1で回答した周知・広報活動のうち、最も効果的だった情報発信方法について選択してください
E34: 1： | F34: サービス体験会を含む説明会 | AE34: =IF(AI34>0,AI34,"未回答") -> 6 | AI34: 6
E35: 2： | F35: チラシ・ポスターの設置または配付
E36: 3： | F36: 地方公共団体HP
E37: 4： | F37: LINEやFacebook等の公式SNS
E38: 5： | F38: 広報誌
E39: 6： | F39: その他
E40: 7： | F40: 発信しなかった
C42: ②周知・広報活動の工夫や改善点
C43: 4 | D43: 周知・広報活動について、貴団体が実際に取り組んだ内容（情報発信内容等）や工夫、その効果を具体的に記入してください
D44: 特に、事業2年目以降の場合には、過年度の取組内容を踏まえて、追加で実施したものがあれば具体的にその経緯も含めて記入してください
D45: また、一般財源（予算）や事業収入（外部資金）を用いてサービス改善を行った場合、具体的にどのような財源を用いて、
D46: どのような取組を行ったのか、記入してください
D47: 例： | E47: =IF('0.基礎情報'!$H$12="",'【発出時非表示】交付金予算年度別の文章'!$D$3,IF('0.基礎情報'!$H$12='【発出時非表示】プルダウンリスト'!$B$4,'【発出時非表示】交付金予算年度別の文章'!$D$4,IF('0.基礎情報'!$H$12='【発出時非表示】プルダウンリスト'!$B$5,'【発出時非表示】交付金予算年度別の文章'!$D$5,'【発出時非表示】交付金予算年度別の文章'!$D$6))) -> 本市のホームページへの掲載に加えて、外部委託にてサービス専用ホームページを作成するとともに、「利用イメージの動画」や「利用の始め方動画」を作成し、チラシの全戸配布で広く展開を行った。また、利用者の声（使ってみたら便利になった！等）も合わせて本市の公式YouTubeにて発信することで、具体的なメリットを訴求し更なる利用者の増加を図ることができた。
D51: 本システムの利用者は社会教育施設の利用を希望される方に限定されるため、これまで利用実績のある定期利用団体に対しては、本事業の運用開始に合わせて事前に事業の周知を行い、システムの利用方法等について個別の相談にも応じるなどしスムーズな移行を図った。また、新規の利用団体についても文書によるやりとりの際にシステムの利用マニュアルを作成し送付したほかシステムの利用促進に向け個別に案内をするなど、利用者の利便性が損なわれることのないよう、周知を行った。 | AE51: =IF(D51="","未回答",IF(LEN(D51)<200,LEN(D51)&"字 (字数 不足)",LEN(D51)&"字")) -> 222字 | AI51: =D51 -> 本システムの利用者は社会教育施設の利用を希望される方に限定されるため、これまで利用実績のある定期利用団体に対しては、本事業の運用開始に合わせて事前に事業の周知を行い、システムの利用方法等について個別の相談にも応じるなどしスムーズな移行を図った。また、新規の利用団体についても文書によるやりとりの際にシステムの利用マニュアルを作成し送付したほかシステムの利用促進に向け個別に案内をするなど、利用者の利便性が損なわれることのないよう、周知を行った。
C58: 5 | D58: 周知・広報を行う上で、課題に感じたことをすべて選択してください（複数回答）
E59: a：利用者層の特定 | AE59: =IF(AND(AI64=TRUE,OR(AI59:AI63)=TRUE),"入力不備",IF(OR(AI59:AI64)=TRUE,CONCATENATE(AG59,AG60,AG61,AG62,AG63,AG64),"未回答")) -> f | AG59: =IF(AI59=TRUE,IF(OR(AI60:AI64)=TRUE,"a,","a"),"") | AI59: FALSE
E60: b：利用者層に応じた情報発信方法の検討・改善 | AG60: =IF(AI60=TRUE,IF(OR(AI61:AI64)=TRUE,"b,","b"),"") | AI60: FALSE
E61: c：周知・広報期間の確保 | AG61: =IF(AI61=TRUE,IF(OR(AI62:AI64)=TRUE,"c,","c"),"") | AI61: FALSE
E62: d：周知・広報活動費用の確保 | AG62: =IF(AI62=TRUE,IF(OR(AI63:AI64)=TRUE,"d,","d"),"") | AI62: FALSE
E63: e：その他 | AG63: =IF(AI63=TRUE,IF(AI64=TRUE,"e,","e"),"") | AI63: FALSE
E64: f：特になし | AG64: =IF(AI64=TRUE,"f","") -> f | AI64: TRUE
D65: その他の内容 | AE65: =IF(AI63=FALSE,"―",IF(D66="","未回答","回答済")) -> ―
AI66: =D66 -> 0
C68: 6 | D68: 本シートに記載いただいた過年度の取組・課題を踏まえ、「周知・広報」に関して、どのように今後取り組むか具体的に記入してください
D69: 設問5でチェックをつけた内容については、必ず記載を求めます
D70: 特に、利用拡大に向けて、情報発信の方法や内容についてどのように見直しを行い、アクションを起こすのか5W1Hを意識し、記入してください
D71: 例： | E71: =IF('0.基礎情報'!$H$12="",'【発出時非表示】交付金予算年度別の文章'!$E$3,IF('0.基礎情報'!$H$12='【発出時非表示】プルダウンリスト'!$B$4,'【発出時非表示】交付金予算年度別の文章'!$E$4,IF('0.基礎情報'!$H$12='【発出時非表示】プルダウンリスト'!$B$5,'【発出時非表示】交付金予算年度別の文章'!$E$5,'【発出時非表示】交付金予算年度別の文章'!$E$6))) -> 本市の広報誌とプレスリリースのみの広報に止まっており、住民に対して効果的にサービス周知を行うことができなかった。 上記を踏まえて、本市の公式LINEでの定期的な発信や地元新聞やケーブルテレビ等でのタイアップ等しっかりと地域に浸透を図るよう、本市の広報担当課とも連携を密に行い展開していく。なお、本市の広報関連予算を活用し、2026年4～7月の間にサービスのPRイベントや折り込みチラシ等を実施し、まずはサービスを知ってもらうよう促していく。同時期に、推進体制に参画している商工会にも働きかけ、市内の各店舗でサービスの利用状況動画の放映やチラシの配布に協力してもらい、サービスの知名度の底上げを行っていく。そして、2026年8月頃に改めて利用者層別の認知度について調査を行い、10月以降の広報方法について担当原課、広報担当課、事業取りまとめ課の3者で再検討を行う。
D78: 本事業については、過去の施設の利用実績等を参考に、利用を想定される団体等を特定することが容易であるため、サービス運用開始以降、システムの利用登録者が増加していることから、今後利用が見込まれる団体等に対して引き続きこれまで同様にきめ細やかな周知を図っていくとともに、特に屋外体育施設の利用者が増加する夏季に向け、掲示物を準備するなど、施設の需要が高まる時期を想定し利用者拡大に向けた取り組みを進める。 | AE78: =IF(D78="","未回答",IF(LEN(D78)<200,LEN(D78)&"字 (字数 不足)",LEN(D78)&"字")) -> 200字 | AI78: =D78 -> 本事業については、過去の施設の利用実績等を参考に、利用を想定される団体等を特定することが容易であるため、サービス運用開始以降、システムの利用登録者が増加していることから、今後利用が見込まれる団体等に対して引き続きこれまで同様にきめ細やかな周知を図っていくとともに、特に屋外体育施設の利用者が増加する夏季に向け、掲示物を準備するなど、施設の需要が高まる時期を想定し利用者拡大に向けた取り組みを進める。

Sheet 4.評価・改善
C2: 4. 評価・改善 | AI2: ※発出時、列非表示
C4: ①事業の評価
C5: 1 | D5: 評価を行うために収集した情報を、すべて選択してください（複数回答）
D6: [f：その他]を選択した場合は、下段の[その他の情報]欄を記入してください | AG6: =IF(AI6=TRUE,IF(OR(AI7:AI12)=TRUE,"a,","a"),"") -> a, | AI6: TRUE
E7: a： | F7: 利用状況（利用者数・アプリのダウンロード数等） | R7: d： | S7: 地域のステークホルダーの満足度・意見 | AE7: =IF(AND(AI12=TRUE,OR(AI6:AI11)=TRUE),"入力不備",IF(OR(AI6:AI12)=TRUE,CONCATENATE(AG6,AG7,AG8,AG9,AG10,AG11,AG12),"未回答")) -> a,c,d | AG7: =IF(AI7=TRUE,IF(OR(AI8:AI12)=TRUE,"b,","b"),"") | AI7: FALSE
E8: b： | F8: 利用者満足度 | R8: e： | S8: 収支状況 | AG8: =IF(AI8=TRUE,IF(OR(AI9:AI12)=TRUE,"c,","c"),"") -> c, | AI8: TRUE
E9: c： | F9: 利用者（住民等）の苦情数やシステムエラーの | R9: f： | S9: その他（情報を下段に記入） | AG9: =IF(AI9=TRUE,IF(OR(AI10:AI12)=TRUE,"d,","d"),"") -> d | AI9: TRUE
F10: 発生件数（事業のリスク把握の観点） | R10: g： | S10: いずれも該当しない | AG10: =IF(AI10=TRUE,IF(OR(AI11:AI12)=TRUE,"e,","e"),"") | AI10: FALSE
D11: その他の情報 | AE11: =IF(AI11=FALSE,"―",IF(D12="","未回答","回答済")) -> ― | AG11: =IF(AI11=TRUE,IF(AI12=TRUE,"f,","f"),"") | AI11: FALSE
AG12: =IF(AI12=TRUE,"g","") | AI12: FALSE
AI13: =D12 -> 0
C14: 2 | D14: 各評価関係者を交えた評価の頻度について、最も当てはまるものを選択してください
D15: なお、記載の評価関係者がそもそも存在しない場合は、「評価を実施しなかった」を選択ください
D16: ※事業担当課以外の課室等の例：行政評価担当課等
D17: ※外部有識者の例：自治体DXに関する経験や知見を有する有識者や既存の評価体制に参画している有識者等
O18: ①月に 1回程度 実施 | R18: ②四半期に 1回程度 実施 | U18: ③半年に 1回程度 実施 | X18: ④必要な 場合のみ 実施 | AA18: ⑤評価を 実施 しなかった
D19: a：事業を担う原課内での評価 | AE19: =IF(AI19>0,AI19,"未回答") -> 1 | AI19: 1
D20: b：事業担当課以外の課室等を交えた評価 | AE20: =IF(AI20>0,AI20,"未回答") -> 2 | AI20: 2
D21: c：地域のステークホルダーを交えた評価 | AE21: =IF(AI21>0,AI21,"未回答") -> 3 | AI21: 3
D22: d：委託事業者を交えた評価 | AE22: =IF(AI22>0,AI22,"未回答") -> 4 | AI22: 4
D23: e：外部有識者を交えた評価 | AE23: =IF(AI23>0,AI23,"未回答") -> 4 | AI23: 4
C25: ②事業の改善
C26: 3 | D26: 評価を踏まえた改善状況について、当てはまるものを選択してください
E27: 1：改善の取組を実施して、把握した課題を解消した | AE27: =IF(AI27>0,AI27,"未回答") -> 2 | AI27: 2
E28: 2：改善に向け取組を実施している
E29: 3：改善に向けた取組の計画を策定した
E30: 4：事業評価を行い課題を把握したが、改善の方策が定まっていない
E31: 5：事業評価を実施したものの、課題の把握には至っていない
C33: 4 | D33: =IF('0.基礎情報'!$H$12="","「0.基礎情報」のシートで交付金予算年度を選択してから、ご回答をお願いいたします。交付金予算年度をご選択いただくと、設問が表示されます。",IF('0.基礎情報'!$H$12='【発出時非表示】プルダウンリスト'!$B$6,"「新しい地方経済・生活環境創生交付金（デジタル実装型TYPE1）」では、各地方公共団体において、交付金の具体的使途（実施計画上の","本問は回答不要です")) -> 「新しい地方経済・生活環境創生交付金（デジタル実装型TYPE1）」では、各地方公共団体において、交付金の具体的使途（実施計画上の
D34: =IF('0.基礎情報'!$H$12="","",IF('0.基礎情報'!$H$12='【発出時非表示】プルダウンリスト'!$B$6,"経費内訳に記載された内容）や実施体制、毎年度の効果検証の結果について、地方公共団体のウェブサイトにおいて公表することが求められている","")) -> 経費内訳に記載された内容）や実施体制、毎年度の効果検証の結果について、地方公共団体のウェブサイトにおいて公表することが求められている
D35: =IF('0.基礎情報'!$H$12="","",IF('0.基礎情報'!$H$12='【発出時非表示】プルダウンリスト'!$B$6,"ついては、現在の対応状況について選択するとともに、公表している場合は、公表ウェブページのURLを記入ください","")) -> ついては、現在の対応状況について選択するとともに、公表している場合は、公表ウェブページのURLを記入ください
K36: ①公表している | P36: ②公表準備中である | U36: 公表ウェブページのURL
D37: a：交付金の具体的使途 | AE37: =IF('0.基礎情報'!$H$12="","―",IF('0.基礎情報'!$H$12='【発出時非表示】プルダウンリスト'!$B$6,IF(AI37=2,AI37,IF(AND(AI37=1,U37<>""),AI37,"未回答")),"―")) -> 2 | AI37: 2
D38: b：実施体制 | AE38: =IF('0.基礎情報'!$H$12="","―",IF('0.基礎情報'!$H$12='【発出時非表示】プルダウンリスト'!$B$6,IF(AI38=2,AI38,IF(AND(AI38=1,U38<>""),AI38,"未回答")),"―")) -> 2 | AI38: 2
D39: c：毎年度の効果検証の結果 | AE39: =IF('0.基礎情報'!$H$12="","―",IF('0.基礎情報'!$H$12='【発出時非表示】プルダウンリスト'!$B$6,IF(AI39=2,AI39,IF(AND(AI39=1,U39<>""),AI39,"未回答")),"―")) -> 2 | AI39: 2
C41: ③評価・改善活動の工夫や改善点
C42: 5 | D42: 事業評価について、貴団体が実際に取り組んだ内容と工夫を具体的に記載してください
D43: 特に、事業2年目以降の場合には、過年度の取組内容を踏まえて、追加で実施したものがあれば具体的にその経緯も含めて記入してください
D44: 例： | E44: =IF('0.基礎情報'!$H$12="",'【発出時非表示】交付金予算年度別の文章'!$F$3,IF('0.基礎情報'!$H$12='【発出時非表示】プルダウンリスト'!$B$4,'【発出時非表示】交付金予算年度別の文章'!$F$4,IF('0.基礎情報'!$H$12='【発出時非表示】プルダウンリスト'!$B$5,'【発出時非表示】交付金予算年度別の文章'!$F$5,'【発出時非表示】交付金予算年度別の文章'!$F$6))) -> 事業への客観的な評価と改善に向けた意見を聴取するため、大学教授や外部企業が参画する「外部評価委員会」を設置した。 住民モニターからのモニタリング報告を受けるとともに、本市のホームページにサービスの改善意見を募集することで、利用者の要望を即座にサービスに反映させる仕組みを設けることでPDCAサイクルを迅速に回すことができた。
D48: 本システムの利用者は社会教育施設の利用者であり、特定が容易であるため、直接ヒヤリングを行うことが可能であり、いただいた評価や要望等を今後の改善策等に反映しやすいため、予算を講じずに対策できる部分については随時、工夫をしつつ取り組んでいる。また、今後は本町のスポーツ振興における諮問機関である「倶知安町スポーツ推進審議会」への報告などにより、フィードバックを行い、利用者の声とあわせて事業の満足度上昇に向けた改善に繋げる。 | AE48: =IF(D48="","未回答",IF(LEN(D48)<200,LEN(D48)&"字 (字数 不足)",LEN(D48)&"字")) -> 210字 | AI48: =D48 -> 本システムの利用者は社会教育施設の利用者であり、特定が容易であるため、直接ヒヤリングを行うことが可能であり、いただいた評価や要望等を今後の改善策等に反映しやすいため、予算を講じずに対策できる部分については随時、工夫をしつつ取り組んでいる。また、今後は本町のスポーツ振興における諮問機関である「倶知安町スポーツ推進審議会」への報告などにより、フィードバックを行い、利用者の声とあわせて事業の満足度上昇に向けた改善に繋げる。
C55: 6 | D55: 評価・改善を行う上で、課題に感じたことをすべて選択してください（複数回答）
E56: a：事業評価を行うための情報収集（十分な量のフィードバックの確保等） | AE56: =IF(AND(AI62=TRUE,OR(AI56:AI61)=TRUE),"入力不備",IF(OR(AI56:AI62)=TRUE,CONCATENATE(AG56,AG57,AG58,AG59,AG60,AG61,AG62),"未回答")) -> g | AG56: =IF(AI56=TRUE,IF(OR(AI57:AI62)=TRUE,"a,","a"),"") | AI56: FALSE
E57: b：事業改善を行うための体制構築（庁内、地域のステークホルダー、委託事業者、外部有識者との体制） | AG57: =IF(AI57=TRUE,IF(OR(AI58:AI62)=TRUE,"b,","b"),"") | AI57: FALSE
E58: c：定期的かつ密な事業評価の実施 | AG58: =IF(AI58=TRUE,IF(OR(AI59:AI62)=TRUE,"c,","c"),"") | AI58: FALSE
E59: d：事業評価結果に基づいた事業の改善策の検討 | AG59: =IF(AI59=TRUE,IF(OR(AI60:AI62)=TRUE,"d,","d"),"") | AI59: FALSE
E60: e：事業評価結果に基づいた事業改善の実施（マニュアル作成等を含む） | AG60: =IF(AI60=TRUE,IF(OR(AI61:AI62)=TRUE,"e,","e"),"") | AI60: FALSE
E61: f：その他 | AG61: =IF(AI61=TRUE,IF(AI62=TRUE,"f,","f"),"") | AI61: FALSE
E62: ｇ：特になし | AG62: =IF(AI62=TRUE,"g","") -> g | AI62: TRUE
D63: その他の内容 | AE63: =IF(AI61=FALSE,"―",IF(D64="","未回答","回答済")) -> ―
AI64: =D64 -> 0
C66: 7 | D66: 上記で選択した課題について、どのように改善をしていくのかを記入してください
D67: 設問6でチェックをつけた内容については、必ず記載を求めます
D68: 特に、事業評価・効果検証の実施についてどのように見直しを行い、アクションを起こすのか5W1Hを意識し、記入してください
D69: 例： | E69: =IF('0.基礎情報'!$H$12="",'【発出時非表示】交付金予算年度別の文章'!$G$3,IF('0.基礎情報'!$H$12='【発出時非表示】プルダウンリスト'!$B$4,'【発出時非表示】交付金予算年度別の文章'!$G$4,IF('0.基礎情報'!$H$12='【発出時非表示】プルダウンリスト'!$B$5,'【発出時非表示】交付金予算年度別の文章'!$G$5,'【発出時非表示】交付金予算年度別の文章'!$G$6))) -> 評価にあたり、利用者と関係の深い地域のステークホルダーの意見や満足度については把握していたものの、利用者アンケートの回答率が低く、利用者の満足度や要望は十分に把握できておらず、改善に向けた材料が不足していた。今後は利用者からより多くの情報を収集する取組として、サービス利用者にその場でアンケートに回答してもらったり、回答者にクーポンを発行したり、一部利用者にヒアリングに協力してもらったりするなど、複数の取組を2026年9月までに実施したうえで、有効だった取組については継続して定期的に行うようにする。同時に、データに基づいたデジタルに知見のある外部の人材からアドバイスコメントをもらうことや四半期に1回の事業評価や効果検証を外部有識者を交えて実施することで、利用者とは別の客観的視点でサービスへの意見を収集し、より効果的に改善活動を実施していく。
D76: 本事業は、社会教育施設の利用を希望する団体に限定されており、個人利用者を含めた広く一般からの意見収集が困難であり、諮問機関からの意見も含め必要なフィードバックは得ているものの、広く一般住民を対象とした事業と比較し、必然的にサンプル数としては少ないのが現状である。 また、事業の性質上あくまでこれまで対面で行っていたやりとりがデジタル化するもので、スマートロックの操作等にあっては、利用者による操作等が必須であることから、導入したシステムへのフィードバックよりも施設・設備への改善要望等が多くなる傾向にあり、施設の物理的な改善等も含め、今後検討していく必要がある。 | AE76: =IF(D76="","未回答",IF(LEN(D76)<200,LEN(D76)&"字 (字数 不足)",LEN(D76)&"字")) -> 281字 | AI76: =D76 -> 本事業は、社会教育施設の利用を希望する団体に限定されており、個人利用者を含めた広く一般からの意見収集が困難であり、諮問機関からの意見も含め必要なフィードバックは得ているものの、広く一般住民を対象とした事業と比較し、必然的にサンプル数としては少ないのが現状である。 また、事業の性質上あくまでこれまで対面で行っていたやりとりがデジタル化するもので、スマートロックの操作等にあっては、利用者による操作等が必須であることから、導入したシステムへのフィードバックよりも施設・設備への改善要望等が多くなる傾向にあり、施設の物理的な改善等も含め、今後検討していく必要がある。

Sheet 5.最終年度の振り返り
B2: サービスごとに、3年間の振り返りをご記載ください。 | X2: ※発出時、列非表示
B4: No.
B5: ① | C5: ＜事業評価＞
C6: 3年間を通じた目標達成状況についてお伺いします。 | X6: =I8 -> 0
F8: KPI達成個数割合 | I8: =IFERROR(Q8/N8,"") -> 0 | L8: （KPI設定個数 | N8: =15-COUNTIF(E16:H45,"―") -> 5 | P8: KPI達成個数 | Q8: =COUNTIF(J16:J45,"達成")+COUNTIF(J16:J45,"大幅に達成") -> 0 | R8: ） | X8: =N8 -> 5
C10: 1 | D10: 下記のKPIの中で「達成状況」が「大幅に達成」、「未達成」、「未計測」と表示されたKPIについて、3年間の事業実施状況を踏まえたうえで、その要因を改めて記載すること。 | X10: =Q8 -> 0
D11: ※自治体側でコントロールが難しい「外部要因」と、自治体側である程度制御可能な「内部要因」に分けて、具体的に記載してください。
D12: ※今年度だけではなく、これまで3年間での取組も含めて、要因として考えられることを記載してください。
D13: ※なお、3年目実績値が未計測の場合には、直近で計測した年度の実績値を用いて、3年目KPI目標の達成状況を判定しています。3年間未計測の場合は「未計測」と表示されます。
E15: KPIの名称 | J15: 達成状況 | L15: 大幅に達成・未達成・未計測の理由
D16: 1 | E16: =IF('0.基礎情報'!C170=0,"―",'0.基礎情報'!C170) -> システム経由の予約件数割合 | J16: =IF(E16="―","―",IF(X16="未計測","未計測",IF(X16="未達成","未達成",IF(X16="達成",IF(AND(ISNUMBER(X17),X17>=1.4),"大幅に達成","達成"),"判定不能")))) -> 判定不能 | L16: 外部要因 | U16: =IF(J16="―","―",IF(J16="達成","―",IF(M16="","未回答",LEN(M16)&"字"))) -> 未回答 | X16: =IF('0.基礎情報'!BE176="未計測",IF('0.基礎情報'!BF176="未計測",IF('0.基礎情報'!BG176="未計測","未計測",'0.基礎情報'!AX172),'0.基礎情報'!AX174),'0.基礎情報'!AX176)
L17: 内部要因 | U17: =IF(J16="―","―",IF(J16="達成","―",IF(M17="","未回答",LEN(M17)&"字"))) -> 未回答 | X17: =IF('0.基礎情報'!BE176="未計測",IF('0.基礎情報'!BF176="未計測",IF('0.基礎情報'!BG176="未計測","未計測",'0.基礎情報'!BG176),'0.基礎情報'!BF176),'0.基礎情報'!BE176)
D18: 2 | E18: =IF('0.基礎情報'!C218=0,"―",'0.基礎情報'!C218) -> システム利用登録済みの利用者数 | J18: =IF(E18="―","―",IF(X18="未計測","未計測",IF(X18="未達成","未達成",IF(X18="達成",IF(AND(ISNUMBER(X19),X19>=1.4),"大幅に達成","達成"),"判定不能")))) -> 判定不能 | L18: 外部要因 | U18: =IF(J18="―","―",IF(J18="達成","―",IF(M18="","未回答",LEN(M18)&"字"))) -> 未回答 | X18: =IF('0.基礎情報'!BE224="未計測",IF('0.基礎情報'!BF224="未計測",IF('0.基礎情報'!BG224="未計測","未計測",'0.基礎情報'!AX220),'0.基礎情報'!AX222),'0.基礎情報'!AX224)
L19: 内部要因 | U19: =IF(J18="―","―",IF(J18="達成","―",IF(M19="","未回答",LEN(M19)&"字"))) -> 未回答 | X19: =IF('0.基礎情報'!BE224="未計測",IF('0.基礎情報'!BF224="未計測",IF('0.基礎情報'!BG224="未計測","未計測",'0.基礎情報'!BG224),'0.基礎情報'!BF224),'0.基礎情報'!BE224)
D20: 3 | E20: =IF('0.基礎情報'!C266=0,"―",'0.基礎情報'!C266) -> スマートロックの整備施設件数 | J20: =IF(E20="―","―",IF(X20="未計測","未計測",IF(X20="未達成","未達成",IF(X20="達成",IF(AND(ISNUMBER(X21),X21>=1.4),"大幅に達成","達成"),"判定不能")))) -> 判定不能 | L20: 外部要因 | U20: =IF(J20="―","―",IF(J20="達成","―",IF(M20="","未回答",LEN(M20)&"字"))) -> 未回答 | X20: =IF('0.基礎情報'!BE272="未計測",IF('0.基礎情報'!BF272="未計測",IF('0.基礎情報'!BG272="未計測","未計測",'0.基礎情報'!AX268),'0.基礎情報'!AX270),'0.基礎情報'!AX272)
L21: 内部要因 | U21: =IF(J20="―","―",IF(J20="達成","―",IF(M21="","未回答",LEN(M21)&"字"))) -> 未回答 | X21: =IF('0.基礎情報'!BE272="未計測",IF('0.基礎情報'!BF272="未計測",IF('0.基礎情報'!BG272="未計測","未計測",'0.基礎情報'!BG272),'0.基礎情報'!BF272),'0.基礎情報'!BE272)
D22: 4 | E22: =IF('0.基礎情報'!C314=0,"―",'0.基礎情報'!C314) -> システム導入に伴うアナログ対応時間の短縮効果 | J22: =IF(E22="―","―",IF(X22="未計測","未計測",IF(X22="未達成","未達成",IF(X22="達成",IF(AND(ISNUMBER(X23),X23>=1.4),"大幅に達成","達成"),"判定不能")))) -> 判定不能 | L22: 外部要因 | U22: =IF(J22="―","―",IF(J22="達成","―",IF(M22="","未回答",LEN(M22)&"字"))) -> 未回答 | X22: =IF('0.基礎情報'!BE320="未計測",IF('0.基礎情報'!BF320="未計測",IF('0.基礎情報'!BG320="未計測","未計測",'0.基礎情報'!AX316),'0.基礎情報'!AX318),'0.基礎情報'!AX320)
L23: 内部要因 | U23: =IF(J22="―","―",IF(J22="達成","―",IF(M23="","未回答",LEN(M23)&"字"))) -> 未回答 | X23: =IF('0.基礎情報'!BE320="未計測",IF('0.基礎情報'!BF320="未計測",IF('0.基礎情報'!BG320="未計測","未計測",'0.基礎情報'!BG320),'0.基礎情報'!BF320),'0.基礎情報'!BE320)
D24: 5 | E24: =IF('0.基礎情報'!C362=0,"―",'0.基礎情報'!C362) -> システム導入に伴い利便性向上を実感した利用者の割合 | J24: =IF(E24="―","―",IF(X24="未計測","未計測",IF(X24="未達成","未達成",IF(X24="達成",IF(AND(ISNUMBER(X25),X25>=1.4),"大幅に達成","達成"),"判定不能")))) -> 判定不能 | L24: 外部要因 | U24: =IF(J24="―","―",IF(J24="達成","―",IF(M24="","未回答",LEN(M24)&"字"))) -> 未回答 | X24: =IF('0.基礎情報'!BE368="未計測",IF('0.基礎情報'!BF368="未計測",IF('0.基礎情報'!BG368="未計測","未計測",'0.基礎情報'!AX364),'0.基礎情報'!AX366),'0.基礎情報'!AX368)
L25: 内部要因 | U25: =IF(J24="―","―",IF(J24="達成","―",IF(M25="","未回答",LEN(M25)&"字"))) -> 未回答 | X25: =IF('0.基礎情報'!BE368="未計測",IF('0.基礎情報'!BF368="未計測",IF('0.基礎情報'!BG368="未計測","未計測",'0.基礎情報'!BG368),'0.基礎情報'!BF368),'0.基礎情報'!BE368)
D26: 6 | E26: =IF('0.基礎情報'!C410=0,"―",'0.基礎情報'!C410) -> ― | J26: =IF(E26="―","―",IF(X26="未計測","未計測",IF(X26="未達成","未達成",IF(X26="達成",IF(AND(ISNUMBER(X27),X27>=1.4),"大幅に達成","達成"),"判定不能")))) -> ― | L26: 外部要因 | U26: =IF(J26="―","―",IF(J26="達成","―",IF(M26="","未回答",LEN(M26)&"字"))) -> ― | X26: =IF('0.基礎情報'!BE416="未計測",IF('0.基礎情報'!BF416="未計測",IF('0.基礎情報'!BG416="未計測","未計測",'0.基礎情報'!AX412),'0.基礎情報'!AX414),'0.基礎情報'!AX416)
L27: 内部要因 | U27: =IF(J26="―","―",IF(J26="達成","―",IF(M27="","未回答",LEN(M27)&"字"))) -> ― | X27: =IF('0.基礎情報'!BE416="未計測",IF('0.基礎情報'!BF416="未計測",IF('0.基礎情報'!BG416="未計測","未計測",'0.基礎情報'!BG416),'0.基礎情報'!BF416),'0.基礎情報'!BE416)
D28: 7 | E28: =IF('0.基礎情報'!C458=0,"―",'0.基礎情報'!C458) -> ― | J28: =IF(E28="―","―",IF(X28="未計測","未計測",IF(X28="未達成","未達成",IF(X28="達成",IF(AND(ISNUMBER(X29),X29>=1.4),"大幅に達成","達成"),"判定不能")))) -> ― | L28: 外部要因 | U28: =IF(J28="―","―",IF(J28="達成","―",IF(M28="","未回答",LEN(M28)&"字"))) -> ― | X28: =IF('0.基礎情報'!BE464="未計測",IF('0.基礎情報'!BF464="未計測",IF('0.基礎情報'!BG464="未計測","未計測",'0.基礎情報'!AX460),'0.基礎情報'!AX462),'0.基礎情報'!AX464)
L29: 内部要因 | U29: =IF(J28="―","―",IF(J28="達成","―",IF(M29="","未回答",LEN(M29)&"字"))) -> ― | X29: =IF('0.基礎情報'!BE464="未計測",IF('0.基礎情報'!BF464="未計測",IF('0.基礎情報'!BG464="未計測","未計測",'0.基礎情報'!BG464),'0.基礎情報'!BF464),'0.基礎情報'!BE464)
D30: 8 | E30: =IF('0.基礎情報'!C506=0,"―",'0.基礎情報'!C506) -> ― | J30: =IF(E30="―","―",IF(X30="未計測","未計測",IF(X30="未達成","未達成",IF(X30="達成",IF(AND(ISNUMBER(X31),X31>=1.4),"大幅に達成","達成"),"判定不能")))) -> ― | L30: 外部要因 | U30: =IF(J30="―","―",IF(J30="達成","―",IF(M30="","未回答",LEN(M30)&"字"))) -> ― | X30: =IF('0.基礎情報'!BE512="未計測",IF('0.基礎情報'!BF512="未計測",IF('0.基礎情報'!BG512="未計測","未計測",'0.基礎情報'!AX508),'0.基礎情報'!AX510),'0.基礎情報'!AX512)
L31: 内部要因 | U31: =IF(J30="―","―",IF(J30="達成","―",IF(M31="","未回答",LEN(M31)&"字"))) -> ― | X31: =IF('0.基礎情報'!BE512="未計測",IF('0.基礎情報'!BF512="未計測",IF('0.基礎情報'!BG512="未計測","未計測",'0.基礎情報'!BG512),'0.基礎情報'!BF512),'0.基礎情報'!BE512)
D32: 9 | E32: =IF('0.基礎情報'!C554=0,"―",'0.基礎情報'!C554) -> ― | J32: =IF(E32="―","―",IF(X32="未計測","未計測",IF(X32="未達成","未達成",IF(X32="達成",IF(AND(ISNUMBER(X33),X33>=1.4),"大幅に達成","達成"),"判定不能")))) -> ― | L32: 外部要因 | U32: =IF(J32="―","―",IF(J32="達成","―",IF(M32="","未回答",LEN(M32)&"字"))) -> ― | X32: =IF('0.基礎情報'!BE560="未計測",IF('0.基礎情報'!BF560="未計測",IF('0.基礎情報'!BG560="未計測","未計測",'0.基礎情報'!AX556),'0.基礎情報'!AX558),'0.基礎情報'!AX560)
L33: 内部要因 | U33: =IF(J32="―","―",IF(J32="達成","―",IF(M33="","未回答",LEN(M33)&"字"))) -> ― | X33: =IF('0.基礎情報'!BE560="未計測",IF('0.基礎情報'!BF560="未計測",IF('0.基礎情報'!BG560="未計測","未計測",'0.基礎情報'!BG560),'0.基礎情報'!BF560),'0.基礎情報'!BE560)
D34: 10 | E34: =IF('0.基礎情報'!C602=0,"―",'0.基礎情報'!C602) -> ― | J34: =IF(E34="―","―",IF(X34="未計測","未計測",IF(X34="未達成","未達成",IF(X34="達成",IF(AND(ISNUMBER(X35),X35>=1.4),"大幅に達成","達成"),"判定不能")))) -> ― | L34: 外部要因 | U34: =IF(J34="―","―",IF(J34="達成","―",IF(M34="","未回答",LEN(M34)&"字"))) -> ― | X34: =IF('0.基礎情報'!BE608="未計測",IF('0.基礎情報'!BF608="未計測",IF('0.基礎情報'!BG608="未計測","未計測",'0.基礎情報'!AX604),'0.基礎情報'!AX606),'0.基礎情報'!AX608)
L35: 内部要因 | U35: =IF(J34="―","―",IF(J34="達成","―",IF(M35="","未回答",LEN(M35)&"字"))) -> ― | X35: =IF('0.基礎情報'!BE608="未計測",IF('0.基礎情報'!BF608="未計測",IF('0.基礎情報'!BG608="未計測","未計測",'0.基礎情報'!BG608),'0.基礎情報'!BF608),'0.基礎情報'!BE608)
D36: 11 | E36: =IF('0.基礎情報'!C650=0,"―",'0.基礎情報'!C650) -> ― | J36: =IF(E36="―","―",IF(X36="未計測","未計測",IF(X36="未達成","未達成",IF(X36="達成",IF(AND(ISNUMBER(X37),X37>=1.4),"大幅に達成","達成"),"判定不能")))) -> ― | L36: 外部要因 | U36: =IF(J36="―","―",IF(J36="達成","―",IF(M36="","未回答",LEN(M36)&"字"))) -> ― | X36: =IF('0.基礎情報'!BE656="未計測",IF('0.基礎情報'!BF656="未計測",IF('0.基礎情報'!BG656="未計測","未計測",'0.基礎情報'!AX652),'0.基礎情報'!AX654),'0.基礎情報'!AX656)
L37: 内部要因 | U37: =IF(J36="―","―",IF(J36="達成","―",IF(M37="","未回答",LEN(M37)&"字"))) -> ― | X37: =IF('0.基礎情報'!BE656="未計測",IF('0.基礎情報'!BF656="未計測",IF('0.基礎情報'!BG656="未計測","未計測",'0.基礎情報'!BG656),'0.基礎情報'!BF656),'0.基礎情報'!BE656)
D38: 12 | E38: =IF('0.基礎情報'!C698=0,"―",'0.基礎情報'!C698) -> ― | J38: =IF(E38="―","―",IF(X38="未計測","未計測",IF(X38="未達成","未達成",IF(X38="達成",IF(AND(ISNUMBER(X39),X39>=1.4),"大幅に達成","達成"),"判定不能")))) -> ― | L38: 外部要因 | U38: =IF(J38="―","―",IF(J38="達成","―",IF(M38="","未回答",LEN(M38)&"字"))) -> ― | X38: =IF('0.基礎情報'!BE704="未計測",IF('0.基礎情報'!BF704="未計測",IF('0.基礎情報'!BG704="未計測","未計測",'0.基礎情報'!AX700),'0.基礎情報'!AX702),'0.基礎情報'!AX704)
L39: 内部要因 | U39: =IF(J38="―","―",IF(J38="達成","―",IF(M39="","未回答",LEN(M39)&"字"))) -> ― | X39: =IF('0.基礎情報'!BE704="未計測",IF('0.基礎情報'!BF704="未計測",IF('0.基礎情報'!BG704="未計測","未計測",'0.基礎情報'!BG704),'0.基礎情報'!BF704),'0.基礎情報'!BE704)
D40: 13 | E40: =IF('0.基礎情報'!C746=0,"―",'0.基礎情報'!C746) -> ― | J40: =IF(E40="―","―",IF(X40="未計測","未計測",IF(X40="未達成","未達成",IF(X40="達成",IF(AND(ISNUMBER(X41),X41>=1.4),"大幅に達成","達成"),"判定不能")))) -> ― | L40: 外部要因 | U40: =IF(J40="―","―",IF(J40="達成","―",IF(M40="","未回答",LEN(M40)&"字"))) -> ― | X40: =IF('0.基礎情報'!BE752="未計測",IF('0.基礎情報'!BF752="未計測",IF('0.基礎情報'!BG752="未計測","未計測",'0.基礎情報'!AX748),'0.基礎情報'!AX750),'0.基礎情報'!AX752)
L41: 内部要因 | U41: =IF(J40="―","―",IF(J40="達成","―",IF(M41="","未回答",LEN(M41)&"字"))) -> ― | X41: =IF('0.基礎情報'!BE752="未計測",IF('0.基礎情報'!BF752="未計測",IF('0.基礎情報'!BG752="未計測","未計測",'0.基礎情報'!BG752),'0.基礎情報'!BF752),'0.基礎情報'!BE752)
D42: 14 | E42: =IF('0.基礎情報'!C794=0,"―",'0.基礎情報'!C794) -> ― | J42: =IF(E42="―","―",IF(X42="未計測","未計測",IF(X42="未達成","未達成",IF(X42="達成",IF(AND(ISNUMBER(X43),X43>=1.4),"大幅に達成","達成"),"判定不能")))) -> ― | L42: 外部要因 | U42: =IF(J42="―","―",IF(J42="達成","―",IF(M42="","未回答",LEN(M42)&"字"))) -> ― | X42: =IF('0.基礎情報'!BE800="未計測",IF('0.基礎情報'!BF800="未計測",IF('0.基礎情報'!BG800="未計測","未計測",'0.基礎情報'!AX796),'0.基礎情報'!AX798),'0.基礎情報'!AX800)
L43: 内部要因 | U43: =IF(J42="―","―",IF(J42="達成","―",IF(M43="","未回答",LEN(M43)&"字"))) -> ― | X43: =IF('0.基礎情報'!BE800="未計測",IF('0.基礎情報'!BF800="未計測",IF('0.基礎情報'!BG800="未計測","未計測",'0.基礎情報'!BG800),'0.基礎情報'!BF800),'0.基礎情報'!BE800)
D44: 15 | E44: =IF('0.基礎情報'!C842=0,"―",'0.基礎情報'!C842) -> ― | J44: =IF(E44="―","―",IF(X44="未計測","未計測",IF(X44="未達成","未達成",IF(X44="達成",IF(AND(ISNUMBER(X45),X45>=1.4),"大幅に達成","達成"),"判定不能")))) -> ― | L44: 外部要因 | U44: =IF(J44="―","―",IF(J44="達成","―",IF(M44="","未回答",LEN(M44)&"字"))) -> ― | X44: =IF('0.基礎情報'!BE848="未計測",IF('0.基礎情報'!BF848="未計測",IF('0.基礎情報'!BG848="未計測","未計測",'0.基礎情報'!AX844),'0.基礎情報'!AX846),'0.基礎情報'!AX848)
L45: 内部要因 | U45: =IF(J44="―","―",IF(J44="達成","―",IF(M45="","未回答",LEN(M45)&"字"))) -> ― | X45: =IF('0.基礎情報'!BE848="未計測",IF('0.基礎情報'!BF848="未計測",IF('0.基礎情報'!BG848="未計測","未計測",'0.基礎情報'!BG848),'0.基礎情報'!BF848),'0.基礎情報'!BE848)
B47: ② | C47: ＜総括＞
C48: 3年間を通じた事業効果についてお伺いします。
C50: 2 | D50: 3年間の投入総金額について記載すること（過去の実績報告や事業実施報告等に記載の経費を参考にすること）。
F51: 千円 | U51: =IF(D51="","未回答","回答済") -> 未回答
C53: 3 | D53: 事業を開始するに当たって抱いていた課題認識（事業により解決を目指していた課題）について、サービス利用者側（住民等）とサービス提供者側（職員等）に分けて、改めて記載すること。
D54: サービス利用者 | F54: aaaaaaaaaaaaaaaaaaaaaaaaaaaaaaaaaaaaaaaaaaaaaaaaaaaaaaaaaaaaaaaaaaaaaaaaaaaaaaaaaaaaaaaaaaaaaaaaaaaaaaaaaaaaaaaaaaaaaaaaaaaaaaaaaaaaaaaaaaaaaaaaaaaaaaaaaaaaaaaaaaaaaaaaaaaaaaaaaaaaaaaaaaaaaaaaaaaaaaaaaaaaaaaaaaaaaaaaaaaaaaa | U54: =IF(F54="","未回答",IF(LEN(F54)<200,LEN(F54)&"字 (字数 不足)",LEN(F54)&"字")) -> 223字
D55: サービス提供者 | U55: =IF(F55="","未回答",IF(LEN(F55)<200,LEN(F55)&"字 (字数 不足)",LEN(F55)&"字")) -> 未回答
C57: 4 | D57: ③で記載した課題認識に対して、本事業を実施することにより得られた成果を、サービス利用者側（住民等）とサービス提供者側（職員等）に分けて、記載すること。
D58: その際、実施計画策定当初の事業目的のうち、何割程度を達成できたか、選択すること。
D59: ※選択欄については、KPIの達成状況にかかわらず、当初抱いていた課題がどの程度解決されたかという実情に基づき、記載してください。
D60: ※記述欄については、事業目的をどの程度達成できたのかについて、具体的に記載してください（例：●●までは達成できたが、××までには至らなかった。）。
D61: サービス利用者 | U61: =IF(OR(F61="",J61=""),"未回答",IF(LEN(J61)<200,LEN(J61)&"字 (字数 不足)",LEN(J61)&"字")) -> 未回答
D62: サービス提供者 | U62: =IF(OR(F62="",J62=""),"未回答",IF(LEN(J62)<200,LEN(J62)&"字 (字数 不足)",LEN(J62)&"字")) -> 未回答
C64: 5 | D64: 当初の課題認識や、本事業を実施する中で新たに生じた課題のうち、解決できずに残された課題について、サービス利用者側（住民等）とサービス提供者側（職員等）に分けて、記載すること。
D65: ※解決に至らなかった理由や反省を含めて、具体的に記載してください。
D66: サービス利用者 | U66: =IF(F66="","未回答",IF(LEN(F66)<200,LEN(F66)&"字 (字数 不足)",LEN(F66)&"字")) -> 未回答
D67: サービス提供者 | U67: =IF(F67="","未回答",IF(LEN(F67)<200,LEN(F67)&"字 (字数 不足)",LEN(F67)&"字")) -> 未回答
C69: 6 | D69: デジタル実装によって、KPI以外で得られた効果（副次的効果）があれば記載すること。ない場合には「なし」と記載すること。
U70: =IF(D70="","未回答","回答済") -> 未回答
C72: 7 | D72: 本サービスによる庁内でのデジタル意識醸成への寄与度合について、選択すること。またその理由を記載すること。
U73: =IF(OR(D73="",J73=""),"未回答",IF(LEN(J73)<200,LEN(J73)&"字 (字数 不足)",LEN(J73)&"字")) -> 未回答
C75: 8 | D75: 本サービスによる地域への波及効果（例：経済波及効果の向上、関係人口の増加）について、選択すること。またその理由を記載すること。
U76: =IF(OR(D76="",J76=""),"未回答",IF(LEN(J76)<200,LEN(J76)&"字 (字数 不足)",LEN(J76)&"字")) -> 未回答
C78: 9 | D78: 国への提言や要望があれば、記載すること。ない場合には「なし」と記載すること。
U79: =IF(D79="","未回答","回答済") -> 未回答
B81: ③ | C81: ＜確認＞
C82: 10 | D82: =IF('0.基礎情報'!$H$12="",'【発出時非表示】交付金予算年度別の文章'!$H$3,IF('0.基礎情報'!$H$12='【発出時非表示】プルダウンリスト'!$B$4,'【発出時非表示】交付金予算年度別の文章'!$H$4,IF('0.基礎情報'!$H$12='【発出時非表示】プルダウンリスト'!$B$5,'【発出時非表示】交付金予算年度別の文章'!$H$5,'【発出時非表示】交付金予算年度別の文章'!$H$6))) -> 令和６年度補正「新しい地方経済・生活環境創生交付金（デジタル実装型）」の交付対象事業については、令和10年（2028年）３月31日をもって、交付申請時に策定した実施計画に記載された３か年計画（実装計画期間１年、運営計画期間２年）の期間満了となりますが、令和７年３月６日発出府地創第35号「新しい地方経済・生活環境創生交付金（デジタル実装型）交付要綱」は、引き続き適用されます。 特に同交付要綱の第22条（間接交付金交付の際に付条件）及び第23条（交付の条件）に鑑み、万が一、新しい地方経済・生活環境創生交付金（デジタル実装型）の交付対象事業より取得し、又は効用を増加させた財産のうち、取得価格又は効用の増加価格が 50 万円以上のものについて、交付金の交付の目的に反して使用し、譲渡し、交換し、貸し付け、担保に供し、又は廃棄しようとするときは、あらかじめ承認申請書を大臣に提出し、その承認を受けなければならないものです。その際は、十分な時間的余裕をもってに申請書をご提出ください（提出前に事務局までご相談ください。）。
D83: 確認後、"✓"を選択してください。 | U83: =IF(X83=FALSE,"未回答","回答済") -> 未回答 | X83: =IF(R83="✓",TRUE,FALSE) -> FALSE

Sheet 【発出時非表示】プルダウンリスト
A1: シート名 | B1: 0.基礎情報 | F1: 2-1.サービス実装 | J1: 5.最終年度の振り返り
A2: セル番号 | B2: H12 | C2: X170 | D2: AB170 | E2: Z204 | F2: Q111 | G2: T111 | H2: Q112 | I2: T112 | J2: F61 | K2: F62 | L2: D73 | M2: D76 | N2: R83
A3: リスト名 | B3: 交付金予算年度 | C3: 種別 | D3: 性質 | E3: 計測見込み年 | F3: サービス実装予定年 | G3: サービス実装予定月 | H3: サービス実装年 | I3: サービス実装月 | J3: 達成実感（サービス利用者） | K3: 達成実感（サービス提供者） | L3: 庁内でのデジタル意識醸成への寄与度合 | M3: 地域への波及効果 | N3: 確認事項
A4: ① | B4: 令和4年度補正デジタル田園都市国家構想交付金(デジタル実装タイプTYPE1) | C4: アウトプット | D4: 増加KPI | E4: ='【発出時非表示】評価対象年度入力'!$B$2+1&"年4月" -> 2026年4月 | F4: ='【発出時非表示】評価対象年度入力'!$B$2 -> 2025 | G4: 1 | H4: ='【発出時非表示】評価対象年度入力'!$B$2 -> 2025 | I4: 1 | J4: 0～2割程度 | K4: 0～2割程度 | L4: 庁内でのデジタル意識醸成にとても寄与した | M4: 高い波及効果があった
A5: ② | B5: 令和5年度補正デジタル田園都市国家構想交付金(デジタル実装タイプTYPE1) | C5: アウトカム | D5: 減少KPI | E5: ='【発出時非表示】評価対象年度入力'!$B$2+1&"年5月" -> 2026年5月 | F5: ='【発出時非表示】評価対象年度入力'!$B$2+1 -> 2026 | G5: 2 | H5: ='【発出時非表示】評価対象年度入力'!$B$2+1 -> 2026 | I5: 2 | J5: 2～4割程度 | K5: 2～4割程度 | L5: 庁内でのデジタル意識醸成に寄与した | M5: 波及効果があった | N5: ✓
A6: ③ | B6: 令和6年度補正新しい地方経済・生活環境創生交付金(デジタル実装型TYPE1) | E6: ='【発出時非表示】評価対象年度入力'!$B$2+1&"年6月" -> 2026年6月 | G6: 3 | I6: 3 | J6: 4～6割程度 | K6: 4～6割程度 | L6: 庁内でのデジタル意識醸成にあまり寄与しなかった | M6: あまり波及効果がなかった
E7: ='【発出時非表示】評価対象年度入力'!$B$2+1&"年7月" -> 2026年7月 | G7: 4 | I7: 4 | J7: 6～8割程度 | K7: 6～8割程度 | L7: 庁内でのデジタル意識醸成にまったく寄与しなかった | M7: 全く波及効果がなかった
E8: ='【発出時非表示】評価対象年度入力'!$B$2+1&"年8月" -> 2026年8月 | G8: 5 | I8: 5 | J8: 8～10割程度 | K8: 8～10割程度
E9: ='【発出時非表示】評価対象年度入力'!$B$2+1&"年9月" -> 2026年9月 | G9: 6 | I9: 6
E10: ='【発出時非表示】評価対象年度入力'!$B$2+1&"年10月" -> 2026年10月 | G10: 7 | I10: 7
E11: ='【発出時非表示】評価対象年度入力'!$B$2+1&"年11月" -> 2026年11月 | G11: 8 | I11: 8
E12: ='【発出時非表示】評価対象年度入力'!$B$2+1&"年12月" -> 2026年12月 | G12: 9 | I12: 9
E13: ='【発出時非表示】評価対象年度入力'!$B$2+2&"年1月" -> 2027年1月 | G13: 10 | I13: 10
E14: ='【発出時非表示】評価対象年度入力'!$B$2+2&"年2月" -> 2027年2月 | G14: 11 | I14: 11
E15: ='【発出時非表示】評価対象年度入力'!$B$2+2&"年3月" -> 2027年3月 | G15: 12 | I15: 12

Sheet 【発出時非表示】評価対象年度入力
A1: 【要入力】
A2: 評価対象年度： | B2: 2025

Sheet 【発出時非表示】交付金予算年度別の文章
A1: シート名 | B1: 1.推進体制 | C1: 1.推進体制 | D1: 3.周知・広報 | E1: 3.周知・広報 | F1: 4.評価・改善 | G1: 4.評価・改善 | H1: 5.最終年度の振り返り
A2: セル番号 | B2: E63 | C2: E89 | D2: E47 | E2: E71 | F2: E36 | G2: E61 | H2: D82
A3: 交付金予算年度未入力時の表示文章 | B3: 「0.基礎情報」のシートで交付金予算年度を選択してから、ご回答をお願いいたします。交付金予算年度をご選択いただくと、例文が表示されます。 | C3: 「0.基礎情報」のシートで交付金予算年度を選択してから、ご回答をお願いいたします。交付金予算年度をご選択いただくと、例文が表示されます。 | D3: 「0.基礎情報」のシートで交付金予算年度を選択してから、ご回答をお願いいたします。交付金予算年度をご選択いただくと、例文が表示されます。 | E3: 「0.基礎情報」のシートで交付金予算年度を選択してから、ご回答をお願いいたします。交付金予算年度をご選択いただくと、例文が表示されます。 | F3: 「0.基礎情報」のシートで交付金予算年度を選択してから、ご回答をお願いいたします。交付金予算年度をご選択いただくと、例文が表示されます。 | G3: 「0.基礎情報」のシートで交付金予算年度を選択してから、ご回答をお願いいたします。交付金予算年度をご選択いただくと、例文が表示されます。 | H3: 「0.基礎情報」のシートで交付金予算年度を選択してから、ご回答をお願いいたします。交付金予算年度をご選択いただくと、確認事項が表示されます。
A4: 交付金予算年度①入力時の表示文章 | B4: 昨年度は不定期で会議を開催していたが、今年度は月一回の定例会にて情報共有を行うことにより、財務調整やＰＲ時の広報担当課との調整を円滑に行うことができた。また、昨年度は地域のステークホルダーを十分に巻き込むことができなかったが、今年度は商工会や観光協会等に対して働きかけを行ったことで、サービス体験会を共同で開催することができ、地域へのサービスの理解浸透に寄与することができた。 | C4: ="庁内の体制においては、担当原課のリーダーの稼働不足を補うために、"&'【発出時非表示】評価対象年度入力'!$B$2+1&"年度内に専任担当者を一名増員するとともに、"&'【発出時非表示】評価対象年度入力'!$B$2+1&"年の6月までに事業担当課が中心となって、あいまいになっていた各担当原課及び事業者、地域のステークホルダーとの役割分担を再定義して合意することで、プロジェクトのリカバリーをしっかりと行う体制づくりを行っていく。庁内に止まらず、関連するメンバーが集まる全体会議にて、サービスの推進及び改善等を議論する場を四半期に1回以上設けることで、進捗共有やプロジェクトの更なる推進を強化していく。" -> 庁内の体制においては、担当原課のリーダーの稼働不足を補うために、2026年度内に専任担当者を一名増員するとともに、2026年の6月までに事業担当課が中心となって、あいまいになっていた各担当原課及び事業者、地域のステークホルダーとの役割分担を再定義して合意することで、プロジェクトのリカバリーをしっかりと行う体制づくりを行っていく。庁内に止まらず、関連するメンバーが集まる全体会議にて、サービスの推進及び改善等を議論する場を四半期に1回以上設けることで、進捗共有やプロジェクトの更なる推進を強化していく。 | D4: 昨年度実装計画期間における周知広報の効果について分析したところ、チラシの全戸配布が最も効果的であった。また、アンケート結果を集計したところ、市のホームページにアップしている「利用イメージの動画」や「利用の始め方動画」が分かりやすいと好評だった。このことから、予算を用いて、チラシの追加作成をした。それに加え、今年度は利用者の声（使ってみたら便利になった！等）も合わせて本市の公式YouTubeにて発信することで、具体的なメリットを訴求し更なる利用者の増加を図ることができた。 | E4: ="実装計画期間から引き続き同じ媒体での周知広報を行っており、住民に対して効果的な情報発信方法は何か、検討できていなかった。そこで、本市の公式LINEでの定期的な発信や地元新聞やケーブルテレビ等でのタイアップ等しっかりと地域に浸透を図るよう、本市の広報担当課とも連携を密に行い展開していく。なお、本市の広報関連予算を活用し、"&'【発出時非表示】評価対象年度入力'!$B$2+1&"年4～7月の間にサービスのPRイベントや折り込みチラシ等を実施し、まずはサービスを知ってもらうよう促していく。同時期に、推進体制に参画している商工会にも働きかけ、市内の各店舗でサービスの利用状況動画の放映やチラシの配布に協力してもらい、サービスの知名度の底上げを行っていく。そして、"&'【発出時非表示】評価対象年度入力'!$B$2+1&"年8月頃に改めて利用者層別の認知度について調査を行い、10月以降の広報方法について担当原課、広報担当課、事業取りまとめ課の3者で再検討を行う。" -> 実装計画期間から引き続き同じ媒体での周知広報を行っており、住民に対して効果的な情報発信方法は何か、検討できていなかった。そこで、本市の公式LINEでの定期的な発信や地元新聞やケーブルテレビ等でのタイアップ等しっかりと地域に浸透を図るよう、本市の広報担当課とも連携を密に行い展開していく。なお、本市の広報関連予算を活用し、2026年4～7月の間にサービスのPRイベントや折り込みチラシ等を実施し、まずはサービスを知ってもらうよう促していく。同時期に、推進体制に参画している商工会にも働きかけ、市内の各店舗でサービスの利用状況動画の放映やチラシの配布に協力してもらい、サービスの知名度の底上げを行っていく。そして、2026年8月頃に改めて利用者層別の認知度について調査を行い、10月以降の広報方法について担当原課、広報担当課、事業取りまとめ課の3者で再検討を行う。 | F4: 昨年度は、庁内関係者のみで評価会議を実施していたが、今年度は事業への客観的な評価と改善に向けた意見を聴取するため、大学教授や外部企業が参画する「外部評価委員会」を設置した。 住民モニターからのモニタリング報告を受けるとともに、本市のホームページにサービスの改善意見を募集することで、利用者の要望を即座にサービスに反映させる仕組みを設けることでPDCAサイクルを迅速に回すことができた。 | G4: ="評価にあたり、利用者と関係の深い地域のステークホルダーの意見や満足度については把握していたものの、利用者アンケートの回答率が低く、利用者の満足度や要望は十分に把握できておらず、改善に向けた材料が不足していた。今後は利用者からより多くの情報を収集する取組として、サービス利用者にその場でアンケートに回答してもらったり、回答者にクーポンを発行したり、一部利用者にヒアリングに協力してもらったりするなど、複数の取組を"&'【発出時非表示】評価対象年度入力'!$B$2+1&"年9月までに実施したうえで、有効だった取組については継続して定期的に行うようにする。同時に、データに基づいたデジタルに知見のある外部の人材からアドバイスコメントをもらうことや四半期に1回の事業評価や効果検証を外部有識者を交えて実施することで、利用者とは別の客観的視点でサービスへの意見を収集し、より効果的に改善活動を実施していく。" -> 評価にあたり、利用者と関係の深い地域のステークホルダーの意見や満足度については把握していたものの、利用者アンケートの回答率が低く、利用者の満足度や要望は十分に把握できておらず、改善に向けた材料が不足していた。今後は利用者からより多くの情報を収集する取組として、サービス利用者にその場でアンケートに回答してもらったり、回答者にクーポンを発行したり、一部利用者にヒアリングに協力してもらったりするなど、複数の取組を2026年9月までに実施したうえで、有効だった取組については継続して定期的に行うようにする。同時に、データに基づいたデジタルに知見のある外部の人材からアドバイスコメントをもらうことや四半期に1回の事業評価や効果検証を外部有識者を交えて実施することで、利用者とは別の客観的視点でサービスへの意見を収集し、より効果的に改善活動を実施していく。 | H4: 令和４年度第２次補正「デジタル田園都市国家構想交付金（デジタル実装タイプ）」の交付対象事業については、令和８年（2026年）３月31日をもって、交付申請時に策定した実施計画に記載された３か年計画（実装計画期間１年、運営計画期間２年）の期間満了となりますが、令和４年２月25日発出（令和５年１月25日一部改正）府地創第63号「デジタル田園都市国家構想交付金（デジタル実装タイプ）交付要綱」は、引き続き適用されます。 特に同交付要綱の第22条（間接交付金交付の際付す条件）及び第23条（交付の条件）に鑑み、万が一、デジタル田園都市国家構想交付金（デジタル実装タイプ）の交付対象事業より取得し、又は効用を増加させた財産のうち、取得価格又は効用の増加価格が 50 万円以上のものについて、交付金の交付の目的に反して使用し、譲渡し、交換し、貸し付け、担保に供し、又は廃棄しようとするときは、あらかじめ承認申請書を大臣に提出し、その承認を受けなければならないものです。その際は、十分な時間的余裕をもってに申請書をご提出ください（提出前に事務局までご相談ください。）。
A5: 交付金予算年度②入力時の表示文章 | B5: 昨年度は不定期で会議を開催していたが、今年度は月一回の定例会にて情報共有を行うことにより、財務調整やＰＲ時の広報担当課との調整を円滑に行うことができた。また、昨年度は地域のステークホルダーを十分に巻き込むことができなかったが、今年度は商工会や観光協会等に対して働きかけを行ったことで、サービス体験会を共同で開催することができ、地域へのサービスの理解浸透に寄与することができた。 | C5: ="庁内の体制においては、担当原課のリーダーの稼働不足を補うために、"&'【発出時非表示】評価対象年度入力'!$B$2+1&"年度内に専任担当者を一名増員するとともに、"&'【発出時非表示】評価対象年度入力'!$B$2+1&"年の6月までに事業担当課が中心となって、あいまいになっていた各担当原課及び事業者、地域のステークホルダーとの役割分担を再定義して合意することで、プロジェクトのリカバリーをしっかりと行う体制づくりを行っていく。庁内に止まらず、関連するメンバーが集まる全体会議にて、サービスの推進及び改善等を議論する場を四半期に1回以上設けることで、進捗共有やプロジェクトの更なる推進を強化していく。" -> 庁内の体制においては、担当原課のリーダーの稼働不足を補うために、2026年度内に専任担当者を一名増員するとともに、2026年の6月までに事業担当課が中心となって、あいまいになっていた各担当原課及び事業者、地域のステークホルダーとの役割分担を再定義して合意することで、プロジェクトのリカバリーをしっかりと行う体制づくりを行っていく。庁内に止まらず、関連するメンバーが集まる全体会議にて、サービスの推進及び改善等を議論する場を四半期に1回以上設けることで、進捗共有やプロジェクトの更なる推進を強化していく。 | D5: 昨年度実装計画期間における周知広報の効果について分析したところ、チラシの全戸配布が最も効果的であった。また、アンケート結果を集計したところ、市のホームページにアップしている「利用イメージの動画」や「利用の始め方動画」が分かりやすいと好評だった。このことから、予算を用いて、チラシの追加作成をした。それに加え、今年度は利用者の声（使ってみたら便利になった！等）も合わせて本市の公式YouTubeにて発信することで、具体的なメリットを訴求し更なる利用者の増加を図ることができた。 | E5: ="実装計画期間から引き続き同じ媒体での周知広報を行っており、住民に対して効果的な情報発信方法は何か、検討できていなかった。そこで、本市の公式LINEでの定期的な発信や地元新聞やケーブルテレビ等でのタイアップ等しっかりと地域に浸透を図るよう、本市の広報担当課とも連携を密に行い展開していく。なお、本市の広報関連予算を活用し、"&'【発出時非表示】評価対象年度入力'!$B$2+1&"年4～7月の間にサービスのPRイベントや折り込みチラシ等を実施し、まずはサービスを知ってもらうよう促していく。同時期に、推進体制に参画している商工会にも働きかけ、市内の各店舗でサービスの利用状況動画の放映やチラシの配布に協力してもらい、サービスの知名度の底上げを行っていく。そして、"&'【発出時非表示】評価対象年度入力'!$B$2+1&"年8月頃に改めて利用者層別の認知度について調査を行い、10月以降の広報方法について担当原課、広報担当課、事業取りまとめ課の3者で再検討を行う。" -> 実装計画期間から引き続き同じ媒体での周知広報を行っており、住民に対して効果的な情報発信方法は何か、検討できていなかった。そこで、本市の公式LINEでの定期的な発信や地元新聞やケーブルテレビ等でのタイアップ等しっかりと地域に浸透を図るよう、本市の広報担当課とも連携を密に行い展開していく。なお、本市の広報関連予算を活用し、2026年4～7月の間にサービスのPRイベントや折り込みチラシ等を実施し、まずはサービスを知ってもらうよう促していく。同時期に、推進体制に参画している商工会にも働きかけ、市内の各店舗でサービスの利用状況動画の放映やチラシの配布に協力してもらい、サービスの知名度の底上げを行っていく。そして、2026年8月頃に改めて利用者層別の認知度について調査を行い、10月以降の広報方法について担当原課、広報担当課、事業取りまとめ課の3者で再検討を行う。 | F5: 昨年度は、庁内関係者のみで評価会議を実施していたが、今年度は事業への客観的な評価と改善に向けた意見を聴取するため、大学教授や外部企業が参画する「外部評価委員会」を設置した。 住民モニターからのモニタリング報告を受けるとともに、本市のホームページにサービスの改善意見を募集することで、利用者の要望を即座にサービスに反映させる仕組みを設けることでPDCAサイクルを迅速に回すことができた。 | G5: ="評価にあたり、利用者と関係の深い地域のステークホルダーの意見や満足度については把握していたものの、利用者アンケートの回答率が低く、利用者の満足度や要望は十分に把握できておらず、改善に向けた材料が不足していた。今後は利用者からより多くの情報を収集する取組として、サービス利用者にその場でアンケートに回答してもらったり、回答者にクーポンを発行したり、一部利用者にヒアリングに協力してもらったりするなど、複数の取組を"&'【発出時非表示】評価対象年度入力'!$B$2+1&"年9月までに実施したうえで、有効だった取組については継続して定期的に行うようにする。同時に、データに基づいたデジタルに知見のある外部の人材からアドバイスコメントをもらうことや四半期に1回の事業評価や効果検証を外部有識者を交えて実施することで、利用者とは別の客観的視点でサービスへの意見を収集し、より効果的に改善活動を実施していく。" -> 評価にあたり、利用者と関係の深い地域のステークホルダーの意見や満足度については把握していたものの、利用者アンケートの回答率が低く、利用者の満足度や要望は十分に把握できておらず、改善に向けた材料が不足していた。今後は利用者からより多くの情報を収集する取組として、サービス利用者にその場でアンケートに回答してもらったり、回答者にクーポンを発行したり、一部利用者にヒアリングに協力してもらったりするなど、複数の取組を2026年9月までに実施したうえで、有効だった取組については継続して定期的に行うようにする。同時に、データに基づいたデジタルに知見のある外部の人材からアドバイスコメントをもらうことや四半期に1回の事業評価や効果検証を外部有識者を交えて実施することで、利用者とは別の客観的視点でサービスへの意見を収集し、より効果的に改善活動を実施していく。 | H5: 令和５年度補正「デジタル田園都市国家構想交付金（デジタル実装タイプ）」の交付対象事業については、令和９年（2027年）３月31日をもって、交付申請時に策定した実施計画に記載された３か年計画（実装計画期間１年、運営計画期間２年）の期間満了となりますが、令和４年２月25日発出（令和５年１月25日一部改正）府地創第63号「デジタル田園都市国家構想交付金（デジタル実装タイプ）交付要綱」は、引き続き適用されます。 特に同交付要綱の第22条（間接交付金交付の際付す条件）及び第23条（交付の条件）に鑑み、万が一、デジタル田園都市国家構想交付金（デジタル実装タイプ）の交付対象事業より取得し、又は効用を増加させた財産のうち、取得価格又は効用の増加価格が 50 万円以上のものについて、交付金の交付の目的に反して使用し、譲渡し、交換し、貸し付け、担保に供し、又は廃棄しようとするときは、あらかじめ承認申請書を大臣に提出し、その承認を受けなければならないものです。その際は、十分な時間的余裕をもってに申請書をご提出ください（提出前に事務局までご相談ください。）。
A6: 交付金予算年度③入力時の表示文章 | B6: 既に同じサービスを実装している複数の自治体に事前にヒアリングを行い、体制構築におけるポイントや必要稼働等を把握した。その上で、首長より関連する部課の責任者に対して、本サービスの実装を「重点プロジェクト」として全庁横断的に実施するよう呼びかけた。また、「サービス推進ワーキング」を設置し、月一回の定例会にて情報共有を行うことにより、財務調整やＰＲ時の広報担当課との調整を円滑に行うことができた。また、地域のステークホルダーに関しても、商工会や観光協会等も参画する推進体制を早期に構築していたことで、サービス体験会も共同で開催するなど地域へのサービスの理解浸透に寄与することができた。 | C6: ="庁内の体制においては、担当原課のリーダーの稼働不足を補うために、"&'【発出時非表示】評価対象年度入力'!$B$2+1&"年度内に専任担当者を一名増員するとともに、"&'【発出時非表示】評価対象年度入力'!$B$2+1&"年の6月までに事業担当課が中心となって、あいまいになっていた各担当原課及び事業者、地域のステークホルダーとの役割分担を再定義して合意することで、プロジェクトのリカバリーをしっかりと行う体制づくりを行っていく。庁内に止まらず、関連するメンバーが集まる全体会議にて、サービスの推進及び改善等を議論する場を四半期に1回以上設けることで、進捗共有やプロジェクトの更なる推進を強化していく。" -> 庁内の体制においては、担当原課のリーダーの稼働不足を補うために、2026年度内に専任担当者を一名増員するとともに、2026年の6月までに事業担当課が中心となって、あいまいになっていた各担当原課及び事業者、地域のステークホルダーとの役割分担を再定義して合意することで、プロジェクトのリカバリーをしっかりと行う体制づくりを行っていく。庁内に止まらず、関連するメンバーが集まる全体会議にて、サービスの推進及び改善等を議論する場を四半期に1回以上設けることで、進捗共有やプロジェクトの更なる推進を強化していく。 | D6: 本市のホームページへの掲載に加えて、外部委託にてサービス専用ホームページを作成するとともに、「利用イメージの動画」や「利用の始め方動画」を作成し、チラシの全戸配布で広く展開を行った。また、利用者の声（使ってみたら便利になった！等）も合わせて本市の公式YouTubeにて発信することで、具体的なメリットを訴求し更なる利用者の増加を図ることができた。 | E6: ="本市の広報誌とプレスリリースのみの広報に止まっており、住民に対して効果的にサービス周知を行うことができなかった。 上記を踏まえて、本市の公式LINEでの定期的な発信や地元新聞やケーブルテレビ等でのタイアップ等しっかりと地域に浸透を図るよう、本市の広報担当課とも連携を密に行い展開していく。なお、本市の広報関連予算を活用し、"&'【発出時非表示】評価対象年度入力'!$B$2+1&"年4～7月の間にサービスのPRイベントや折り込みチラシ等を実施し、まずはサービスを知ってもらうよう促していく。同時期に、推進体制に参画している商工会にも働きかけ、市内の各店舗でサービスの利用状況動画の放映やチラシの配布に協力してもらい、サービスの知名度の底上げを行っていく。そして、"&'【発出時非表示】評価対象年度入力'!$B$2+1&"年8月頃に改めて利用者層別の認知度について調査を行い、10月以降の広報方法について担当原課、広報担当課、事業取りまとめ課の3者で再検討を行う。" -> 本市の広報誌とプレスリリースのみの広報に止まっており、住民に対して効果的にサービス周知を行うことができなかった。 上記を踏まえて、本市の公式LINEでの定期的な発信や地元新聞やケーブルテレビ等でのタイアップ等しっかりと地域に浸透を図るよう、本市の広報担当課とも連携を密に行い展開していく。なお、本市の広報関連予算を活用し、2026年4～7月の間にサービスのPRイベントや折り込みチラシ等を実施し、まずはサービスを知ってもらうよう促していく。同時期に、推進体制に参画している商工会にも働きかけ、市内の各店舗でサービスの利用状況動画の放映やチラシの配布に協力してもらい、サービスの知名度の底上げを行っていく。そして、2026年8月頃に改めて利用者層別の認知度について調査を行い、10月以降の広報方法について担当原課、広報担当課、事業取りまとめ課の3者で再検討を行う。 | F6: 事業への客観的な評価と改善に向けた意見を聴取するため、大学教授や外部企業が参画する「外部評価委員会」を設置した。 住民モニターからのモニタリング報告を受けるとともに、本市のホームページにサービスの改善意見を募集することで、利用者の要望を即座にサービスに反映させる仕組みを設けることでPDCAサイクルを迅速に回すことができた。 | G6: ="評価にあたり、利用者と関係の深い地域のステークホルダーの意見や満足度については把握していたものの、利用者アンケートの回答率が低く、利用者の満足度や要望は十分に把握できておらず、改善に向けた材料が不足していた。今後は利用者からより多くの情報を収集する取組として、サービス利用者にその場でアンケートに回答してもらったり、回答者にクーポンを発行したり、一部利用者にヒアリングに協力してもらったりするなど、複数の取組を"&'【発出時非表示】評価対象年度入力'!$B$2+1&"年9月までに実施したうえで、有効だった取組については継続して定期的に行うようにする。同時に、データに基づいたデジタルに知見のある外部の人材からアドバイスコメントをもらうことや四半期に1回の事業評価や効果検証を外部有識者を交えて実施することで、利用者とは別の客観的視点でサービスへの意見を収集し、より効果的に改善活動を実施していく。" -> 評価にあたり、利用者と関係の深い地域のステークホルダーの意見や満足度については把握していたものの、利用者アンケートの回答率が低く、利用者の満足度や要望は十分に把握できておらず、改善に向けた材料が不足していた。今後は利用者からより多くの情報を収集する取組として、サービス利用者にその場でアンケートに回答してもらったり、回答者にクーポンを発行したり、一部利用者にヒアリングに協力してもらったりするなど、複数の取組を2026年9月までに実施したうえで、有効だった取組については継続して定期的に行うようにする。同時に、データに基づいたデジタルに知見のある外部の人材からアドバイスコメントをもらうことや四半期に1回の事業評価や効果検証を外部有識者を交えて実施することで、利用者とは別の客観的視点でサービスへの意見を収集し、より効果的に改善活動を実施していく。 | H6: 令和６年度補正「新しい地方経済・生活環境創生交付金（デジタル実装型）」の交付対象事業については、令和10年（2028年）３月31日をもって、交付申請時に策定した実施計画に記載された３か年計画（実装計画期間１年、運営計画期間２年）の期間満了となりますが、令和７年３月６日発出府地創第35号「新しい地方経済・生活環境創生交付金（デジタル実装型）交付要綱」は、引き続き適用されます。 特に同交付要綱の第22条（間接交付金交付の際に付条件）及び第23条（交付の条件）に鑑み、万が一、新しい地方経済・生活環境創生交付金（デジタル実装型）の交付対象事業より取得し、又は効用を増加させた財産のうち、取得価格又は効用の増加価格が 50 万円以上のものについて、交付金の交付の目的に反して使用し、譲渡し、交換し、貸し付け、担保に供し、又は廃棄しようとするときは、あらかじめ承認申請書を大臣に提出し、その承認を受けなければならないものです。その際は、十分な時間的余裕をもってに申請書をご提出ください（提出前に事務局までご相談ください。）。
A8: 備考 | B8: ①と②は同一文章 | C8: ①と②は同一文章 | D8: ①と②は同一文章 | E8: ①と②は同一文章 | F8: ①と②は同一文章 | G8: ①と②は同一文章

Sheet 【発出時非表示】地方公共団体
A1: 地方公共団体コード（5桁） | B1: 都道府県名 （漢字） | C1: 市区町村名 （漢字）
A2: 01000 | B2: 北海道
A3: 01100 | B3: 北海道 | C3: 札幌市
A4: 01202 | B4: 北海道 | C4: 函館市
A5: 01203 | B5: 北海道 | C5: 小樽市
A6: 01204 | B6: 北海道 | C6: 旭川市
A7: 01205 | B7: 北海道 | C7: 室蘭市
A8: 01206 | B8: 北海道 | C8: 釧路市
A9: 01207 | B9: 北海道 | C9: 帯広市
A10: 01208 | B10: 北海道 | C10: 北見市
A11: 01209 | B11: 北海道 | C11: 夕張市
A12: 01210 | B12: 北海道 | C12: 岩見沢市
A13: 01211 | B13: 北海道 | C13: 網走市
A14: 01212 | B14: 北海道 | C14: 留萌市
... A187: 01700 | B187: 北海道 | C187: 蘂取村
A188: 02000 | B188: 青森県
A189: 02201 | B189: 青森県 | C189: 青森市
A190: 02202 | B190: 青森県 | C190: 弘前市
A191: 02203 | B191: 青森県 | C191: 八戸市
A192: 02204 | B192: 青森県 | C192: 黒石市
A193: 02205 | B193: 青森県 | C193: 五所川原市
A194: 02206 | B194: 青森県 | C194: 十和田市
A195: 02207 | B195: 青森県 | C195: 三沢市
A196: 02208 | B196: 青森県 | C196: むつ市
A197: 02209 | B197: 青森県 | C197: つがる市
A198: 02210 | B198: 青森県 | C198: 平川市
A199: 02301 | B199: 青森県 | C199: 平内町
A200: 02303 | B200: 青森県 | C200: 今別町
... A228: 02450 | B228: 青森県 | C228: 新郷村
A229: 03000 | B229: 岩手県
A230: 03201 | B230: 岩手県 | C230: 盛岡市
A231: 03202 | B231: 岩手県 | C231: 宮古市
A232: 03203 | B232: 岩手県 | C232: 大船渡市
A233: 03205 | B233: 岩手県 | C233: 花巻市
A234: 03206 | B234: 岩手県 | C234: 北上市
A235: 03207 | B235: 岩手県 | C235: 久慈市
A236: 03208 | B236: 岩手県 | C236: 遠野市
A237: 03209 | B237: 岩手県 | C237: 一関市
A238: 03210 | B238: 岩手県 | C238: 陸前高田市
A239: 03211 | B239: 岩手県 | C239: 釜石市
A240: 03213 | B240: 岩手県 | C240: 二戸市
A241: 03214 | B241: 岩手県 | C241: 八幡平市
... A262: 03524 | B262: 岩手県 | C262: 一戸町
A263: 04000 | B263: 宮城県
A264: 04100 | B264: 宮城県 | C264: 仙台市
A265: 04202 | B265: 宮城県 | C265: 石巻市
A266: 04203 | B266: 宮城県 | C266: 塩竈市
A267: 04205 | B267: 宮城県 | C267: 気仙沼市
A268: 04206 | B268: 宮城県 | C268: 白石市
A269: 04207 | B269: 宮城県 | C269: 名取市
A270: 04208 | B270: 宮城県 | C270: 角田市
A271: 04209 | B271: 宮城県 | C271: 多賀城市
A272: 04211 | B272: 宮城県 | C272: 岩沼市
A273: 04212 | B273: 宮城県 | C273: 登米市
A274: 04213 | B274: 宮城県 | C274: 栗原市
A275: 04214 | B275: 宮城県 | C275: 東松島市
... A298: 04606 | B298: 宮城県 | C298: 南三陸町
A299: 05000 | B299: 秋田県
A300: 05201 | B300: 秋田県 | C300: 秋田市
A301: 05202 | B301: 秋田県 | C301: 能代市
A302: 05203 | B302: 秋田県 | C302: 横手市
A303: 05204 | B303: 秋田県 | C303: 大館市
A304: 05206 | B304: 秋田県 | C304: 男鹿市
A305: 05207 | B305: 秋田県 | C305: 湯沢市
A306: 05209 | B306: 秋田県 | C306: 鹿角市
A307: 05210 | B307: 秋田県 | C307: 由利本荘市
A308: 05211 | B308: 秋田県 | C308: 潟上市
A309: 05212 | B309: 秋田県 | C309: 大仙市
A310: 05213 | B310: 秋田県 | C310: 北秋田市
A311: 05214 | B311: 秋田県 | C311: にかほ市
... A324: 05464 | B324: 秋田県 | C324: 東成瀬村
A325: 06000 | B325: 山形県
A326: 06201 | B326: 山形県 | C326: 山形市
A327: 06202 | B327: 山形県 | C327: 米沢市
A328: 06203 | B328: 山形県 | C328: 鶴岡市
A329: 06204 | B329: 山形県 | C329: 酒田市
A330: 06205 | B330: 山形県 | C330: 新庄市
A331: 06206 | B331: 山形県 | C331: 寒河江市
A332: 06207 | B332: 山形県 | C332: 上山市
A333: 06208 | B333: 山形県 | C333: 村山市
A334: 06209 | B334: 山形県 | C334: 長井市
A335: 06210 | B335: 山形県 | C335: 天童市
A336: 06211 | B336: 山形県 | C336: 東根市
A337: 06212 | B337: 山形県 | C337: 尾花沢市
... A360: 06461 | B360: 山形県 | C360: 遊佐町
A361: 07000 | B361: 福島県
A362: 07201 | B362: 福島県 | C362: 福島市
A363: 07202 | B363: 福島県 | C363: 会津若松市
A364: 07203 | B364: 福島県 | C364: 郡山市
A365: 07204 | B365: 福島県 | C365: いわき市
A366: 07205 | B366: 福島県 | C366: 白河市
A367: 07207 | B367: 福島県 | C367: 須賀川市
A368: 07208 | B368: 福島県 | C368: 喜多方市
A369: 07209 | B369: 福島県 | C369: 相馬市
A370: 07210 | B370: 福島県 | C370: 二本松市
A371: 07211 | B371: 福島県 | C371: 田村市
A372: 07212 | B372: 福島県 | C372: 南相馬市
A373: 07213 | B373: 福島県 | C373: 伊達市
... A420: 07564 | B420: 福島県 | C420: 飯舘村
A421: 08000 | B421: 茨城県
...

Sheet 【発出時非表示】プルダウンリスト（交付対象事業の名称）
B1: 1 | C1: 2 | D1: 3 | E1: 4 | F1: 5 | G1: 6 | H1: 7 | I1: 8 | J1: 9 | K1: 10 | L1: 11 | M1: 12 | N1: 13 | O1: 14 | P1: 15
A2: 令和4年度補正デジタル田園都市国家構想交付金(デジタル実装タイプTYPE1)01000 | B2: 誘客促進強化事業（アプリ機能強化） | C2: 北海道開拓の村３次元化・オープンデータ化プロジェクト
A3: 令和4年度補正デジタル田園都市国家構想交付金(デジタル実装タイプTYPE1)01203 | B3: おたる子育て応援デジタル化事業 | C3: ホームページ活用によるWEB図書館サービス | D3: 校務支援サービス
A4: 令和4年度補正デジタル田園都市国家構想交付金(デジタル実装タイプTYPE1)01204 | B4: デジタル技術実装による地域コミュニティ担い手確保事業
A5: 令和4年度補正デジタル田園都市国家構想交付金(デジタル実装タイプTYPE1)01206 | B5: 児童生徒の学習系データ・校務系データの連携・活用による教育環境の構築 | C5: 行政手続きのオンライン化推進事業
A6: 令和4年度補正デジタル田園都市国家構想交付金(デジタル実装タイプTYPE1)01208 | B6: デジタルの力を活用した子ども・子育て支援環境向上事業
A7: 令和4年度補正デジタル田園都市国家構想交付金(デジタル実装タイプTYPE1)01210 | B7: デジタル情報配信基盤を活用した観光周遊促進等による地域活性化事業
A8: 令和4年度補正デジタル田園都市国家構想交付金(デジタル実装タイプTYPE1)01211 | B8: 移動型医療サービス推進事業 | C8: 公開型統合GIS導入事業 | D8: AIチャットボットを活用した公式ウェブサイトリニューアル事業
A9: 令和4年度補正デジタル田園都市国家構想交付金(デジタル実装タイプTYPE1)01215 | B9: 美唄市「SOSネットワーク」再構築・推進事業 | C9: 市役所庁舎内におけるコンビニ交付サービス活用事業
A10: 令和4年度補正デジタル田園都市国家構想交付金(デジタル実装タイプTYPE1)01219 | B10: 紋別市デジタル情報提供・活用推進基盤構築事業
A11: 令和4年度補正デジタル田園都市国家構想交付金(デジタル実装タイプTYPE1)01220 | B11: 士別市行政手続オンライン化推進事業
A12: 令和4年度補正デジタル田園都市国家構想交付金(デジタル実装タイプTYPE1)01221 | B12: ピヤシリスキー場 スマートゲート導入 | C12: AIオンデマンド交通とデジタル地域通貨導入による地域デジタル基盤強化事業 | D12: 保育ICT導入事業 | E12: 除雪管理システム及びGPSを活用した除雪業務効率化
A13: 令和4年度補正デジタル田園都市国家構想交付金(デジタル実装タイプTYPE1)01224 | B13: GPS除雪情報システム整備事業 | C13: 公共施設予約管理システム導入事業 | D13: デジタルドリル導入事業 | E13: キャッシュレス決済対応レジ導入事業
A14: 令和4年度補正デジタル田園都市国家構想交付金(デジタル実装タイプTYPE1)01225 | B14: 行政手続きスマート化事業
A15: 令和4年度補正デジタル田園都市国家構想交付金(デジタル実装タイプTYPE1)01226 | B15: 保育所ICT導入事業 | C15: バス運行管理および学校・保護者間連絡用ICT導入事業
A16: 令和4年度補正デジタル田園都市国家構想交付金(デジタル実装タイプTYPE1)01228 | B16: SNSを活用した広報事業 | C16: 深川市住民票等コンビニ交付サービス導入事業
A17: 令和4年度補正デジタル田園都市国家構想交付金(デジタル実装タイプTYPE1)01229 | B17: AIオンデマンド交通運行事業
A18: 令和4年度補正デジタル田園都市国家構想交付金(デジタル実装タイプTYPE1)01230 | B18: インフラ情報デジタル化と情報利活用プラットフォームの構築
A19: 令和4年度補正デジタル田園都市国家構想交付金(デジタル実装タイプTYPE1)01231 | B19: 電子入札システム導入事業 | C19: 窓口支援システム（書かない窓口）導入事業 | D19: ＬＩＮＥを活用した市民サービス導入事業
A20: 令和4年度補正デジタル田園都市国家構想交付金(デジタル実装タイプTYPE1)01233 | B20: 地理情報システムを活用した情報公開事業
A21: 令和4年度補正デジタル田園都市国家構想交付金(デジタル実装タイプTYPE1)01234 | B21: 窓口キャッシュレス決済導入事業
A22: 令和4年度補正デジタル田園都市国家構想交付金(デジタル実装タイプTYPE1)01235 | B22: オンライン手続プラットフォームの導入事業 | C22: AIドリル実装による学びのDX事業
A23: 令和4年度補正デジタル田園都市国家構想交付金(デジタル実装タイプTYPE1)01236 | B23: 住民票等コンビニ交付事業
A24: 令和4年度補正デジタル田園都市国家構想交付金(デジタル実装タイプTYPE1)01303 | B24: リモート相談窓口推進事業 | C24: 証明書等コンビニ交付事業 | D24: 気象観測事業 | E24: デジタル教育推進事業
A25: 令和4年度補正デジタル田園都市国家構想交付金(デジタル実装タイプTYPE1)01337 | B25: オンライン申請導入事業
A26: 令和4年度補正デジタル田園都市国家構想交付金(デジタル実装タイプTYPE1)01343 | B26: デジタル活用による住民にやさしい窓口業務推進事業
A27: 令和4年度補正デジタル田園都市国家構想交付金(デジタル実装タイプTYPE1)01345 | B27: 図書館情報システム導入整備事業 | C27: 鳥獣捕獲自動通報システム導入事業
A28: 令和4年度補正デジタル田園都市国家構想交付金(デジタル実装タイプTYPE1)01393 | B28: 申請書作成支援システム整備事業 | C28: 学習支援ソフト（デジタルドリル）導入事業
A29: 令和4年度補正デジタル田園都市国家構想交付金(デジタル実装タイプTYPE1)01397 | B29: 防災情報等配信システム整備事業 | C29: 申請書作成支援システム導入事業 | D29: コンビニ交付システム導入事業
A30: 令和4年度補正デジタル田園都市国家構想交付金(デジタル実装タイプTYPE1)01398 | B30: 住宅地図（LGWAN）システム整備事業
A31: 令和4年度補正デジタル田園都市国家構想交付金(デジタル実装タイプTYPE1)01400 | B31: 倶知安町デジタルミュージアム導入事業
A32: 令和4年度補正デジタル田園都市国家構想交付金(デジタル実装タイプTYPE1)01401 | B32: 特別養護老人ホームナースコールシステムデジタル化事業
A33: 令和4年度補正デジタル田園都市国家構想交付金(デジタル実装タイプTYPE1)01402 | B33: コンビニ収納整備事業 | C33: デジタル活用による住民にやさしい総合窓口案内整備事業 | D33: 高齢者見守りサービス（スマートディスプレイ）整備事業 | E33: 証明書オンライン請求システム整備事業
A34: 令和4年度補正デジタル田園都市国家構想交付金(デジタル実装タイプTYPE1)01408 | B34: 公式LINE総合窓口事業 | C34: 防災資機材管理等システム導入による連携促進事業
A35: 令和4年度補正デジタル田園都市国家構想交付金(デジタル実装タイプTYPE1)01423 | B35: 住民票等コンビニ交付サービス導入事業
A36: 令和4年度補正デジタル田園都市国家構想交付金(デジタル実装タイプTYPE1)01425 | B36: 行政サービスオンライン化推進事業
A37: 令和4年度補正デジタル田園都市国家構想交付金(デジタル実装タイプTYPE1)01429 | B37: 空き家利活用に向けたデジタルプラットフォーム構築
A38: 令和4年度補正デジタル田園都市国家構想交付金(デジタル実装タイプTYPE1)01430 | B38: 全ての町民のための電子申請環境整備
A39: 令和4年度補正デジタル田園都市国家構想交付金(デジタル実装タイプTYPE1)01438 | B39: AIドリル導入事業
A40: 令和4年度補正デジタル田園都市国家構想交付金(デジタル実装タイプTYPE1)01453 | B40: 不登校児童生徒へのオンライン授業配信環境整備 | C40: スマートキーによる公共施設運営管理の効率化と住民サービス向上 | D40: クラウド型デジタルサイネージによる施設利用者への多様な情報提供
A41: 令和4年度補正デジタル田園都市国家構想交付金(デジタル実装タイプTYPE1)01461 | B41: 水道スマートメーター導入 | C41: 窓システムで繋ぐ行政等コミュニティ構想事業 | D41: マイナンバーカード多目的利用構想事業
A42: 令和4年度補正デジタル田園都市国家構想交付金(デジタル実装タイプTYPE1)01483 | B42: LINEを活用したすべての住民のための持ち運べる町役場
A43: 令和4年度補正デジタル田園都市国家構想交付金(デジタル実装タイプTYPE1)01487 | B43: 除排雪管理システム整備事業
A44: 令和4年度補正デジタル田園都市国家構想交付金(デジタル実装タイプTYPE1)01545 | B44: 除雪管理システム導入事業 | C44: 地番データ作成事業 | D44: 斜里町市街地鳥獣侵入防止柵維持管理効率化事業
A45: 令和4年度補正デジタル田園都市国家構想交付金(デジタル実装タイプTYPE1)01581 | B45: スマート農業推進事業
A46: 令和4年度補正デジタル田園都市国家構想交付金(デジタル実装タイプTYPE1)01585 | B46: あびらデジタル行政サービス導入事業
A47: 令和4年度補正デジタル田園都市国家構想交付金(デジタル実装タイプTYPE1)01607 | B47: デジタル技術を活用した関係人口創出事業
A48: 令和4年度補正デジタル田園都市国家構想交付金(デジタル実装タイプTYPE1)01610 | B48: マイナンバーカード活用～住民票等コンビニ交付サービス事業
A49: 令和4年度補正デジタル田園都市国家構想交付金(デジタル実装タイプTYPE1)01631 | B49: LINE町政情報配信システム構築事業 | C49: 公共施設予約及び決済のオンライン化推進事業 | D49: 電子図書館整備事業 | E49: 小学校等におけるデジタル化推進事業
A50: 令和4年度補正デジタル田園都市国家構想交付金(デジタル実装タイプTYPE1)01633 | B50: 「かみしほろコミュニケーション環境」整備事業
A51: 令和4年度補正デジタル田園都市国家構想交付金(デジタル実装タイプTYPE1)01635 | B51: 道路台帳電子化事業
A52: 令和4年度補正デジタル田園都市国家構想交付金(デジタル実装タイプTYPE1)01637 | B52: 電子図書導入推進事業 | C52: 行政サービスデジタル化推進事業 | D52: 防災対策デジタル化推進事業
A53: 令和4年度補正デジタル田園都市国家構想交付金(デジタル実装タイプTYPE1)01638 | B53: 申請書作成支援システム
A54: 令和4年度補正デジタル田園都市国家構想交付金(デジタル実装タイプTYPE1)01639 | B54: ゼロトラスト教育クラウドプラットフォーム連携
A55: 令和4年度補正デジタル田園都市国家構想交付金(デジタル実装タイプTYPE1)01644 | B55: 行政サービスのデジタル化と併せたマイナンバーカード利活用促進事業 | C55: デジタル図書館整備事業 | D55: 個別最適化学習（AIドリル導入）
A56: 令和4年度補正デジタル田園都市国家構想交付金(デジタル実装タイプTYPE1)01692 | B56: 個別最適化学習推進事業
A57: 令和4年度補正デジタル田園都市国家構想交付金(デジタル実装タイプTYPE1)01694 | B57: GPS除雪管理システムを活用した除排雪作業効率化
A58: 令和4年度補正デジタル田園都市国家構想交付金(デジタル実装タイプTYPE1)02000 | B58: スマートAomoriコンストラクション推進事業 | C58: 「西北のハンデ克服」リモート技術を活用した肉用牛生産推進事業
A59: 令和4年度補正デジタル田園都市国家構想交付金(デジタル実装タイプTYPE1)02201 | B59: アプリを活用した効果的な情報発信による市民サービス向上事業 | C59: 地域公共交通案内情報充実事業
A60: 令和4年度補正デジタル田園都市国家構想交付金(デジタル実装タイプTYPE1)02202 | B60: AIチャットボット導入事業 | C60: 「学ぶ力」向上事業 | D60: コンビニ交付導入事業
A61: 令和4年度補正デジタル田園都市国家構想交付金(デジタル実装タイプTYPE1)02203 | B61: 八戸市統合スマートフォン用アプリ活用事業 | C61: キャッシュレス決済導入事業
A62: 令和4年度補正デジタル田園都市国家構想交付金(デジタル実装タイプTYPE1)02206 | B62: 十和田市LINE公式アカウント活用事業 | C62: GPS除雪管理システム導入事業
A63: 令和4年度補正デジタル田園都市国家構想交付金(デジタル実装タイプTYPE1)02208 | B63: 早い･簡単･もっと便利な窓口サービス推進事業 | C63: 教育DXによる学力向上プラン
A64: 令和4年度補正デジタル田園都市国家構想交付金(デジタル実装タイプTYPE1)02209 | B64: スマート窓口導入事業 | C64: LINE行政情報個別配信システム等構築事業
A65: 令和4年度補正デジタル田園都市国家構想交付金(デジタル実装タイプTYPE1)02210 | B65: キャッシュレス窓口およびスマホ支所構築
A66: 令和4年度補正デジタル田園都市国家構想交付金(デジタル実装タイプTYPE1)02307 | B66: マイナンバーカード等を活用した「書かない窓口」導入事業
A67: 令和4年度補正デジタル田園都市国家構想交付金(デジタル実装タイプTYPE1)02402 | B67: 「地域連携型のまちづくり」を実現する公開型GISクラウドサービス導入事業 | C67: 「書かない窓口」システム構築事業
A68: 令和4年度補正デジタル田園都市国家構想交付金(デジタル実装タイプTYPE1)02408 | B68: コンビニ交付サービス事業
A69: 令和4年度補正デジタル田園都市国家構想交付金(デジタル実装タイプTYPE1)02411 | B69: 便利で快適な暮らしの場を創るデジタル道路情報提供サービス
A70: 令和4年度補正デジタル田園都市国家構想交付金(デジタル実装タイプTYPE1)02441 | B70: コンビニ交付サービス
A71: 令和4年度補正デジタル田園都市国家構想交付金(デジタル実装タイプTYPE1)02442 | B71: 五戸町窓口スマート化推進事業
A72: 令和4年度補正デジタル田園都市国家構想交付金(デジタル実装タイプTYPE1)02445 | B72: 戸籍証明書コンビニ交付導入事業
A73: 令和4年度補正デジタル田園都市国家構想交付金(デジタル実装タイプTYPE1)02446 | B73: 行政手続のオンライン化事業
A74: 令和4年度補正デジタル田園都市国家構想交付金(デジタル実装タイプTYPE1)03000 | B74: デジタル技術を活用した文化芸術・スポーツ環境向上事業 | C74: デジタル技術を活用した行政情報の発信 | D74: データ利活用促進事業 | E74: DXによる優良な産業廃棄物処理業者の育成事業 | F74: 若者のＵターン促進情報発信事業 | G74: デジタル技術を活用した学びの場の環境向上 | H74: デジタル技術を活用した学校教育の情報化
A75: 令和4年度補正デジタル田園都市国家構想交付金(デジタル実装タイプTYPE1)03201 | B75: 学校教育ICT化推進事業 | C75: 公立保育所ICT化推進事業 | D75: 口座振替請求データ電送化事業
A76: 令和4年度補正デジタル田園都市国家構想交付金(デジタル実装タイプTYPE1)03202 | B76: 行政手続オンライン化推進事業 | C76: 公共施設予約システム導入事業 | D76: デジタルドリルを活用した個別最適化学習事業
A77: 令和4年度補正デジタル田園都市国家構想交付金(デジタル実装タイプTYPE1)03203 | B77: おおふなと版窓口改革（DX） | C77: デジタル技術を活用した学校教育の情報化
A78: 令和4年度補正デジタル田園都市国家構想交付金(デジタル実装タイプTYPE1)03206 | B78: 北上市モバイルクリニック推進事業 | C78: GIS整備事業 | D78: 窓口業務DXプロジェクト | E78: デジタル技術を活用した学校教育の情報化
A79: 令和4年度補正デジタル田園都市国家構想交付金(デジタル実装タイプTYPE1)03207 | B79: 申請書記入サポートサービス導入事業 | C79: デジタル技術を活用した学校教育の情報化
A80: 令和4年度補正デジタル田園都市国家構想交付金(デジタル実装タイプTYPE1)03208 | B80: 証明書類のコンビニ交付サービス導入事業 | C80: ドローン活用事業 | D80: デジタル技術を活用した学校教育の情報化
A81: 令和4年度補正デジタル田園都市国家構想交付金(デジタル実装タイプTYPE1)03209 | B81: 電子入札システム導入事業 | C81: 大型提示装置を用いた同時双方向授業の展開 | D81: 一関市ＡＩチャットボット導入事業 | E81: 一関市窓口書類作成支援システム導入事業 | F81: デジタル技術を活用した学校教育の情報化
A82: 令和4年度補正デジタル田園都市国家構想交付金(デジタル実装タイプTYPE1)03210 | B82: コンビニ交付サービス | C82: デジタル技術を活用した学校教育の情報化
A83: 令和4年度補正デジタル田園都市国家構想交付金(デジタル実装タイプTYPE1)03211 | B83: 釜石版コネクテッドインターフェース構築事業
A84: 令和4年度補正デジタル田園都市国家構想交付金(デジタル実装タイプTYPE1)03213 | B84: デジタル技術を活用した学校教育の情報化
A85: 令和4年度補正デジタル田園都市国家構想交付金(デジタル実装タイプTYPE1)03215 | B85: アクティブ・ラーニングの実現による学びのＤＸ化 | C85: オンライン面談窓口整備事業 | D85: モバイルクリニック遠隔診療サービス事業 | E85: 公共施設予約管理システム整備事業 | F85: 民生委員ICT活用事業
A86: 令和4年度補正デジタル田園都市国家構想交付金(デジタル実装タイプTYPE1)03301 | B86: 雫石型森林クラウドシステム構築事業 | C86: 証明書交付のデジタル化と併せたマイナンバーカード利活用促進事業 | D86: デジタル技術を活用した学校教育の情報化
A87: 令和4年度補正デジタル田園都市国家構想交付金(デジタル実装タイプTYPE1)03303 | B87: デジタルを活用した災害対策事業 | C87: 窓口満足度向上事業 | D87: デジタル学習記録活用による教育の個別最適化推進事業
A88: 令和4年度補正デジタル田園都市国家構想交付金(デジタル実装タイプTYPE1)03322 | B88: 行政と住民が双方向にコミュニケーションする行政サービスの実現
A89: 令和4年度補正デジタル田園都市国家構想交付金(デジタル実装タイプTYPE1)03366 | B89: マイナンバーカード利活用促進支援
A90: 令和4年度補正デジタル田園都市国家構想交付金(デジタル実装タイプTYPE1)03483 | B90: デジタル技術を活用した学校教育の情報化
A91: 令和4年度補正デジタル田園都市国家構想交付金(デジタル実装タイプTYPE1)03485 | B91: デジタル技術を活用した学校教育の情報化
A92: 令和4年度補正デジタル田園都市国家構想交付金(デジタル実装タイプTYPE1)03501 | B92: デジタル技術を活用した学校教育の情報化
A93: 令和4年度補正デジタル田園都市国家構想交付金(デジタル実装タイプTYPE1)03507 | B93: オールHIRONOによる地域情報ポータルサイトを活用した地域課題解決事業
A94: 令和4年度補正デジタル田園都市国家構想交付金(デジタル実装タイプTYPE1)03524 | B94: デジタル技術を活用した学校教育の情報化
A95: 令和4年度補正デジタル田園都市国家構想交付金(デジタル実装タイプTYPE1)04000 | B95: 特別な支援を要する児童生徒に対するICT活用教育推進事業 | C95: 教育ＤＸ推進プロジェクト事業 | D95: 地域の児童家庭相談推進事業（音声通話認識システム導入）
A96: 令和4年度補正デジタル田園都市国家構想交付金(デジタル実装タイプTYPE1)04100 | B96: 書かない窓口導入事業 | C96: デジタルドリル実装による学びのDX事業
A97: 令和4年度補正デジタル田園都市国家構想交付金(デジタル実装タイプTYPE1)04203 | B97: 行政手続におけるオンライン化推進事業
A98: 令和4年度補正デジタル田園都市国家構想交付金(デジタル実装タイプTYPE1)04205 | B98: クラウド型校務支援システム導入による学習系データと校務系データの連携事業
A99: 令和4年度補正デジタル田園都市国家構想交付金(デジタル実装タイプTYPE1)04206 | B99: オンライン申請システム導入事業 | C99: 公立保育園・幼稚園ＩＣＴ化による保護者満足度向上事業 | D99: 災害時監視システム構築事業
A100: 令和4年度補正デジタル田園都市国家構想交付金(デジタル実装タイプTYPE1)04207 | B100: 名取市地域公共交通DX導入事業
...

Sheet 【発出時非表示】分野分類等の参照先
B1: 単独・地域間連携 | C1: サービス分野 | D1: サービス分類
A2: 令和4年度補正デジタル田園都市国家構想交付金(デジタル実装タイプTYPE1)01000誘客促進強化事業（アプリ機能強化） | B2: 単独 | C2: 観光 | D2: 観光周遊ポータル・アプリ
A3: 令和4年度補正デジタル田園都市国家構想交付金(デジタル実装タイプTYPE1)01000北海道開拓の村３次元化・オープンデータ化プロジェクト | B3: 単独 | C3: 文化・スポーツ | D3: デジタルミュージアム
A4: 令和4年度補正デジタル田園都市国家構想交付金(デジタル実装タイプTYPE1)01203おたる子育て応援デジタル化事業 | B4: 単独 | C4: 子育て | D4: 保育所への入所選考に係るデジタル活用
A5: 令和4年度補正デジタル田園都市国家構想交付金(デジタル実装タイプTYPE1)01203ホームページ活用によるWEB図書館サービス | B5: 単独 | C5: 文化・スポーツ | D5: 電子書籍（デジタルライブラリー）
A6: 令和4年度補正デジタル田園都市国家構想交付金(デジタル実装タイプTYPE1)01203校務支援サービス | B6: 単独 | C6: 教育 | D6: 校務支援システム導入
A7: 令和4年度補正デジタル田園都市国家構想交付金(デジタル実装タイプTYPE1)01204デジタル技術実装による地域コミュニティ担い手確保事業 | B7: 単独 | C7: 医療・福祉 | D7: 高齢者・障がい者等の健康管理
A8: 令和4年度補正デジタル田園都市国家構想交付金(デジタル実装タイプTYPE1)01206児童生徒の学習系データ・校務系データの連携・活用による教育環境の構築 | B8: 単独 | C8: 教育 | D8: 校務支援システム導入
A9: 令和4年度補正デジタル田園都市国家構想交付金(デジタル実装タイプTYPE1)01206行政手続きのオンライン化推進事業 | B9: 単独 | C9: 行政サービス | D9: オンライン申請
A10: 令和4年度補正デジタル田園都市国家構想交付金(デジタル実装タイプTYPE1)01208デジタルの力を活用した子ども・子育て支援環境向上事業 | B10: 単独 | C10: 子育て | D10: 保育所等業務のデジタル化
A11: 令和4年度補正デジタル田園都市国家構想交付金(デジタル実装タイプTYPE1)01210デジタル情報配信基盤を活用した観光周遊促進等による地域活性化事業 | B11: 単独 | C11: 観光 | D11: 観光客向けデジタルサイネージの設置
A12: 令和4年度補正デジタル田園都市国家構想交付金(デジタル実装タイプTYPE1)01211移動型医療サービス推進事業 | B12: 単独 | C12: 医療・福祉 | D12: オンライン診療・服薬指導・医療MaaS
A13: 令和4年度補正デジタル田園都市国家構想交付金(デジタル実装タイプTYPE1)01211公開型統合GIS導入事業 | B13: 単独 | C13: 防災・インフラメンテナンス | D13: 地理情報システム（GIS）の活用
... A6484: 令和6年度補正新しい地方経済・生活環境創生交付金(デジタル実装型TYPE1)04362介護認定審査会ペーパーレス会議システム導入事業 | B6484: 地域間連携 | C6484: 医療・福祉 | D6484: 介護認定審査業務のデジタル化

Sheet 【発出時非表示】data
KP1: No Del⇒ | KQ1: 170 | KR1: 170 | KS1: 170 | KT1: 170 | KU1: 170 | KV1: 170 | KW1: 172 | KX1: 172 | KY1: 172 | KZ1: 174 | LA1: 174 | LB1: 174 | LC1: 176 | LD1: 176 | LE1: 176 | LF1: 177 | LG1: 180 | LH1: 183 | LI1: 186 | LJ1: 187 | LK1: 188 | LL1: 189 | LM1: 190 | LN1: 193 | LO1: 196 | LP1: 197 | LQ1: 198 | LR1: 199 | LS1: 200 | LT1: 201 | LU1: 204 | LV1: 204 | LW1: 204 | LX1: 210 | LY1: 213 | LZ1: 218 | MA1: 218 | MB1: 218 | MC1: 218 | MD1: 218 | ME1: 218 | MF1: 220 | MG1: 220 | MH1: 220 | MI1: 222 | MJ1: 222 | MK1: 222 | ML1: 224 | MM1: 224 | MN1: 224 | MO1: 225 | MP1: 228 | MQ1: 231 | MR1: 234 | MS1: 235 | MT1: 236 | MU1: 237 | MV1: 238 | MW1: 241 | MX1: 244 | MY1: 245 | MZ1: 246 | NA1: 247 | NB1: 248 | NC1: 249 | ND1: 252 | NE1: 252 | NF1: 252 | NG1: 258 | NH1: 261 | NI1: 266 | NJ1: 266 | NK1: 266 | NL1: 266 | NM1: 266 | NN1: 266 | NO1: 268 | NP1: 268 | NQ1: 268 | NR1: 270 | NS1: 270 | NT1: 270 | NU1: 272 | NV1: 272 | NW1: 272 | NX1: 273 | NY1: 276 | NZ1: 279 | OA1: 282 | OB1: 283 | OC1: 284 | OD1: 285 | OE1: 286 | OF1: 289 | OG1: 292 | OH1: 293 | OI1: 294 | OJ1: 295 | OK1: 296 | OL1: 297 | OM1: 300 | ON1: 300 | OO1: 300 | OP1: 306 | OQ1: 309 | OR1: 314 | OS1: 314 | OT1: 314 | OU1: 314 | OV1: 314 | OW1: 314 | OX1: 316 | OY1: 316 | OZ1: 316 | PA1: 318 | PB1: 318 | PC1: 318 | PD1: 320 | PE1: 320 | PF1: 320 | PG1: 321 | PH1: 324 | PI1: 327 | PJ1: 330 | PK1: 331 | PL1: 332 | PM1: 333 | PN1: 334 | PO1: 337 | PP1: 340 | PQ1: 341 | PR1: 342 | PS1: 343 | PT1: 344 | PU1: 345 | PV1: 348 | PW1: 348 | PX1: 348 | PY1: 354 | PZ1: 357 | QA1: 362 | QB1: 362 | QC1: 362 | QD1: 362 | QE1: 362 | QF1: 362 | QG1: 364 | QH1: 364 | QI1: 364 | QJ1: 366 | QK1: 366 | QL1: 366 | QM1: 368 | QN1: 368 | QO1: 368 | QP1: 369 | QQ1: 372 | QR1: 375 | QS1: 378 | QT1: 379 | QU1: 380 | QV1: 381 | QW1: 382 | QX1: 385 | QY1: 388 | QZ1: 389 | RA1: 390 | RB1: 391 | RC1: 392 | RD1: 393 | RE1: 396 | RF1: 396 | RG1: 396 | RH1: 402 | RI1: 405 | RJ1: 410 | RK1: 410 | RL1: 410 | RM1: 410 | RN1: 410 | RO1: 410 | RP1: 412 | RQ1: 412 | RR1: 412 | RS1: 414 | RT1: 414 | RU1: 414 | RV1: 416 | RW1: 416 | RX1: 416 | RY1: 417 | RZ1: 420 | SA1: 423 | SB1: 426 | SC1: 427 | SD1: 428 | SE1: 429 | SF1: 430 | SG1: 433 | SH1: 436 | SI1: 437 | SJ1: 438 | SK1: 439 | SL1: 440 | SM1: 441 | SN1: 444 | SO1: 444 | SP1: 444 | SQ1: 450 | SR1: 453 | SS1: 458 | ST1: 458 | SU1: 458 | SV1: 458 | SW1: 458 | SX1: 458 | SY1: 460 | SZ1: 460 | TA1: 460 | TB1: 462 | TC1: 462 | TD1: 462 | TE1: 464 | TF1: 464 | TG1: 464 | TH1: 465 | TI1: 468 | TJ1: 471 | TK1: 474 | TL1: 475 | TM1: 476 | TN1: 477 | TO1: 478 | TP1: 481 | TQ1: 484 | TR1: 485 | TS1: 486 | TT1: 487 | TU1: 488 | TV1: 489 | TW1: 492 | TX1: 492 | TY1: 492 | TZ1: 498 | UA1: 501 | UB1: 506 | UC1: 506 | UD1: 506 | UE1: 506 | UF1: 506 | UG1: 506 | UH1: 508 | UI1: 508 | UJ1: 508 | UK1: 510 | UL1: 510 | UM1: 510 | UN1: 512 | UO1: 512 | UP1: 512 | UQ1: 513 | UR1: 516 | US1: 519 | UT1: 522 | UU1: 523 | UV1: 524 | UW1: 525 | UX1: 526 | UY1: 529 | UZ1: 532 | VA1: 533 | VB1: 534 | VC1: 535 | VD1: 536 | VE1: 537 | VF1: 540 | VG1: 540 | VH1: 540 | VI1: 546 | VJ1: 549 | VK1: 554 | VL1: 554 | VM1: 554 | VN1: 554 | VO1: 554 | VP1: 554 | VQ1: 556 | VR1: 556 | VS1: 556 | VT1: 558 | VU1: 558 | VV1: 558 | VW1: 560 | VX1: 560 | VY1: 560 | VZ1: 561 | WA1: 564 | WB1: 567 | WC1: 570 | WD1: 571 | WE1: 572 | WF1: 573 | WG1: 574 | WH1: 577 | WI1: 580 | WJ1: 581 | WK1: 582 | WL1: 583 | WM1: 584 | WN1: 585 | WO1: 588 | WP1: 588 | WQ1: 588 | WR1: 594 | WS1: 597 | WT1: 602 | WU1: 602 | WV1: 602 | WW1: 602 | WX1: 602 | WY1: 602 | WZ1: 604 | XA1: 604 | XB1: 604 | XC1: 606 | XD1: 606 | XE1: 606 | XF1: 608 | XG1: 608 | XH1: 608 | XI1: 609 | XJ1: 612 | XK1: 615 | XL1: 618 | XM1: 619 | XN1: 620 | XO1: 621 | XP1: 622 | XQ1: 625 | XR1: 628 | XS1: 629 | XT1: 630 | XU1: 631 | XV1: 632 | XW1: 633 | XX1: 636 | XY1: 636 | XZ1: 636 | YA1: 642 | YB1: 645 | YC1: 650 | YD1: 650 | YE1: 650 | YF1: 650 | YG1: 650 | YH1: 650 | YI1: 652 | YJ1: 652 | YK1: 652 | YL1: 654 | YM1: 654 | YN1: 654 | YO1: 656 | YP1: 656 | YQ1: 656 | YR1: 657 | YS1: 660 | YT1: 663 | YU1: 666 | YV1: 667 | YW1: 668 | YX1: 669 | YY1: 670 | YZ1: 673 | ZA1: 676 | ZB1: 677 | ZC1: 678 | ZD1: 679 | ZE1: 680 | ZF1: 681 | ZG1: 684 | ZH1: 684 | ZI1: 684 | ZJ1: 690 | ZK1: 693 | ZL1: 698 | ZM1: 698 | ZN1: 698 | ZO1: 698 | ZP1: 698 | ZQ1: 698 | ZR1: 700 | ZS1: 700 | ZT1: 700 | ZU1: 702 | ZV1: 702 | ZW1: 702 | ZX1: 704 | ZY1: 704 | ZZ1: 704 | AAA1: 705 | AAB1: 708 | AAC1: 711 | AAD1: 714 | AAE1: 715 | AAF1: 716 | AAG1: 717 | AAH1: 718 | AAI1: 721 | AAJ1: 724 | AAK1: 725 | AAL1: 726 | AAM1: 727 | AAN1: 728 | AAO1: 729 | AAP1: 732 | AAQ1: 732 | AAR1: 732 | AAS1: 738 | AAT1: 741 | AAU1: 746 | AAV1: 746 | AAW1: 746 | AAX1: 746 | AAY1: 746 | AAZ1: 746 | ABA1: 748 | ABB1: 748 | ABC1: 748 | ABD1: 750 | ABE1: 750 | ABF1: 750 | ABG1: 752 | ABH1: 752 | ABI1: 752 | ABJ1: 753 | ABK1: 756 | ABL1: 759 | ABM1: 762 | ABN1: 763 | ABO1: 764 | ABP1: 765 | ABQ1: 766 | ABR1: 769 | ABS1: 772 | ABT1: 773 | ABU1: 774 | ABV1: 775 | ABW1: 776 | ABX1: 777 | ABY1: 780 | ABZ1: 780 | ACA1: 780 | ACB1: 786 | ACC1: 789 | ACD1: 794 | ACE1: 794 | ACF1: 794 | ACG1: 794 | ACH1: 794 | ACI1: 794 | ACJ1: 796 | ACK1: 796 | ACL1: 796 | ACM1: 798 | ACN1: 798 | ACO1: 798 | ACP1: 800 | ACQ1: 800 | ACR1: 800 | ACS1: 801 | ACT1: 804 | ACU1: 807 | ACV1: 810 | ACW1: 811 | ACX1: 812 | ACY1: 813 | ACZ1: 814 | ADA1: 817 | ADB1: 820 | ADC1: 821 | ADD1: 822 | ADE1: 823 | ADF1: 824 | ADG1: 825 | ADH1: 828 | ADI1: 828 | ADJ1: 828 | ADK1: 834 | ADL1: 837 | ADM1: 842 | ADN1: 842 | ADO1: 842 | ADP1: 842 | ADQ1: 842 | ADR1: 842 | ADS1: 844 | ADT1: 844 | ADU1: 844 | ADV1: 846 | ADW1: 846 | ADX1: 846 | ADY1: 848 | ADZ1: 848 | AEA1: 848 | AEB1: 849 | AEC1: 852 | AED1: 855 | AEE1: 858 | AEF1: 859 | AEG1: 860 | AEH1: 861 | AEI1: 862 | AEJ1: 865 | AEK1: 868 | AEL1: 869 | AEM1: 870 | AEN1: 871 | AEO1: 872 | AEP1: 873 | AEQ1: 876 | AER1: 876 | AES1: 876 | AET1: 882 | AEU1: 885 | ANQ1: *
A2: 0.基礎情報 | AEV2: 1.推進体制 | AGF2: 2-1. サービス実装 | AHZ2: 2-2. サービス運用 | AIM2: 3.周知・広報 | AJN2: 4.評価・改善 | AKO2: 5.最終年度の振り返り | ANP2: 異常検出
Q3: １．推進体制 | EG3: ２．事業の収支 | KQ3: 3.事業のKPI | AEV3: ①継続運営可能な庁内推進体制 | AFM3: ②継続運営可能な庁外推進体制（地域のステークホルダー・委託事業者を含む） | AFU3: ③推進体制の工夫や改善点 | AGF3: ①ニーズの把握 | AGH3: ②サービスの調達 | AGZ3: ③サービスの導入 | AHP3: ④導入サービス構築の工夫や改善点 | AHZ3: ①利用者等からの意見収集 | AIC3: ②サービス運用の工夫や改善点 | AIM3: ①情報発信の方法 | AJE3: ②周知・広報活動の工夫や改善点 | AJN3: ①事業の評価 | AKA3: ②事業の改善 | AKE3: ③評価・改善活動の工夫や改善点 | AKO3: ①<事業評価> | AMZ3: ②<総括> | ANO3: ③<確認> | ANP3: 2-1.サービス実装
Q4: 予定していた事業推進体制・構成員 | BY4: 実際の事業推進体制・構成員 | EG4: 予定していた2026年度の事業収支（経費については、実施計画書より転記）※単位：千円 | HL4: 実際の2026年度の事業収支 | KQ4: KPI① | LZ4: KPI② | NI4: KPI③ | OR4: KPI④ | QA4: KPI⑤ | RJ4: KPI⑥ | SS4: KPI⑦ | UB4: KPI⑧ | VK4: KPI⑨ | WT4: KPI⑩ | YC4: KPI⑪ | ZL4: KPI⑫ | AAU4: KPI⑬ | ACD4: KPI⑭ | ADM4: KPI⑮ | AEV4: 1 | AEW4: 2 | AEX4: 3 | AFE4: 4 | AFK4: 5 | AFL4: 6 | AFM4: 7 | AFS4: 8 | AFT4: 9 | AFU4: 10 | AFV4: 11 | AGE4: 12 | AGF4: 1 | AGG4: 2 | AGH4: 3 | AGI4: 4 | AGJ4: 5-1 | AGK4: 5-2 | AGR4: 6-1 | AGT4: 6-2 | AGU4: 6-3 | AGX4: 6-4 | AGY4: 6-5 | AGZ4: 7 | AHA4: 8-1 | AHB4: 8-2 | AHL4: 8-3 | AHP4: 9 | AHQ4: 10 | AHY4: 11 | AHZ4: 1 | AIA4: 2 | AIB4: 3 | AIC4: 4 | AID4: 5 | AIE4: 6 | AIL4: 7 | AIM4: 1 | AIN4: 2 | AIV4: 3-1 | AJD4: 3-2 | AJE4: 4 | AJF4: 5 | AJM4: 6 | AJN4: 1 | AJV4: 2 | AKA4: 3 | AKB4: 4 | AKC4: 4 | AKE4: 5 | AKF4: 6 | AKN4: 7 | AKR4: 1 | AMZ4: 2 | ANA4: 3 | ANC4: 4 | ANG4: 5 | ANI4: 6 | ANJ4: 7 | ANL4: 8 | ANN4: 9 | ANO4: 10 | ANP4: ③
A5: 都道府県名 | B5: 市区町村等名 | C5: 地方公共団体コード | D5: 担当部局名 | E5: 責任者名 | F5: 責任者役職 | G5: 担当者名 | H5: 電話番号 | I5: メールアドレス | J5: 評価年度 | K5: 記入日 | L5: 交付金予算年度 | M5: 交付対象事業の名称 | N5: 単独・地域間連携 | O5: サービス分野 | P5: サービス分類 | Q5: 名称（団体・事業者名）(1) | R5: 団体・事業者概要(1) | S5: 事業における役割(1) | T5: 名称（団体・事業者名）(2) | U5: 団体・事業者概要(2) | V5: 事業における役割(2) | W5: 名称（団体・事業者名）(3) | X5: 団体・事業者概要(3) | Y5: 事業における役割(3) | Z5: 名称（団体・事業者名）(4) | AA5: 団体・事業者概要(4) | AB5: 事業における役割(4) | AC5: 名称（団体・事業者名）(5) | AD5: 団体・事業者概要(5) | AE5: 事業における役割(5) | AF5: 名称（団体・事業者名）(6) | AG5: 団体・事業者概要(6) | AH5: 事業における役割(6) | AI5: 名称（団体・事業者名）(7) | AJ5: 団体・事業者概要(7) | AK5: 事業における役割(7) | AL5: 名称（団体・事業者名）(8) | AM5: 団体・事業者概要(8) | AN5: 事業における役割(8) | AO5: 名称（団体・事業者名）(9) | AP5: 団体・事業者概要(9) | AQ5: 事業における役割(9) | AR5: 名称（団体・事業者名）(10) | AS5: 団体・事業者概要(10) | AT5: 事業における役割(10) | AU5: 名称（団体・事業者名）(11) | AV5: 団体・事業者概要(11) | AW5: 事業における役割(11) | AX5: 名称（団体・事業者名）(12) | AY5: 団体・事業者概要(12) | AZ5: 事業における役割(12) | BA5: 名称（団体・事業者名）(13) | BB5: 団体・事業者概要(13) | BC5: 事業における役割(13) | BD5: 名称（団体・事業者名）(14) | BE5: 団体・事業者概要(14) | BF5: 事業における役割(14) | BG5: 名称（団体・事業者名）(15) | BH5: 団体・事業者概要(15) | BI5: 事業における役割(15) | BJ5: 名称（団体・事業者名）(16) | BK5: 団体・事業者概要(16) | BL5: 事業における役割(16) | BM5: 名称（団体・事業者名）(17) | BN5: 団体・事業者概要(17) | BO5: 事業における役割(17) | BP5: 名称（団体・事業者名）(18) | BQ5: 団体・事業者概要(18) | BR5: 事業における役割(18) | BS5: 名称（団体・事業者名）(19) | BT5: 団体・事業者概要(19) | BU5: 事業における役割(19) | BV5: 名称（団体・事業者名）(20) | BW5: 団体・事業者概要(20) | BX5: 事業における役割(20) | BY5: 名称（団体・事業者名）(1) | BZ5: 団体・事業者概要(1) | CA5: 事業における役割(1) | CB5: 名称（団体・事業者名）(2) | CC5: 団体・事業者概要(2) | CD5: 事業における役割(2) | CE5: 名称（団体・事業者名）(3) | CF5: 団体・事業者概要(3) | CG5: 事業における役割(3) | CH5: 名称（団体・事業者名）(4) | CI5: 団体・事業者概要(4) | CJ5: 事業における役割(4) | CK5: 名称（団体・事業者名）(5) | CL5: 団体・事業者概要(5) | CM5: 事業における役割(5) | CN5: 名称（団体・事業者名）(6) | CO5: 団体・事業者概要(6) | CP5: 事業における役割(6) | CQ5: 名称（団体・事業者名）(7) | CR5: 団体・事業者概要(7) | CS5: 事業における役割(7) | CT5: 名称（団体・事業者名）(8) | CU5: 団体・事業者概要(8) | CV5: 事業における役割(8) | CW5: 名称（団体・事業者名）(9) | CX5: 団体・事業者概要(9) | CY5: 事業における役割(9) | CZ5: 名称（団体・事業者名）(10) | DA5: 団体・事業者概要(10) | DB5: 事業における役割(10) | DC5: 名称（団体・事業者名）(11) | DD5: 団体・事業者概要(11) | DE5: 事業における役割(11) | DF5: 名称（団体・事業者名）(12) | DG5: 団体・事業者概要(12) | DH5: 事業における役割(12) | DI5: 名称（団体・事業者名）(13) | DJ5: 団体・事業者概要(13) | DK5: 事業における役割(13) | DL5: 名称（団体・事業者名）(14) | DM5: 団体・事業者概要(14) | DN5: 事業における役割(14) | DO5: 名称（団体・事業者名）(15) | DP5: 団体・事業者概要(15) | DQ5: 事業における役割(15) | DR5: 名称（団体・事業者名）(16) | DS5: 団体・事業者概要(16) | DT5: 事業における役割(16) | DU5: 名称（団体・事業者名）(17) | DV5: 団体・事業者概要(17) | DW5: 事業における役割(17) | DX5: 名称（団体・事業者名）(18) | DY5: 団体・事業者概要(18) | DZ5: 事業における役割(18) | EA5: 名称（団体・事業者名）(19) | EB5: 団体・事業者概要(19) | EC5: 事業における役割(19) | ED5: 名称（団体・事業者名）(20) | EE5: 団体・事業者概要(20) | EF5: 事業における役割(20) | EG5: 経費項目(1) | EH5: 金額(1) | EI5: 経費項目(2) | EJ5: 金額(2) | EK5: 経費項目(3) | EL5: 金額(3) | EM5: 経費項目(4) | EN5: 金額(4) | EO5: 経費項目(5) | EP5: 金額(5) | EQ5: 経費項目(6) | ER5: 金額(6) | ES5: 経費項目(7) | ET5: 金額(7) | EU5: 経費項目(8) | EV5: 金額(8) | EW5: 経費項目(9) | EX5: 金額(9) | EY5: 経費項目(10) | EZ5: 金額(10) | FA5: 経費項目(11) | FB5: 金額(11) | FC5: 経費項目(12) | FD5: 金額(12) | FE5: 経費項目(13) | FF5: 金額(13) | FG5: 経費項目(14) | FH5: 金額(14) | FI5: 経費項目(15) | FJ5: 金額(15) | FK5: 経費項目(16) | FL5: 金額(16) | FM5: 経費項目(17) | FN5: 金額(17) | FO5: 経費項目(18) | FP5: 金額(18) | FQ5: 経費項目(19) | FR5: 金額(19) | FS5: 経費項目(20) | FT5: 金額(20) | FU5: 経費合計 | FV5: 収入項目(1) | FW5: 金額(1) | FX5: 収入項目(2) | FY5: 金額(2) | FZ5: 収入項目(3) | GA5: 金額(3) | GB5: 収入項目(4) | GC5: 金額(4) | GD5: 収入項目(5) | GE5: 金額(5) | GF5: 収入項目(6) | GG5: 金額(6) | GH5: 収入項目(7) | GI5: 金額(7) | GJ5: 収入項目(8) | GK5: 金額(8) | GL5: 収入項目(9) | GM5: 金額(9) | GN5: 収入項目(10) | GO5: 金額(10) | GP5: 収入項目(11) | GQ5: 金額(11) | GR5: 収入項目(12) | GS5: 金額(12) | GT5: 収入項目(13) | GU5: 金額(13) | GV5: 収入項目(14) | GW5: 金額(14) | GX5: 収入項目(15) | GY5: 金額(15) | GZ5: 収入項目(16) | HA5: 金額(16) | HB5: 収入項目(17) | HC5: 金額(17) | HD5: 収入項目(18) | HE5: 金額(18) | HF5: 収入項目(19) | HG5: 金額(19) | HH5: 収入項目(20) | HI5: 金額(20) | HJ5: 収入合計 | HK5: 収入合計-経費合計 | HL5: 経費項目(1) | HM5: 金額(1) | HN5: 経費項目(2) | HO5: 金額(2) | HP5: 経費項目(3) | HQ5: 金額(3) | HR5: 経費項目(4) | HS5: 金額(4) | HT5: 経費項目(5) | HU5: 金額(5) | HV5: 経費項目(6) | HW5: 金額(6) | HX5: 経費項目(7) | HY5: 金額(7) | HZ5: 経費項目(8) | IA5: 金額(8) | IB5: 経費項目(9) | IC5: 金額(9) | ID5: 経費項目(10) | IE5: 金額(10) | IF5: 経費項目(11) | IG5: 金額(11) | IH5: 経費項目(12) | II5: 金額(12) | IJ5: 経費項目(13) | IK5: 金額(13) | IL5: 経費項目(14) | IM5: 金額(14) | IN5: 経費項目(15) | IO5: 金額(15) | IP5: 経費項目(16) | IQ5: 金額(16) | IR5: 経費項目(17) | IS5: 金額(17) | IT5: 経費項目(18) | IU5: 金額(18) | IV5: 経費項目(19) | IW5: 金額(19) | IX5: 経費項目(20) | IY5: 金額(20) | IZ5: 経費合計 | JA5: 収入項目(1) | JB5: 金額(1) | JC5: 収入項目(2) | JD5: 金額(2) | JE5: 収入項目(3) | JF5: 金額(3) | JG5: 収入項目(4) | JH5: 金額(4) | JI5: 収入項目(5) | JJ5: 金額(5) | JK5: 収入項目(6) | JL5: 金額(6) | JM5: 収入項目(7) | JN5: 金額(7) | JO5: 収入項目(8) | JP5: 金額(8) | JQ5: 収入項目(9) | JR5: 金額(9) | JS5: 収入項目(10) | JT5: 金額(10) | JU5: 収入項目(11) | JV5: 金額(11) | JW5: 収入項目(12) | JX5: 金額(12) | JY5: 収入項目(13) | JZ5: 金額(13) | KA5: 収入項目(14) | KB5: 金額(14) | KC5: 収入項目(15) | KD5: 金額(15) | KE5: 収入項目(16) | KF5: 金額(16) | KG5: 収入項目(17) | KH5: 金額(17) | KI5: 収入項目(18) | KJ5: 金額(18) | KK5: 収入項目(19) | KL5: 金額(19) | KM5: 収入項目(20) | KN5: 金額(20) | KO5: 収入合計 | KP5: 収入合計-経費合計 | KQ5: 名称 | KR5: 種別 | KS5: 単位 | KT5: 性質 | KU5: 基準年度 | KV5: 基準値 | KW5: 1年目 目標値 | KX5: 1年目 実績値 | KY5: 達成状況 | KZ5: 2年目 目標値 | LA5: 2年目 実績値 | LB5: 達成状況 | LC5: 3年目 目標値 | LD5: 3年目 実績値 | LE5: 達成状況 | LF5: 基準値なしの理由 | LG5: 【「KPI達成」の場合】 達成のための取組内容や工夫 | LH5: 【「KPI達成」の場合】 今後に向けた取組 | LI5: 【「KPI未達成」の場合】 達成できなかった理由① | LJ5: 【「KPI未達成」の場合】 達成できなかった理由② | LK5: 【「KPI未達成」の場合】 達成できなかった理由③ | LL5: 【「KPI未達成」の場合】 達成できなかった理由④ | LM5: 【「KPI未達成」の場合】 達成できなかった理由（詳細） | LN5: 【「KPI未達成」の場合】 今後に向けた取組 | LO5: 【「KPI未計測」の場合】 計測できなかった理由① | LP5: 【「KPI未計測」の場合】 計測できなかった理由② | LQ5: 【「KPI未計測」の場合】 計測できなかった理由③ | LR5: 【「KPI未計測」の場合】 計測できなかった理由④ | LS5: 【「KPI未計測」の場合】 計測できなかった理由⑤ | LT5: 【「KPI未計測」の場合】 計測できなかった理由（詳細） | LU5: 【「KPI未計測」の場合】 今後の計測見込み | LV5: 【「KPI未計測」の場合】 計測見込み年 | LW5: 【「KPI未計測」の場合】 計測見込み月 | LX5: 【「KPI未計測」の場合】 今後に向けた取組 | LY5: 【初年度未設定の場合】 今後に向けた取組 | LZ5: 名称 | MA5: 種別 | MB5: 単位 | MC5: 性質 | MD5: 基準年度 | ME5: 基準値 | MF5: 1年目 目標値 | MG5: 1年目 実績値 | MH5: 達成状況 | MI5: 2年目 目標値 | MJ5: 2年目 実績値 | MK5: 達成状況 | ML5: 3年目 目標値 | MM5: 3年目 実績値 | MN5: 達成状況 | MO5: 基準値なしの理由 | MP5: 【「KPI達成」の場合】 達成のための取組内容や工夫 | MQ5: 【「KPI達成」の場合】 今後に向けた取組 | MR5: 【「KPI未達成」の場合】 達成できなかった理由① | MS5: 【「KPI未達成」の場合】 達成できなかった理由② | MT5: 【「KPI未達成」の場合】 達成できなかった理由③ | MU5: 【「KPI未達成」の場合】 達成できなかった理由④ | MV5: 【「KPI未達成」の場合】 達成できなかった理由（詳細） | MW5: 【「KPI未達成」の場合】 今後に向けた取組 | MX5: 【「KPI未計測」の場合】 計測できなかった理由① | MY5: 【「KPI未計測」の場合】 計測できなかった理由② | MZ5: 【「KPI未計測」の場合】 計測できなかった理由③ | NA5: 【「KPI未計測」の場合】 計測できなかった理由④ | NB5: 【「KPI未計測」の場合】 計測できなかった理由⑤ | NC5: 【「KPI未計測」の場合】 計測できなかった理由（詳細） | ND5: 【「KPI未計測」の場合】 今後の計測見込み | NE5: 【「KPI未計測」の場合】 計測見込み年 | NF5: 【「KPI未計測」の場合】 計測見込み月 | NG5: 【「KPI未計測」の場合】 今後に向けた取組 | NH5: 【初年度未設定の場合】 今後に向けた取組 | NI5: 名称 | NJ5: 種別 | NK5: 単位 | NL5: 性質 | NM5: 基準年度 | NN5: 基準値 | NO5: 1年目 目標値 | NP5: 1年目 実績値 | NQ5: 達成状況 | NR5: 2年目 目標値 | NS5: 2年目 実績値 | NT5: 達成状況 | NU5: 3年目 目標値 | NV5: 3年目 実績値 | NW5: 達成状況 | NX5: 基準値なしの理由 | NY5: 【「KPI達成」の場合】 達成のための取組内容や工夫 | NZ5: 【「KPI達成」の場合】 今後に向けた取組 | OA5: 【「KPI未達成」の場合】 達成できなかった理由① | OB5: 【「KPI未達成」の場合】 達成できなかった理由② | OC5: 【「KPI未達成」の場合】 達成できなかった理由③ | OD5: 【「KPI未達成」の場合】 達成できなかった理由④ | OE5: 【「KPI未達成」の場合】 達成できなかった理由（詳細） | OF5: 【「KPI未達成」の場合】 今後に向けた取組 | OG5: 【「KPI未計測」の場合】 計測できなかった理由① | OH5: 【「KPI未計測」の場合】 計測できなかった理由② | OI5: 【「KPI未計測」の場合】 計測できなかった理由③ | OJ5: 【「KPI未計測」の場合】 計測できなかった理由④ | OK5: 【「KPI未計測」の場合】 計測できなかった理由⑤ | OL5: 【「KPI未計測」の場合】 計測できなかった理由（詳細） | OM5: 【「KPI未計測」の場合】 今後の計測見込み | ON5: 【「KPI未計測」の場合】 計測見込み年 | OO5: 【「KPI未計測」の場合】 計測見込み月 | OP5: 【「KPI未計測」の場合】 今後に向けた取組 | OQ5: 【初年度未設定の場合】 今後に向けた取組 | OR5: 名称 | OS5: 種別 | OT5: 単位 | OU5: 性質 | OV5: 基準年度 | OW5: 基準値 | OX5: 1年目 目標値 | OY5: 1年目 実績値 | OZ5: 達成状況 | PA5: 2年目 目標値 | PB5: 2年目 実績値 | PC5: 達成状況 | PD5: 3年目 目標値 | PE5: 3年目 実績値 | PF5: 達成状況 | PG5: 基準値なしの理由 | PH5: 【「KPI達成」の場合】 達成のための取組内容や工夫 | PI5: 【「KPI達成」の場合】 今後に向けた取組 | PJ5: 【「KPI未達成」の場合】 達成できなかった理由① | PK5: 【「KPI未達成」の場合】 達成できなかった理由② | PL5: 【「KPI未達成」の場合】 達成できなかった理由③ | PM5: 【「KPI未達成」の場合】 達成できなかった理由④ | PN5: 【「KPI未達成」の場合】 達成できなかった理由（詳細） | PO5: 【「KPI未達成」の場合】 今後に向けた取組 | PP5: 【「KPI未計測」の場合】 計測できなかった理由① | PQ5: 【「KPI未計測」の場合】 計測できなかった理由② | PR5: 【「KPI未計測」の場合】 計測できなかった理由③ | PS5: 【「KPI未計測」の場合】 計測できなかった理由④ | PT5: 【「KPI未計測」の場合】 計測できなかった理由⑤ | PU5: 【「KPI未計測」の場合】 計測できなかった理由（詳細） | PV5: 【「KPI未計測」の場合】 今後の計測見込み | PW5: 【「KPI未計測」の場合】 計測見込み年 | PX5: 【「KPI未計測」の場合】 計測見込み月 | PY5: 【「KPI未計測」の場合】 今後に向けた取組 | PZ5: 【初年度未設定の場合】 今後に向けた取組 | QA5: 名称 | QB5: 種別 | QC5: 単位 | QD5: 性質 | QE5: 基準年度 | QF5: 基準値 | QG5: 1年目 目標値 | QH5: 1年目 実績値 | QI5: 達成状況 | QJ5: 2年目 目標値 | QK5: 2年目 実績値 | QL5: 達成状況 | QM5: 3年目 目標値 | QN5: 3年目 実績値 | QO5: 達成状況 | QP5: 基準値なしの理由 | QQ5: 【「KPI達成」の場合】 達成のための取組内容や工夫 | QR5: 【「KPI達成」の場合】 今後に向けた取組 | QS5: 【「KPI未達成」の場合】 達成できなかった理由① | QT5: 【「KPI未達成」の場合】 達成できなかった理由② | QU5: 【「KPI未達成」の場合】 達成できなかった理由③ | QV5: 【「KPI未達成」の場合】 達成できなかった理由④ | QW5: 【「KPI未達成」の場合】 達成できなかった理由（詳細） | QX5: 【「KPI未達成」の場合】 今後に向けた取組 | QY5: 【「KPI未計測」の場合】 計測できなかった理由① | QZ5: 【「KPI未計測」の場合】 計測できなかった理由② | RA5: 【「KPI未計測」の場合】 計測できなかった理由③ | RB5: 【「KPI未計測」の場合】 計測できなかった理由④ | RC5: 【「KPI未計測」の場合】 計測できなかった理由⑤ | RD5: 【「KPI未計測」の場合】 計測できなかった理由（詳細） | RE5: 【「KPI未計測」の場合】 今後の計測見込み | RF5: 【「KPI未計測」の場合】 計測見込み年 | RG5: 【「KPI未計測」の場合】 計測見込み月 | RH5: 【「KPI未計測」の場合】 今後に向けた取組 | RI5: 【初年度未設定の場合】 今後に向けた取組 | RJ5: 名称 | RK5: 種別 | RL5: 単位 | RM5: 性質 | RN5: 基準年度 | RO5: 基準値 | RP5: 1年目 目標値 | RQ5: 1年目 実績値 | RR5: 達成状況 | RS5: 2年目 目標値 | RT5: 2年目 実績値 | RU5: 達成状況 | RV5: 3年目 目標値 | RW5: 3年目 実績値 | RX5: 達成状況 | RY5: 基準値なしの理由 | RZ5: 【「KPI達成」の場合】 達成のための取組内容や工夫 | SA5: 【「KPI達成」の場合】 今後に向けた取組 | SB5: 【「KPI未達成」の場合】 達成できなかった理由① | SC5: 【「KPI未達成」の場合】 達成できなかった理由② | SD5: 【「KPI未達成」の場合】 達成できなかった理由③ | SE5: 【「KPI未達成」の場合】 達成できなかった理由④ | SF5: 【「KPI未達成」の場合】 達成できなかった理由（詳細） | SG5: 【「KPI未達成」の場合】 今後に向けた取組 | SH5: 【「KPI未計測」の場合】 計測できなかった理由① | SI5: 【「KPI未計測」の場合】 計測できなかった理由② | SJ5: 【「KPI未計測」の場合】 計測できなかった理由③ | SK5: 【「KPI未計測」の場合】 計測できなかった理由④ | SL5: 【「KPI未計測」の場合】 計測できなかった理由⑤ | SM5: 【「KPI未計測」の場合】 計測できなかった理由（詳細） | SN5: 【「KPI未計測」の場合】 今後の計測見込み | SO5: 【「KPI未計測」の場合】 計測見込み年 | SP5: 【「KPI未計測」の場合】 計測見込み月 | SQ5: 【「KPI未計測」の場合】 今後に向けた取組 | SR5: 【初年度未設定の場合】 今後に向けた取組 | SS5: 名称 | ST5: 種別 | SU5: 単位 | SV5: 性質 | SW5: 基準年度 | SX5: 基準値 | SY5: 1年目 目標値 | SZ5: 1年目 実績値 | TA5: 達成状況 | TB5: 2年目 目標値 | TC5: 2年目 実績値 | TD5: 達成状況 | TE5: 3年目 目標値 | TF5: 3年目 実績値 | TG5: 達成状況 | TH5: 基準値なしの理由 | TI5: 【「KPI達成」の場合】 達成のための取組内容や工夫 | TJ5: 【「KPI達成」の場合】 今後に向けた取組 | TK5: 【「KPI未達成」の場合】 達成できなかった理由① | TL5: 【「KPI未達成」の場合】 達成できなかった理由② | TM5: 【「KPI未達成」の場合】 達成できなかった理由③ | TN5: 【「KPI未達成」の場合】 達成できなかった理由④ | TO5: 【「KPI未達成」の場合】 達成できなかった理由（詳細） | TP5: 【「KPI未達成」の場合】 今後に向けた取組 | TQ5: 【「KPI未計測」の場合】 計測できなかった理由① | TR5: 【「KPI未計測」の場合】 計測できなかった理由② | TS5: 【「KPI未計測」の場合】 計測できなかった理由③ | TT5: 【「KPI未計測」の場合】 計測できなかった理由④ | TU5: 【「KPI未計測」の場合】 計測できなかった理由⑤ | TV5: 【「KPI未計測」の場合】 計測できなかった理由（詳細） | TW5: 【「KPI未計測」の場合】 今後の計測見込み | TX5: 【「KPI未計測」の場合】 計測見込み年 | TY5: 【「KPI未計測」の場合】 計測見込み月 | TZ5: 【「KPI未計測」の場合】 今後に向けた取組 | UA5: 【初年度未設定の場合】 今後に向けた取組 | UB5: 名称 | UC5: 種別 | UD5: 単位 | UE5: 性質 | UF5: 基準年度 | UG5: 基準値 | UH5: 1年目 目標値 | UI5: 1年目 実績値 | UJ5: 達成状況 | UK5: 2年目 目標値 | UL5: 2年目 実績値 | UM5: 達成状況 | UN5: 3年目 目標値 | UO5: 3年目 実績値 | UP5: 達成状況 | UQ5: 基準値なしの理由 | UR5: 【「KPI達成」の場合】 達成のための取組内容や工夫 | US5: 【「KPI達成」の場合】 今後に向けた取組 | UT5: 【「KPI未達成」の場合】 達成できなかった理由① | UU5: 【「KPI未達成」の場合】 達成できなかった理由② | UV5: 【「KPI未達成」の場合】 達成できなかった理由③ | UW5: 【「KPI未達成」の場合】 達成できなかった理由④ | UX5: 【「KPI未達成」の場合】 達成できなかった理由（詳細） | UY5: 【「KPI未達成」の場合】 今後に向けた取組 | UZ5: 【「KPI未計測」の場合】 計測できなかった理由① | VA5: 【「KPI未計測」の場合】 計測できなかった理由② | VB5: 【「KPI未計測」の場合】 計測できなかった理由③ | VC5: 【「KPI未計測」の場合】 計測できなかった理由④ | VD5: 【「KPI未計測」の場合】 計測できなかった理由⑤ | VE5: 【「KPI未計測」の場合】 計測できなかった理由（詳細） | VF5: 【「KPI未計測」の場合】 今後の計測見込み | VG5: 【「KPI未計測」の場合】 計測見込み年 | VH5: 【「KPI未計測」の場合】 計測見込み月 | VI5: 【「KPI未計測」の場合】 今後に向けた取組 | VJ5: 【初年度未設定の場合】 今後に向けた取組 | VK5: 名称 | VL5: 種別 | VM5: 単位 | VN5: 性質 | VO5: 基準年度 | VP5: 基準値 | VQ5: 1年目 目標値 | VR5: 1年目 実績値 | VS5: 達成状況 | VT5: 2年目 目標値 | VU5: 2年目 実績値 | VV5: 達成状況 | VW5: 3年目 目標値 | VX5: 3年目 実績値 | VY5: 達成状況 | VZ5: 基準値なしの理由 | WA5: 【「KPI達成」の場合】 達成のための取組内容や工夫 | WB5: 【「KPI達成」の場合】 今後に向けた取組 | WC5: 【「KPI未達成」の場合】 達成できなかった理由① | WD5: 【「KPI未達成」の場合】 達成できなかった理由② | WE5: 【「KPI未達成」の場合】 達成できなかった理由③ | WF5: 【「KPI未達成」の場合】 達成できなかった理由④ | WG5: 【「KPI未達成」の場合】 達成できなかった理由（詳細） | WH5: 【「KPI未達成」の場合】 今後に向けた取組 | WI5: 【「KPI未計測」の場合】 計測できなかった理由① | WJ5: 【「KPI未計測」の場合】 計測できなかった理由② | WK5: 【「KPI未計測」の場合】 計測できなかった理由③ | WL5: 【「KPI未計測」の場合】 計測できなかった理由④ | WM5: 【「KPI未計測」の場合】 計測できなかった理由⑤ | WN5: 【「KPI未計測」の場合】 計測できなかった理由（詳細） | WO5: 【「KPI未計測」の場合】 今後の計測見込み | WP5: 【「KPI未計測」の場合】 計測見込み年 | WQ5: 【「KPI未計測」の場合】 計測見込み月 | WR5: 【「KPI未計測」の場合】 今後に向けた取組 | WS5: 【初年度未設定の場合】 今後に向けた取組 | WT5: 名称 | WU5: 種別 | WV5: 単位 | WW5: 性質 | WX5: 基準年度 | WY5: 基準値 | WZ5: 1年目 目標値 | XA5: 1年目 実績値 | XB5: 達成状況 | XC5: 2年目 目標値 | XD5: 2年目 実績値 | XE5: 達成状況 | XF5: 3年目 目標値 | XG5: 3年目 実績値 | XH5: 達成状況 | XI5: 基準値なしの理由 | XJ5: 【「KPI達成」の場合】 達成のための取組内容や工夫 | XK5: 【「KPI達成」の場合】 今後に向けた取組 | XL5: 【「KPI未達成」の場合】 達成できなかった理由① | XM5: 【「KPI未達成」の場合】 達成できなかった理由② | XN5: 【「KPI未達成」の場合】 達成できなかった理由③ | XO5: 【「KPI未達成」の場合】 達成できなかった理由④ | XP5: 【「KPI未達成」の場合】 達成できなかった理由（詳細） | XQ5: 【「KPI未達成」の場合】 今後に向けた取組 | XR5: 【「KPI未計測」の場合】 計測できなかった理由① | XS5: 【「KPI未計測」の場合】 計測できなかった理由② | XT5: 【「KPI未計測」の場合】 計測できなかった理由③ | XU5: 【「KPI未計測」の場合】 計測できなかった理由④ | XV5: 【「KPI未計測」の場合】 計測できなかった理由⑤ | XW5: 【「KPI未計測」の場合】 計測できなかった理由（詳細） | XX5: 【「KPI未計測」の場合】 今後の計測見込み | XY5: 【「KPI未計測」の場合】 計測見込み年 | XZ5: 【「KPI未計測」の場合】 計測見込み月 | YA5: 【「KPI未計測」の場合】 今後に向けた取組 | YB5: 【初年度未設定の場合】 今後に向けた取組 | YC5: 名称 | YD5: 種別 | YE5: 単位 | YF5: 性質 | YG5: 基準年度 | YH5: 基準値 | YI5: 1年目 目標値 | YJ5: 1年目 実績値 | YK5: 達成状況 | YL5: 2年目 目標値 | YM5: 2年目 実績値 | YN5: 達成状況 | YO5: 3年目 目標値 | YP5: 3年目 実績値 | YQ5: 達成状況 | YR5: 基準値なしの理由 | YS5: 【「KPI達成」の場合】 達成のための取組内容や工夫 | YT5: 【「KPI達成」の場合】 今後に向けた取組 | YU5: 【「KPI未達成」の場合】 達成できなかった理由① | YV5: 【「KPI未達成」の場合】 達成できなかった理由② | YW5: 【「KPI未達成」の場合】 達成できなかった理由③ | YX5: 【「KPI未達成」の場合】 達成できなかった理由④ | YY5: 【「KPI未達成」の場合】 達成できなかった理由（詳細） | YZ5: 【「KPI未達成」の場合】 今後に向けた取組 | ZA5: 【「KPI未計測」の場合】 計測できなかった理由① | ZB5: 【「KPI未計測」の場合】 計測できなかった理由② | ZC5: 【「KPI未計測」の場合】 計測できなかった理由③ | ZD5: 【「KPI未計測」の場合】 計測できなかった理由④ | ZE5: 【「KPI未計測」の場合】 計測できなかった理由⑤ | ZF5: 【「KPI未計測」の場合】 計測できなかった理由（詳細） | ZG5: 【「KPI未計測」の場合】 今後の計測見込み | ZH5: 【「KPI未計測」の場合】 計測見込み年 | ZI5: 【「KPI未計測」の場合】 計測見込み月 | ZJ5: 【「KPI未計測」の場合】 今後に向けた取組 | ZK5: 【初年度未設定の場合】 今後に向けた取組 | ZL5: 名称 | ZM5: 種別 | ZN5: 単位 | ZO5: 性質 | ZP5: 基準年度 | ZQ5: 基準値 | ZR5: 1年目 目標値 | ZS5: 1年目 実績値 | ZT5: 達成状況 | ZU5: 2年目 目標値 | ZV5: 2年目 実績値 | ZW5: 達成状況 | ZX5: 3年目 目標値 | ZY5: 3年目 実績値 | ZZ5: 達成状況 | AAA5: 基準値なしの理由 | AAB5: 【「KPI達成」の場合】 達成のための取組内容や工夫 | AAC5: 【「KPI達成」の場合】 今後に向けた取組 | AAD5: 【「KPI未達成」の場合】 達成できなかった理由① | AAE5: 【「KPI未達成」の場合】 達成できなかった理由② | AAF5: 【「KPI未達成」の場合】 達成できなかった理由③ | AAG5: 【「KPI未達成」の場合】 達成できなかった理由④ | AAH5: 【「KPI未達成」の場合】 達成できなかった理由（詳細） | AAI5: 【「KPI未達成」の場合】 今後に向けた取組 | AAJ5: 【「KPI未計測」の場合】 計測できなかった理由① | AAK5: 【「KPI未計測」の場合】 計測できなかった理由② | AAL5: 【「KPI未計測」の場合】 計測できなかった理由③ | AAM5: 【「KPI未計測」の場合】 計測できなかった理由④ | AAN5: 【「KPI未計測」の場合】 計測できなかった理由⑤ | AAO5: 【「KPI未計測」の場合】 計測できなかった理由（詳細） | AAP5: 【「KPI未計測」の場合】 今後の計測見込み | AAQ5: 【「KPI未計測」の場合】 計測見込み年 | AAR5: 【「KPI未計測」の場合】 計測見込み月 | AAS5: 【「KPI未計測」の場合】 今後に向けた取組 | AAT5: 【初年度未設定の場合】 今後に向けた取組 | AAU5: 名称 | AAV5: 種別 | AAW5: 単位 | AAX5: 性質 | AAY5: 基準年度 | AAZ5: 基準値 | ABA5: 1年目 目標値 | ABB5: 1年目 実績値 | ABC5: 達成状況 | ABD5: 2年目 目標値 | ABE5: 2年目 実績値 | ABF5: 達成状況 | ABG5: 3年目 目標値 | ABH5: 3年目 実績値 | ABI5: 達成状況 | ABJ5: 基準値なしの理由 | ABK5: 【「KPI達成」の場合】 達成のための取組内容や工夫 | ABL5: 【「KPI達成」の場合】 今後に向けた取組 | ABM5: 【「KPI未達成」の場合】 達成できなかった理由① | ABN5: 【「KPI未達成」の場合】 達成できなかった理由② | ABO5: 【「KPI未達成」の場合】 達成できなかった理由③ | ABP5: 【「KPI未達成」の場合】 達成できなかった理由④ | ABQ5: 【「KPI未達成」の場合】 達成できなかった理由（詳細） | ABR5: 【「KPI未達成」の場合】 今後に向けた取組 | ABS5: 【「KPI未計測」の場合】 計測できなかった理由① | ABT5: 【「KPI未計測」の場合】 計測できなかった理由② | ABU5: 【「KPI未計測」の場合】 計測できなかった理由③ | ABV5: 【「KPI未計測」の場合】 計測できなかった理由④ | ABW5: 【「KPI未計測」の場合】 計測できなかった理由⑤ | ABX5: 【「KPI未計測」の場合】 計測できなかった理由（詳細） | ABY5: 【「KPI未計測」の場合】 今後の計測見込み | ABZ5: 【「KPI未計測」の場合】 計測見込み年 | ACA5: 【「KPI未計測」の場合】 計測見込み月 | ACB5: 【「KPI未計測」の場合】 今後に向けた取組 | ACC5: 【初年度未設定の場合】 今後に向けた取組 | ACD5: 名称 | ACE5: 種別 | ACF5: 単位 | ACG5: 性質 | ACH5: 基準年度 | ACI5: 基準値 | ACJ5: 1年目 目標値 | ACK5: 1年目 実績値 | ACL5: 達成状況 | ACM5: 2年目 目標値 | ACN5: 2年目 実績値 | ACO5: 達成状況 | ACP5: 3年目 目標値 | ACQ5: 3年目 実績値 | ACR5: 達成状況 | ACS5: 基準値なしの理由 | ACT5: 【「KPI達成」の場合】 達成のための取組内容や工夫 | ACU5: 【「KPI達成」の場合】 今後に向けた取組 | ACV5: 【「KPI未達成」の場合】 達成できなかった理由① | ACW5: 【「KPI未達成」の場合】 達成できなかった理由② | ACX5: 【「KPI未達成」の場合】 達成できなかった理由③ | ACY5: 【「KPI未達成」の場合】 達成できなかった理由④ | ACZ5: 【「KPI未達成」の場合】 達成できなかった理由（詳細） | ADA5: 【「KPI未達成」の場合】 今後に向けた取組 | ADB5: 【「KPI未計測」の場合】 計測できなかった理由① | ADC5: 【「KPI未計測」の場合】 計測できなかった理由② | ADD5: 【「KPI未計測」の場合】 計測できなかった理由③ | ADE5: 【「KPI未計測」の場合】 計測できなかった理由④ | ADF5: 【「KPI未計測」の場合】 計測できなかった理由⑤ | ADG5: 【「KPI未計測」の場合】 計測できなかった理由（詳細） | ADH5: 【「KPI未計測」の場合】 今後の計測見込み | ADI5: 【「KPI未計測」の場合】 計測見込み年 | ADJ5: 【「KPI未計測」の場合】 計測見込み月 | ADK5: 【「KPI未計測」の場合】 今後に向けた取組 | ADL5: 【初年度未設定の場合】 今後に向けた取組 | ADM5: 名称 | ADN5: 種別 | ADO5: 単位 | ADP5: 性質 | ADQ5: 基準年度 | ADR5: 基準値 | ADS5: 1年目 目標値 | ADT5: 1年目 実績値 | ADU5: 達成状況 | ADV5: 2年目 目標値 | ADW5: 2年目 実績値 | ADX5: 達成状況 | ADY5: 3年目 目標値 | ADZ5: 3年目 実績値 | AEA5: 達成状況 | AEB5: 基準値なしの理由 | AEC5: 【「KPI達成」の場合】 達成のための取組内容や工夫 | AED5: 【「KPI達成」の場合】 今後に向けた取組 | AEE5: 【「KPI未達成」の場合】 達成できなかった理由① | AEF5: 【「KPI未達成」の場合】 達成できなかった理由② | AEG5: 【「KPI未達成」の場合】 達成できなかった理由③ | AEH5: 【「KPI未達成」の場合】 達成できなかった理由④ | AEI5: 【「KPI未達成」の場合】 達成できなかった理由（詳細） | AEJ5: 【「KPI未達成」の場合】 今後に向けた取組 | AEK5: 【「KPI未計測」の場合】 計測できなかった理由① | AEL5: 【「KPI未計測」の場合】 計測できなかった理由② | AEM5: 【「KPI未計測」の場合】 計測できなかった理由③ | AEN5: 【「KPI未計測」の場合】 計測できなかった理由④ | AEO5: 【「KPI未計測」の場合】 計測できなかった理由⑤ | AEP5: 【「KPI未計測」の場合】 計測できなかった理由（詳細） | AEQ5: 【「KPI未計測」の場合】 今後の計測見込み | AER5: 【「KPI未計測」の場合】 計測見込み年 | AES5: 【「KPI未計測」の場合】 計測見込み月 | AET5: 【「KPI未計測」の場合】 今後に向けた取組 | AEU5: 【初年度未設定の場合】 今後に向けた取組 | AHL5: 実施計画策定時に想定していたサービス実装年月 | AHN5: 実際のサービス実装年月 | AKO5: KPI達成個数割合 | AKP5: KPI設定個数 | AKQ5: KPI達成個数 | ANP5: 8-3
FU6: {='0.基礎情報'!R70:X70} -> 12193 | FV6: 0 | FW6: 0 | FX6: 0 | FY6: 0 | FZ6: 0 | GA6: 0 | AEX6: a | AEY6: b | AEZ6: c | AFA6: d | AFB6: e | AFC6: f | AFD6: その他の部課等（例：福祉課、観光課） | AFE6: a | AFF6: b | AFG6: c | AFH6: d | AFI6: e | AFJ6: f | AFM6: a | AFN6: b | AFO6: c | AFP6: d | AFQ6: e | AFR6: f | AFV6: a | AFW6: b | AFX6: c | AFY6: d | AFZ6: e | AGA6: f | AGB6: g | AGC6: h | AGD6: その他の内容 | AGK6: a | AGL6: b | AGM6: c | AGN6: d | AGO6: e | AGP6: f | AGQ6: その他の遅延理由 | AGS6: その他の契約形態 | AGV6: 選定できなかったことにより生じた課題 | AGW6: 反省点 | AHB6: a | AHC6: b | AHD6: c | AHE6: d | AHF6: e | AHG6: f | AHH6: g | AHI6: h | AHJ6: i | AHK6: その他の遅延理由 | AHL6: 年 | AHM6: 月 | AHN6: 年 | AHO6: 月 | AHQ6: a | AHR6: b | AHS6: c | AHT6: d | AHU6: e | AHV6: f | AHW6: g | AHX6: その他の内容 | AIE6: a | AIF6: b | AIG6: c | AIH6: d | AII6: e | AIJ6: f | AIK6: その他の内容 | AIN6: a | AIO6: b | AIP6: c | AIQ6: d | AIR6: e | AIS6: f | AIT6: g | AIU6: その他の関係者 | AIV6: a | AIW6: b | AIX6: c | AIY6: d | AIZ6: e | AJA6: f | AJB6: g | AJC6: その他の情報発信媒体 | AJF6: a | AJG6: b | AJH6: c | AJI6: d | AJJ6: e | AJK6: f | AJL6: その他の内容 | AJN6: a | AJO6: b | AJP6: c | AJQ6: d | AJR6: e | AJS6: f | AJT6: g | AJU6: その他の情報 | AJV6: a | AJW6: b | AJX6: c | AJY6: d | AJZ6: e | AKB6: a | AKC6: b | AKD6: c | AKF6: a | AKG6: b | AKH6: c | AKI6: d | AKJ6: e | AKK6: f | AKL6: g | AKM6: その他の内容 | AKR6: 名称(1) | AKS6: 達成状況(1) | AKT6: 外部要因(1) | AKU6: 内部要因(1) | AKV6: 名称(2) | AKW6: 達成状況(2) | AKX6: 外部要因(2) | AKY6: 内部要因(2) | AKZ6: 名称(3) | ALA6: 達成状況(3) | ALB6: 外部要因(3) | ALC6: 内部要因(3) | ALD6: 名称(4) | ALE6: 達成状況(4) | ALF6: 外部要因(4) | ALG6: 内部要因(4) | ALH6: 名称(5) | ALI6: 達成状況(5) | ALJ6: 外部要因(5) | ALK6: 内部要因(5) | ALL6: 名称(6) | ALM6: 達成状況(6) | ALN6: 外部要因(6) | ALO6: 内部要因(6) | ALP6: 名称(7) | ALQ6: 達成状況(7) | ALR6: 外部要因(7) | ALS6: 内部要因(7) | ALT6: 名称(8) | ALU6: 達成状況(8) | ALV6: 外部要因(8) | ALW6: 内部要因(8) | ALX6: 名称(9) | ALY6: 達成状況(9) | ALZ6: 外部要因(9) | AMA6: 内部要因(9) | AMB6: 名称(10) | AMC6: 達成状況(10) | AMD6: 外部要因(10) | AME6: 内部要因(10) | AMF6: 名称(11) | AMG6: 達成状況(11) | AMH6: 外部要因(11) | AMI6: 内部要因(11) | AMJ6: 名称(12) | AMK6: 達成状況(12) | AML6: 外部要因(12) | AMM6: 内部要因(12) | AMN6: 名称(13) | AMO6: 達成状況(13) | AMP6: 外部要因(13) | AMQ6: 内部要因(13) | AMR6: 名称(14) | AMS6: 達成状況(14) | AMT6: 外部要因(14) | AMU6: 内部要因(14) | AMV6: 名称(15) | AMW6: 達成状況(15) | AMX6: 外部要因(15) | AMY6: 内部要因(15) | AMZ6: 投入総金額(千円) | ANA6: サービス利用者 | ANB6: サービス提供者 | ANC6: サービス利用者（選択欄） | AND6: サービス利用者（記述欄） | ANE6: サービス提供者（選択欄） | ANF6: サービス提供者（記述欄） | ANG6: サービス利用者 | ANH6: サービス提供者 | ANJ6: 選択欄 | ANK6: 理由 | ANL6: 選択欄 | ANM6: 理由 | ANP6: 実装計画期間に実装できていない
